Workbook

Sheet 正常测算
B1: 融资租赁租金及收益测算表-等期 | H1: 人民币电汇 | I1: =IF(DATE(YEAR(A12),MONTH(A12)+12/$E$7+1,DAY(1))-1<DATE(YEAR(A12),MONTH(A12)+12/$E$7,DAY($A$12)),DATE(YEAR(A12),MONTH(A12)+12/$E$7+1,DAY(1))-1,DATE(YEAR(A12),MONTH(A12)+12/$E$7,DAY($A$12))) -> 42338 | J1: 明示利率 | K1: 等额本金 | L1: 先付 | M1: 不等额租金 | N1: 等额租金
A2: 调息方式 | B2: 利率表现方式 | C2: 隐含利率 | D2: 租金计算方式 | E2: 等额租金 | F2: 租金偿还方式 | G2: 后付 | H2: No.20120830 | J2: =IF(C2="明示利率",1,0) -> 0 | K2: =IF(E2="等额本金",1,0) -> 0 | L2: =IF(G2="先付",1,0) -> 0 | M2: =IF(E2="不等额租金",1,0) -> 0 | N2: =IF(E2="等额租金",1,0) -> 1 | O2: 首次使用此表请在“工具”菜单上，单击“加载宏”,在列表中勾选“分析工具库”，单击“确定”。 | Q2: 融资金额 | R2: 平息利息
A3: =IF(AND(J2=1,N2=1),"明示利率等额租金",IF(AND(J2=1,K2=1),"明示利率等额本金",IF(AND(J2=0,N2=1),"按金额调息",IF(M2=1,"按金额调息","逻辑错误")))) -> 按金额调息 | B3: 项目存续收入 | C3: =IF(ISERROR(I4),0,I4) -> -10690.071 | D3: 项目存续占用 | E3: =IF(ISERROR(J4),0,J4) -> 4388.4292 | F3: 项目存续TCR | G3: =IF(AND(C3>0,E3<=0),100%,IF(AND(C3=0,E3=0),0%,C3/E3)) -> -2.4359676 | H3: 总收益 | I3: 存续收入 | J3: 存续占用 | K3: 首期租金日 | L3: 末期租金日 | M3: 按金额调息 | N3: 按比例调息 | Q3: =C5-C6 -> 100000000 | R3: 0.07 | S3: 常规先付 | T3: =XIRR(OFFSET(G12,1,0,E5*E7,1),OFFSET(A12,1,0,E5*E7,1),0.01) -> #NUM!
A4: =IF(AND(J2=1,K2=1),"等额不等额本金亦适用","") | B4: 累计存续收入 | D4: 累计存续占用 | F4: 累计存续TCR | G4: =IF(AND(C3>0,E3<=0),100%,IF(AND(C3=0,E3=0),0%,(C3+C4)/(E3+E4))) -> -2.4359676 | H4: =SUM(G$12:G$134) -> -99327776 | I4: =I9/10000 -> -10690.071 | J4: =I10/10000 -> 4388.4292 | K4: =A13 -> 42338 | L4: =OFFSET(B12,MATCH(E5*E7,B13:B134,1),-1,1,1) -> 42520 | M4: =IF(A3="按金额调息",1,0) -> 1 | N4: =IF(A3="按比例调息",1,0) -> 0 | Q4: 平息测算 | R4: 平均租金 | S4: 常规后付 | T4: =XIRR(OFFSET(G12,0,0,E5*E7+1,1),OFFSET(A12,0,0,E5*E7+1,1),0.01) -> -0.99637976
A5: 租金收入总额 | B5: 项目总额 | C5: 100000000 | D5: 租期（年） | E5: 1 | F5: 返点收入 | H5: 总资金占用 | I5: 第2年 | J5: 第3年 | K5: 第4年 | L5: 第5年 | M5: 第6年 | N5: 第7年 | O5: 租金总额（含首付款） | P5: =$A$6+$C$6 -> 672224 | Q5: =A8/Q3/E5 -> 0.13217911 | R5: =(R3*Q3*E5+Q3)/(E5*E7) -> 53500000 | S5: 修正XIRR | T5: =IF(ISERROR(XIRR(OFFSET(T10,1,0,E5*E7+2,1),OFFSET(S10,1,0,E5*E7+2,1),0.01)),100%,XIRR(OFFSET(T10,1,0,E5*E7+2,1),OFFSET(S10,1,0,E5*E7+2,1),0.01)) -> -0.99637976
A6: =SUM($C$13:$C$134) -> 672224 | B6: 首付款 | C6: 0 | D6: 年利率 | E6: 0.12828071 | F6: 利息补贴 | H6: =SUM(J13:J134) -> 1.0330461e+08 | I6: =IF(ISERROR(I9-J9),0,(I9-J9)) -> 5644973.9 | J6: =IF(ISERROR(J9-K9),0,(J9-K9)) -> 0 | K6: =IF(ISERROR(K9-L9),0,(K9-L9)) -> 0 | L6: =IF(ISERROR(L9-M9),0,(L9-M9)) -> 0 | M6: =IF(ISERROR(M9-N9),0,(M9-N9)) -> 0 | N6: =IF(ISERROR(N9-0),0,(N9-0)) -> -1.1254569e+08 | O6: 1、请正确选择交易结构
A7: =IF(AND(A10<>C5-C6-C8+C9,K2=0),"请修正末期利息","利息收入总额") -> 请修正末期利息 | B7: 保证金 | C7: 0 | D7: 年还租次数 | E7: 2 | F7: 服务费收入 | H7: TCR | I7: =IF(ISERROR(I10-J10),0,(I10-J10)) -> 43884292 | J7: =IF(ISERROR(J10-K10),0,(J10-K10)) -> 0 | K7: =IF(ISERROR(K10-L10),0,(K10-L10)) -> 0 | L7: =IF(ISERROR(L10-M10),0,(L10-M10)) -> 0 | M7: =IF(ISERROR(M10-N10),0,(M10-N10)) -> 0 | N7: =IF(ISERROR(N10-0),0,(N10-0)) -> 0 | O7: 2、合理预计起租日 | S7: 概算IRR | T7: =IF(E8="","",IRR(G12:G134,0.01)*E7) -> -1.8806398
A8: =SUM($D$13:$D$134) -> 13217911 | B8: 资产余值 | D8: 每期租金 | E8: =IF(E7="","",IF(K2=1,ROUND((F$12-C$8)/(E$5*E$7),2),ROUND(-PMT(E$6/E$7,E$5*E$7,F$12,-C$8,L2),2))) -> 54860354 | F8: 管理费收入 | H8: =IF(C5="","",IF(OR(ISERROR($H$4/$H$6),$H$4/$H$6>100%,$H$4/$H$6<0),"100.00%",($H$4/H$6))) -> 100.00% | I8: =IF(I7=0,0,I6/I7) -> 0.12863313 | J8: =IF(J7=0,0,J6/J7) -> 0 | K8: =IF(K7=0,0,K6/K7) -> 0 | L8: =IF(L7=0,0,L6/L7) -> 0 | M8: =IF(M7=0,0,M6/M7) -> 0 | N8: =IF(N7=0,0,N6/N7) -> 0 | O8: 3、公式如被破坏请下载清洁版 | S8: 差额 | T8: =H10-T7 -> 2.8806398
A9: =IF(AND(A10<>C5-C6-C8+C9,K2=1),"请修正末期本金","回收成本总额") -> 回收成本总额 | B9: 考核调整 | D9: 租前息 | F9: 其他收入 | H9: XIRR | I9: =H4-OFFSET(K12,MATCH(N12,N12:N134,1)-1,1,1,1) -> -1.0690071e+08 | J9: =H4-OFFSET(K12,MATCH(N12+1,N13:N134,1),1,1,1) -> -1.1254569e+08 | K9: =H4-OFFSET(K12,MATCH(N12+2,N13:N134,1),1,1,1) -> -1.1254569e+08 | L9: =H4-OFFSET(K12,MATCH(N12+3,N13:N134,1),1,1,1) -> -1.1254569e+08 | M9: =H4-OFFSET(K12,MATCH(N12+4,N13:N134,1),1,1,1) -> -1.1254569e+08 | N9: =H4-OFFSET(K12,MATCH(N12+5,N13:N134,1),1,1,1) -> -1.1254569e+08 | O9: 4、请勿删行或删列
A10: =SUM($E$13:$E$134) -> -12545687 | B10: 其他支出 | D10: 起租日 | E10: 42154 | F10: 残值收入 | G10: 0 | H10: =IF(C5="","",IF(OR(T5<0,T5>100%),100%,T5)) -> 1 | I10: =H6-OFFSET(K12,MATCH(N12,N12:N134,1)-1,0,1,1) -> 43884292 | J10: =H6-OFFSET(K12,MATCH(N12+1,N13:N134,1),0,1,1) -> 0 | K10: =H6-OFFSET(K12,MATCH(N12+2,N13:N134,1),0,1,1) -> 0 | L10: =H6-OFFSET(K12,MATCH(N12+3,N13:N134,1),0,1,1) -> 0 | M10: =H6-OFFSET(K12,MATCH(N12+4,N13:N134,1),0,1,1) -> 0 | N10: =H6-OFFSET(K12,MATCH(N12+5,N13:N134,1),0,1,1) -> 0 | S10: 修正租金日 | T10: 修正现金流量
A11: 租金日 | B11: 租金期次 | C11: 租金收入 | D11: 利息收入 | E11: 回收成本 | F11: 未回收成本 | G11: 现金流量 | H11: =IF(SUM(H12:H134)<>0,"请填写完整","现金流量调整") -> 现金流量调整 | I11: =IF(I10=0,0,I9/I10) -> -2.4359676 | J11: =IF(J10=0,0,J9/J10) -> 0 | K11: =IF(K10=0,0,K9/K10) -> 0 | L11: =IF(L10=0,0,L9/L10) -> 0 | M11: =IF(M10=0,0,M9/M10) -> 0 | N11: =IF(N10=0,0,N9/N10) -> 0 | O11: =IF(C5="","",IF(AND(O14=0,P14=0),"","基准利率每调整10个基点")) -> 基准利率每调整10个基点 | R11: =IF(SUM(R12:R134)<>0,"请填写完整","现金流量调整2") -> 现金流量调整2 | S11: =A12 -> 42154 | T11: =IF(L2=1,G12-H12-R12,-C5+C6+C7-C10+G5+G6+G7+G8+G9) -> -100000000
A12: =E10 -> 42154 | F12: =C$5-C$6+C9 -> 100000000 | G12: =-C5+C6+C7-C10+G5+G6+G7+G8+G9+H12+R12 -> -100000000 | I12: =IF(A13="","",F12-$C$7-H12) -> 100000000 | J12: 36891 | K12: =IF(M12="","",IF(B13="","",SUM($J13*(M12-A12)/(A13-A12)))) | L12: =IF(M12="","",IF(B13="","",SUM(R12,$G$5:$G$10,$D13*(M12-A12)/(A13-A12),$C$9,-C10))) | M12: =IF(N12=N13,"",IF(A13="",A12,DATE(YEAR(A12),MONTH(J12),DAY(J12)))) | N12: =IF(E10="","",YEAR(A12)) -> 2015 | O12: =IF(M4=1,"租金增减金额","") -> 租金增减金额 | P12: =IF(N4=1,"租金调整比例","") | S12: =A12 -> 42154 | T12: =IF(L2=1,-(-H12-R12),H12+R12) -> 0
A13: =IF(L2=1,A12,(IF(B13<=($E$5*$E$7),IF(DATE(YEAR(A12),MONTH(A12)+12/$E$7+1,DAY(1))-1<DATE(YEAR(A12),MONTH(A12)+12/$E$7,DAY($A$12)),DATE(YEAR(A12),MONTH(A12)+12/$E$7+1,DAY(1))-1,DATE(YEAR(A12),MONTH(A12)+12/$E$7,DAY($A$12))),""))) -> 42338 | B13: =IF(E7="","",1) -> 1 | C13: 336112 | D13: =IF($E$7="","",IF($L$2=1,0,ROUND(F12*E$6/E$7,2))) -> 6414035.6 | E13: =IF(C5="","",IF(B13="","",IF(K2=1,ROUND($E$8,2),ROUND(C13-D13,2)))) -> -6077923.6 | F13: =IF(B13="","",F12-E13) -> 1.0607792e+08 | G13: =IF(C13="","",IF(L2=1,IF(SUM(C14:C$134)=0,C13-C7+C8+G10+H13+R13,C13+H13+R13),IF(SUM(C14:C134)=0,C13-C7+C8+G10+H13+R13,C13+H13+R13))) -> 336112 | I13: =IF(A14="","",I12-E13-H13) -> 1.0607792e+08 | J13: =IF(I12="","",I12*(A13-A12)/365) -> 50410959 | K13: =IF(M13="","",IF(B14="",SUM($J$13:$J13),SUM($J$13:$J13,$J14*(M13-A13)/(A14-A13)))) -> 59420317 | L13: =IF(M13="","",IF(B14="",SUM($D$13:$D13,$R$12:$R13,$G$5:$G$10,$C$9,-$C$10),SUM($D$13:$D13,$R$12:$R13,$G$5:$G$10,$D14*(M13-A13)/(A14-A13),$C$9,-$C$10))) -> 7572937.5 | M13: =IF(N13=N14,"",IF(A14="",A13,DATE(YEAR(A13),MONTH($J$12),DAY($J$12)))) -> 42369 | N13: =IF(A13="","",YEAR(A13)) -> 2015 | O13: =IF(B13="","",0) -> 0 | P13: =IF(B13="","",0) -> 0 | S13: =A13 -> 42338 | T13: =G13 -> 336112
A14: =IF(B14<=($E$5*$E$7),IF(DATE(YEAR(A13),MONTH(A13)+12/$E$7+1,DAY(1))-1<DATE(YEAR(A13),MONTH(A13)+12/$E$7,DAY($A$12)),DATE(YEAR(A13),MONTH(A13)+12/$E$7+1,DAY(1))-1,DATE(YEAR(A13),MONTH(A13)+12/$E$7,DAY($A$12))),"") -> 42520 | B14: =IF($E$5*$E$7<2,"",2) -> 2 | C14: =IF(B14="","",IF($K$2=1,ROUND(D14+E14,2),ROUND(C13,2))) -> 336112 | D14: =IF(B14="","",ROUND(F13*E$6/E$7,2)) -> 6803875.8 | E14: =IF(B14="","",IF($K$2=1,ROUND(E13,2),ROUND(C14-D14,2))) -> -6467763.8 | F14: =IF(B14="","",F13-E14) -> 1.1254569e+08 | G14: =IF(C14="","",IF(SUM(C15:C$134)=0,C14-C$7+C$8+G$10+H14+R14,C14+H14+R14)) -> 336112 | I14: =IF(A15="","",I13-E14-H14) | J14: =IF(I13="","",I13*(A14-A13)/365) -> 52893650 | K14: =IF(M14="","",IF(B15="",SUM($J$13:$J14),SUM($J$13:$J14,$J15*(M14-A14)/(A15-A14)))) -> 1.0330461e+08 | L14: =IF(M14="","",IF(B15="",SUM($D$13:$D14,$R$12:$R14,$G$5:$G$10,$C$9,-$C$10),SUM($D$13:$D14,$R$12:$R14,$G$5:$G$10,$D15*(M14-A14)/(A15-A14),$C$9,-$C$10))) -> 13217911 | M14: =IF(N14=N15,"",IF(A15="",A14,DATE(YEAR(A14),MONTH($J$12),DAY($J$12)))) -> 42520 | N14: =IF(A14="","",YEAR(A14)) -> 2016 | O14: =IF(B14="","",IF($M$4=1,ROUND(-PMT((E$6+0.001)/E$7,(E$5*E$7-B13),F13,-C$8,0)-C14,2),0)) -> 1.1259873e+08 | P14: =IF(B14="","",IF($N$4=1,ROUND(F13*0.001*DAYS360(A13,A14,1)/360/C14,6),0)) -> 0 | S14: =A14 -> 42520 | T14: =G14 -> 336112
A15: =IF(B15<=($E$5*$E$7),IF(DATE(YEAR(A14),MONTH(A14)+12/$E$7+1,DAY(1))-1<DATE(YEAR(A14),MONTH(A14)+12/$E$7,DAY($A$12)),DATE(YEAR(A14),MONTH(A14)+12/$E$7+1,DAY(1))-1,DATE(YEAR(A14),MONTH(A14)+12/$E$7,DAY($A$12))),"") | B15: =IF($E$5*$E$7<3,"",3) | C15: =IF(B15="","",IF($K$2=1,ROUND(D15+E15,2),ROUND(C14,2))) | D15: =IF(B15="","",ROUND(F14*E$6/E$7,2)) | E15: =IF(B15="","",IF($K$2=1,ROUND(E14,2),ROUND(C15-D15,2))) | F15: =IF(B15="","",F14-E15) | G15: =IF(C15="","",IF(SUM(C16:C$134)=0,C15-C$7+C$8+G$10+H15+R15,C15+H15+R15)) | I15: =IF(A16="","",I14-E15-H15) | J15: =IF(I14="","",I14*(A15-A14)/365) | K15: =IF(M15="","",IF(B16="",SUM($J$13:$J15),SUM($J$13:$J15,$J16*(M15-A15)/(A16-A15)))) | L15: =IF(M15="","",IF(B16="",SUM($D$13:$D15,$R$12:$R15,$G$5:$G$10,$C$9,-$C$10),SUM($D$13:$D15,$R$12:$R15,$G$5:$G$10,$D16*(M15-A15)/(A16-A15),$C$9,-$C$10))) | M15: =IF(N15=N16,"",IF(A16="",A15,DATE(YEAR(A15),MONTH($J$12),DAY($J$12)))) | N15: =IF(A15="","",YEAR(A15)) | O15: =IF(B15="","",IF($M$4=1,ROUND(-PMT((E$6+0.001)/E$7,(E$5*E$7-B14),F14,-C$8,0)-C15,2),0)) | P15: =IF(B15="","",IF($N$4=1,ROUND(F14*0.001*DAYS360(A14,A15,1)/360/C15,6),0)) | S15: =A15 | T15: =G15
A16: =IF(B16<=($E$5*$E$7),IF(DATE(YEAR(A15),MONTH(A15)+12/$E$7+1,DAY(1))-1<DATE(YEAR(A15),MONTH(A15)+12/$E$7,DAY($A$12)),DATE(YEAR(A15),MONTH(A15)+12/$E$7+1,DAY(1))-1,DATE(YEAR(A15),MONTH(A15)+12/$E$7,DAY($A$12))),"") | B16: =IF($E$5*$E$7<4,"",4) | C16: =IF(B16="","",IF($K$2=1,ROUND(D16+E16,2),ROUND(C15,2))) | D16: =IF(B16="","",ROUND(F15*E$6/E$7,2)) | E16: =IF(B16="","",IF($K$2=1,ROUND(E15,2),ROUND(C16-D16,2))) | F16: =IF(B16="","",F15-E16) | G16: =IF(C16="","",IF(SUM(C17:C$134)=0,C16-C$7+C$8+G$10+H16+R16,C16+H16+R16)) | I16: =IF(A17="","",I15-E16-H16) | J16: =IF(I15="","",I15*(A16-A15)/365) | K16: =IF(M16="","",IF(B17="",SUM($J$13:$J16),SUM($J$13:$J16,$J17*(M16-A16)/(A17-A16)))) | L16: =IF(M16="","",IF(B17="",SUM($D$13:$D16,$R$12:$R16,$G$5:$G$10,$C$9,-$C$10),SUM($D$13:$D16,$R$12:$R16,$G$5:$G$10,$D17*(M16-A16)/(A17-A16),$C$9,-$C$10))) | M16: =IF(N16=N17,"",IF(A17="",A16,DATE(YEAR(A16),MONTH($J$12),DAY($J$12)))) | N16: =IF(A16="","",YEAR(A16)) | O16: =IF(B16="","",IF($M$4=1,ROUND(-PMT((E$6+0.001)/E$7,(E$5*E$7-B15),F15,-C$8,0)-C16,2),0)) | P16: =IF(B16="","",IF($N$4=1,ROUND(F15*0.001*DAYS360(A15,A16,1)/360/C16,6),0)) | S16: =A16 | T16: =G16
A17: =IF(B17<=($E$5*$E$7),IF(DATE(YEAR(A16),MONTH(A16)+12/$E$7+1,DAY(1))-1<DATE(YEAR(A16),MONTH(A16)+12/$E$7,DAY($A$12)),DATE(YEAR(A16),MONTH(A16)+12/$E$7+1,DAY(1))-1,DATE(YEAR(A16),MONTH(A16)+12/$E$7,DAY($A$12))),"") | B17: =IF($E$5*$E$7<5,"",5) | C17: =IF(B17="","",IF($K$2=1,ROUND(D17+E17,2),ROUND(C16,2))) | D17: =IF(B17="","",ROUND(F16*E$6/E$7,2)) | E17: =IF(B17="","",IF($K$2=1,ROUND(E16,2),ROUND(C17-D17,2))) | F17: =IF(B17="","",F16-E17) | G17: =IF(C17="","",IF(SUM(C18:C$134)=0,C17-C$7+C$8+G$10+H17+R17,C17+H17+R17)) | I17: =IF(A18="","",I16-E17-H17) | J17: =IF(I16="","",I16*(A17-A16)/365) | K17: =IF(M17="","",IF(B18="",SUM($J$13:$J17),SUM($J$13:$J17,$J18*(M17-A17)/(A18-A17)))) | L17: =IF(M17="","",IF(B18="",SUM($D$13:$D17,$R$12:$R17,$G$5:$G$10,$C$9,-$C$10),SUM($D$13:$D17,$R$12:$R17,$G$5:$G$10,$D18*(M17-A17)/(A18-A17),$C$9,-$C$10))) | M17: =IF(N17=N18,"",IF(A18="",A17,DATE(YEAR(A17),MONTH($J$12),DAY($J$12)))) | N17: =IF(A17="","",YEAR(A17)) | O17: =IF(B17="","",IF($M$4=1,ROUND(-PMT((E$6+0.001)/E$7,(E$5*E$7-B16),F16,-C$8,0)-C17,2),0)) | P17: =IF(B17="","",IF($N$4=1,ROUND(F16*0.001*DAYS360(A16,A17,1)/360/C17,6),0)) | S17: =A17 | T17: =G17
A18: =IF(B18<=($E$5*$E$7),IF(DATE(YEAR(A17),MONTH(A17)+12/$E$7+1,DAY(1))-1<DATE(YEAR(A17),MONTH(A17)+12/$E$7,DAY($A$12)),DATE(YEAR(A17),MONTH(A17)+12/$E$7+1,DAY(1))-1,DATE(YEAR(A17),MONTH(A17)+12/$E$7,DAY($A$12))),"") | B18: =IF($E$5*$E$7<6,"",6) | C18: =IF(B18="","",IF($K$2=1,ROUND(D18+E18,2),ROUND(C17,2))) | D18: =IF(B18="","",ROUND(F17*E$6/E$7,2)) | E18: =IF(B18="","",IF($K$2=1,ROUND(E17,2),ROUND(C18-D18,2))) | F18: =IF(B18="","",F17-E18) | G18: =IF(C18="","",IF(SUM(C19:C$134)=0,C18-C$7+C$8+G$10+H18+R18,C18+H18+R18)) | I18: =IF(A19="","",I17-E18-H18) | J18: =IF(I17="","",I17*(A18-A17)/365) | K18: =IF(M18="","",IF(B19="",SUM($J$13:$J18),SUM($J$13:$J18,$J19*(M18-A18)/(A19-A18)))) | L18: =IF(M18="","",IF(B19="",SUM($D$13:$D18,$R$12:$R18,$G$5:$G$10,$C$9,-$C$10),SUM($D$13:$D18,$R$12:$R18,$G$5:$G$10,$D19*(M18-A18)/(A19-A18),$C$9,-$C$10))) | M18: =IF(N18=N19,"",IF(A19="",A18,DATE(YEAR(A18),MONTH($J$12),DAY($J$12)))) | N18: =IF(A18="","",YEAR(A18)) | O18: =IF(B18="","",IF($M$4=1,ROUND(-PMT((E$6+0.001)/E$7,(E$5*E$7-B17),F17,-C$8,0)-C18,2),0)) | P18: =IF(B18="","",IF($N$4=1,ROUND(F17*0.001*DAYS360(A17,A18,1)/360/C18,6),0)) | S18: =A18 | T18: =G18
A19: =IF(B19<=($E$5*$E$7),IF(DATE(YEAR(A18),MONTH(A18)+12/$E$7+1,DAY(1))-1<DATE(YEAR(A18),MONTH(A18)+12/$E$7,DAY($A$12)),DATE(YEAR(A18),MONTH(A18)+12/$E$7+1,DAY(1))-1,DATE(YEAR(A18),MONTH(A18)+12/$E$7,DAY($A$12))),"") | B19: =IF($E$5*$E$7<7,"",7) | C19: =IF(B19="","",IF($K$2=1,ROUND(D19+E19,2),ROUND(C18,2))) | D19: =IF(B19="","",ROUND(F18*E$6/E$7,2)) | E19: =IF(B19="","",IF($K$2=1,ROUND(E18,2),ROUND(C19-D19,2))) | F19: =IF(B19="","",F18-E19) | G19: =IF(C19="","",IF(SUM(C20:C$134)=0,C19-C$7+C$8+G$10+H19+R19,C19+H19+R19)) | I19: =IF(A20="","",I18-E19-H19) | J19: =IF(I18="","",I18*(A19-A18)/365) | K19: =IF(M19="","",IF(B20="",SUM($J$13:$J19),SUM($J$13:$J19,$J20*(M19-A19)/(A20-A19)))) | L19: =IF(M19="","",IF(B20="",SUM($D$13:$D19,$R$12:$R19,$G$5:$G$10,$C$9,-$C$10),SUM($D$13:$D19,$R$12:$R19,$G$5:$G$10,$D20*(M19-A19)/(A20-A19),$C$9,-$C$10))) | M19: =IF(N19=N20,"",IF(A20="",A19,DATE(YEAR(A19),MONTH($J$12),DAY($J$12)))) | N19: =IF(A19="","",YEAR(A19)) | O19: =IF(B19="","",IF($M$4=1,ROUND(-PMT((E$6+0.001)/E$7,(E$5*E$7-B18),F18,-C$8,0)-C19,2),0)) | P19: =IF(B19="","",IF($N$4=1,ROUND(F18*0.001*DAYS360(A18,A19,1)/360/C19,6),0)) | S19: =A19 | T19: =G19
A20: =IF(B20<=($E$5*$E$7),IF(DATE(YEAR(A19),MONTH(A19)+12/$E$7+1,DAY(1))-1<DATE(YEAR(A19),MONTH(A19)+12/$E$7,DAY($A$12)),DATE(YEAR(A19),MONTH(A19)+12/$E$7+1,DAY(1))-1,DATE(YEAR(A19),MONTH(A19)+12/$E$7,DAY($A$12))),"") | B20: =IF($E$5*$E$7<8,"",8) | C20: =IF(B20="","",IF($K$2=1,ROUND(D20+E20,2),ROUND(C19,2))) | D20: =IF(B20="","",ROUND(F19*E$6/E$7,2)) | E20: =IF(B20="","",IF($K$2=1,ROUND(E19,2),ROUND(C20-D20,2))) | F20: =IF(B20="","",F19-E20) | G20: =IF(C20="","",IF(SUM(C21:C$134)=0,C20-C$7+C$8+G$10+H20+R20,C20+H20+R20)) | I20: =IF(A21="","",I19-E20-H20) | J20: =IF(I19="","",I19*(A20-A19)/365) | K20: =IF(M20="","",IF(B21="",SUM($J$13:$J20),SUM($J$13:$J20,$J21*(M20-A20)/(A21-A20)))) | L20: =IF(M20="","",IF(B21="",SUM($D$13:$D20,$R$12:$R20,$G$5:$G$10,$C$9,-$C$10),SUM($D$13:$D20,$R$12:$R20,$G$5:$G$10,$D21*(M20-A20)/(A21-A20),$C$9,-$C$10))) | M20: =IF(N20=N21,"",IF(A21="",A20,DATE(YEAR(A20),MONTH($J$12),DAY($J$12)))) | N20: =IF(A20="","",YEAR(A20)) | O20: =IF(B20="","",IF($M$4=1,ROUND(-PMT((E$6+0.001)/E$7,(E$5*E$7-B19),F19,-C$8,0)-C20,2),0)) | P20: =IF(B20="","",IF($N$4=1,ROUND(F19*0.001*DAYS360(A19,A20,1)/360/C20,6),0)) | S20: =A20 | T20: =G20
A21: =IF(B21<=($E$5*$E$7),IF(DATE(YEAR(A20),MONTH(A20)+12/$E$7+1,DAY(1))-1<DATE(YEAR(A20),MONTH(A20)+12/$E$7,DAY($A$12)),DATE(YEAR(A20),MONTH(A20)+12/$E$7+1,DAY(1))-1,DATE(YEAR(A20),MONTH(A20)+12/$E$7,DAY($A$12))),"") | B21: =IF($E$5*$E$7<9,"",9) | C21: =IF(B21="","",IF($K$2=1,ROUND(D21+E21,2),ROUND(C20,2))) | D21: =IF(B21="","",ROUND(F20*E$6/E$7,2)) | E21: =IF(B21="","",IF($K$2=1,ROUND(E20,2),ROUND(C21-D21,2))) | F21: =IF(B21="","",F20-E21) | G21: =IF(C21="","",IF(SUM(C22:C$134)=0,C21-C$7+C$8+G$10+H21+R21,C21+H21+R21)) | I21: =IF(A22="","",I20-E21-H21) | J21: =IF(I20="","",I20*(A21-A20)/365) | K21: =IF(M21="","",IF(B22="",SUM($J$13:$J21),SUM($J$13:$J21,$J22*(M21-A21)/(A22-A21)))) | L21: =IF(M21="","",IF(B22="",SUM($D$13:$D21,$R$12:$R21,$G$5:$G$10,$C$9,-$C$10),SUM($D$13:$D21,$R$12:$R21,$G$5:$G$10,$D22*(M21-A21)/(A22-A21),$C$9,-$C$10))) | M21: =IF(N21=N22,"",IF(A22="",A21,DATE(YEAR(A21),MONTH($J$12),DAY($J$12)))) | N21: =IF(A21="","",YEAR(A21)) | O21: =IF(B21="","",IF($M$4=1,ROUND(-PMT((E$6+0.001)/E$7,(E$5*E$7-B20),F20,-C$8,0)-C21,2),0)) | P21: =IF(B21="","",IF($N$4=1,ROUND(F20*0.001*DAYS360(A20,A21,1)/360/C21,6),0)) | S21: =A21 | T21: =G21
A22: =IF(B22<=($E$5*$E$7),IF(DATE(YEAR(A21),MONTH(A21)+12/$E$7+1,DAY(1))-1<DATE(YEAR(A21),MONTH(A21)+12/$E$7,DAY($A$12)),DATE(YEAR(A21),MONTH(A21)+12/$E$7+1,DAY(1))-1,DATE(YEAR(A21),MONTH(A21)+12/$E$7,DAY($A$12))),"") | B22: =IF($E$5*$E$7<10,"",10) | C22: =IF(B22="","",IF($K$2=1,ROUND(D22+E22,2),ROUND(C21,2))) | D22: =IF(B22="","",ROUND(F21*E$6/E$7,2)) | E22: =IF(B22="","",IF($K$2=1,ROUND(E21,2),ROUND(C22-D22,2))) | F22: =IF(B22="","",F21-E22) | G22: =IF(C22="","",IF(SUM(C23:C$134)=0,C22-C$7+C$8+G$10+H22+R22,C22+H22+R22)) | I22: =IF(A23="","",I21-E22-H22) | J22: =IF(I21="","",I21*(A22-A21)/365) | K22: =IF(M22="","",IF(B23="",SUM($J$13:$J22),SUM($J$13:$J22,$J23*(M22-A22)/(A23-A22)))) | L22: =IF(M22="","",IF(B23="",SUM($D$13:$D22,$R$12:$R22,$G$5:$G$10,$C$9,-$C$10),SUM($D$13:$D22,$R$12:$R22,$G$5:$G$10,$D23*(M22-A22)/(A23-A22),$C$9,-$C$10))) | M22: =IF(N22=N23,"",IF(A23="",A22,DATE(YEAR(A22),MONTH($J$12),DAY($J$12)))) | N22: =IF(A22="","",YEAR(A22)) | O22: =IF(B22="","",IF($M$4=1,ROUND(-PMT((E$6+0.001)/E$7,(E$5*E$7-B21),F21,-C$8,0)-C22,2),0)) | P22: =IF(B22="","",IF($N$4=1,ROUND(F21*0.001*DAYS360(A21,A22,1)/360/C22,6),0)) | S22: =A22 | T22: =G22
A23: =IF(B23<=($E$5*$E$7),IF(DATE(YEAR(A22),MONTH(A22)+12/$E$7+1,DAY(1))-1<DATE(YEAR(A22),MONTH(A22)+12/$E$7,DAY($A$12)),DATE(YEAR(A22),MONTH(A22)+12/$E$7+1,DAY(1))-1,DATE(YEAR(A22),MONTH(A22)+12/$E$7,DAY($A$12))),"") | B23: =IF($E$5*$E$7<11,"",11) | C23: =IF(B23="","",IF($K$2=1,ROUND(D23+E23,2),ROUND(C22,2))) | D23: =IF(B23="","",ROUND(F22*E$6/E$7,2)) | E23: =IF(B23="","",IF($K$2=1,ROUND(E22,2),ROUND(C23-D23,2))) | F23: =IF(B23="","",F22-E23) | G23: =IF(C23="","",IF(SUM(C24:C$134)=0,C23-C$7+C$8+G$10+H23+R23,C23+H23+R23)) | I23: =IF(A24="","",I22-E23-H23) | J23: =IF(I22="","",I22*(A23-A22)/365) | K23: =IF(M23="","",IF(B24="",SUM($J$13:$J23),SUM($J$13:$J23,$J24*(M23-A23)/(A24-A23)))) | L23: =IF(M23="","",IF(B24="",SUM($D$13:$D23,$R$12:$R23,$G$5:$G$10,$C$9,-$C$10),SUM($D$13:$D23,$R$12:$R23,$G$5:$G$10,$D24*(M23-A23)/(A24-A23),$C$9,-$C$10))) | M23: =IF(N23=N24,"",IF(A24="",A23,DATE(YEAR(A23),MONTH($J$12),DAY($J$12)))) | N23: =IF(A23="","",YEAR(A23)) | O23: =IF(B23="","",IF($M$4=1,ROUND(-PMT((E$6+0.001)/E$7,(E$5*E$7-B22),F22,-C$8,0)-C23,2),0)) | P23: =IF(B23="","",IF($N$4=1,ROUND(F22*0.001*DAYS360(A22,A23,1)/360/C23,6),0)) | S23: =A23 | T23: =G23
A24: =IF(B24<=($E$5*$E$7),IF(DATE(YEAR(A23),MONTH(A23)+12/$E$7+1,DAY(1))-1<DATE(YEAR(A23),MONTH(A23)+12/$E$7,DAY($A$12)),DATE(YEAR(A23),MONTH(A23)+12/$E$7+1,DAY(1))-1,DATE(YEAR(A23),MONTH(A23)+12/$E$7,DAY($A$12))),"") | B24: =IF($E$5*$E$7<12,"",12) | C24: =IF(B24="","",IF($K$2=1,ROUND(D24+E24,2),ROUND(C23,2))) | D24: =IF(B24="","",ROUND(F23*E$6/E$7,2)) | E24: =IF(B24="","",IF($K$2=1,ROUND(E23,2),ROUND(C24-D24,2))) | F24: =IF(B24="","",F23-E24) | G24: =IF(C24="","",IF(SUM(C25:C$134)=0,C24-C$7+C$8+G$10+H24+R24,C24+H24+R24)) | I24: =IF(A25="","",I23-E24-H24) | J24: =IF(I23="","",I23*(A24-A23)/365) | K24: =IF(M24="","",IF(B25="",SUM($J$13:$J24),SUM($J$13:$J24,$J25*(M24-A24)/(A25-A24)))) | L24: =IF(M24="","",IF(B25="",SUM($D$13:$D24,$R$12:$R24,$G$5:$G$10,$C$9,-$C$10),SUM($D$13:$D24,$R$12:$R24,$G$5:$G$10,$D25*(M24-A24)/(A25-A24),$C$9,-$C$10))) | M24: =IF(N24=N25,"",IF(A25="",A24,DATE(YEAR(A24),MONTH($J$12),DAY($J$12)))) | N24: =IF(A24="","",YEAR(A24)) | O24: =IF(B24="","",IF($M$4=1,ROUND(-PMT((E$6+0.001)/E$7,(E$5*E$7-B23),F23,-C$8,0)-C24,2),0)) | P24: =IF(B24="","",IF($N$4=1,ROUND(F23*0.001*DAYS360(A23,A24,1)/360/C24,6),0)) | S24: =A24 | T24: =G24
A25: =IF(B25<=($E$5*$E$7),IF(DATE(YEAR(A24),MONTH(A24)+12/$E$7+1,DAY(1))-1<DATE(YEAR(A24),MONTH(A24)+12/$E$7,DAY($A$12)),DATE(YEAR(A24),MONTH(A24)+12/$E$7+1,DAY(1))-1,DATE(YEAR(A24),MONTH(A24)+12/$E$7,DAY($A$12))),"") | B25: =IF($E$5*$E$7<13,"",13) | C25: =IF(B25="","",IF($K$2=1,ROUND(D25+E25,2),ROUND(C24,2))) | D25: =IF(B25="","",ROUND(F24*E$6/E$7,2)) | E25: =IF(B25="","",IF($K$2=1,ROUND(E24,2),ROUND(C25-D25,2))) | F25: =IF(B25="","",F24-E25) | G25: =IF(C25="","",IF(SUM(C26:C$134)=0,C25-C$7+C$8+G$10+H25+R25,C25+H25+R25)) | I25: =IF(A26="","",I24-E25-H25) | J25: =IF(I24="","",I24*(A25-A24)/365) | K25: =IF(M25="","",IF(B26="",SUM($J$13:$J25),SUM($J$13:$J25,$J26*(M25-A25)/(A26-A25)))) | L25: =IF(M25="","",IF(B26="",SUM($D$13:$D25,$R$12:$R25,$G$5:$G$10,$C$9,-$C$10),SUM($D$13:$D25,$R$12:$R25,$G$5:$G$10,$D26*(M25-A25)/(A26-A25),$C$9,-$C$10))) | M25: =IF(N25=N26,"",IF(A26="",A25,DATE(YEAR(A25),MONTH($J$12),DAY($J$12)))) | N25: =IF(A25="","",YEAR(A25)) | O25: =IF(B25="","",IF($M$4=1,ROUND(-PMT((E$6+0.001)/E$7,(E$5*E$7-B24),F24,-C$8,0)-C25,2),0)) | P25: =IF(B25="","",IF($N$4=1,ROUND(F24*0.001*DAYS360(A24,A25,1)/360/C25,6),0)) | S25: =A25 | T25: =G25
A26: =IF(B26<=($E$5*$E$7),IF(DATE(YEAR(A25),MONTH(A25)+12/$E$7+1,DAY(1))-1<DATE(YEAR(A25),MONTH(A25)+12/$E$7,DAY($A$12)),DATE(YEAR(A25),MONTH(A25)+12/$E$7+1,DAY(1))-1,DATE(YEAR(A25),MONTH(A25)+12/$E$7,DAY($A$12))),"") | B26: =IF($E$5*$E$7<14,"",14) | C26: =IF(B26="","",IF($K$2=1,ROUND(D26+E26,2),ROUND(C25,2))) | D26: =IF(B26="","",ROUND(F25*E$6/E$7,2)) | E26: =IF(B26="","",IF($K$2=1,ROUND(E25,2),ROUND(C26-D26,2))) | F26: =IF(B26="","",F25-E26) | G26: =IF(C26="","",IF(SUM(C27:C$134)=0,C26-C$7+C$8+G$10+H26+R26,C26+H26+R26)) | I26: =IF(A27="","",I25-E26-H26) | J26: =IF(I25="","",I25*(A26-A25)/365) | K26: =IF(M26="","",IF(B27="",SUM($J$13:$J26),SUM($J$13:$J26,$J27*(M26-A26)/(A27-A26)))) | L26: =IF(M26="","",IF(B27="",SUM($D$13:$D26,$R$12:$R26,$G$5:$G$10,$C$9,-$C$10),SUM($D$13:$D26,$R$12:$R26,$G$5:$G$10,$D27*(M26-A26)/(A27-A26),$C$9,-$C$10))) | M26: =IF(N26=N27,"",IF(A27="",A26,DATE(YEAR(A26),MONTH($J$12),DAY($J$12)))) | N26: =IF(A26="","",YEAR(A26)) | O26: =IF(B26="","",IF($M$4=1,ROUND(-PMT((E$6+0.001)/E$7,(E$5*E$7-B25),F25,-C$8,0)-C26,2),0)) | P26: =IF(B26="","",IF($N$4=1,ROUND(F25*0.001*DAYS360(A25,A26,1)/360/C26,6),0)) | S26: =A26 | T26: =G26
A27: =IF(B27<=($E$5*$E$7),IF(DATE(YEAR(A26),MONTH(A26)+12/$E$7+1,DAY(1))-1<DATE(YEAR(A26),MONTH(A26)+12/$E$7,DAY($A$12)),DATE(YEAR(A26),MONTH(A26)+12/$E$7+1,DAY(1))-1,DATE(YEAR(A26),MONTH(A26)+12/$E$7,DAY($A$12))),"") | B27: =IF($E$5*$E$7<15,"",15) | C27: =IF(B27="","",IF($K$2=1,ROUND(D27+E27,2),ROUND(C26,2))) | D27: =IF(B27="","",ROUND(F26*E$6/E$7,2)) | E27: =IF(B27="","",IF($K$2=1,ROUND(E26,2),ROUND(C27-D27,2))) | F27: =IF(B27="","",F26-E27) | G27: =IF(C27="","",IF(SUM(C28:C$134)=0,C27-C$7+C$8+G$10+H27+R27,C27+H27+R27)) | I27: =IF(A28="","",I26-E27-H27) | J27: =IF(I26="","",I26*(A27-A26)/365) | K27: =IF(M27="","",IF(B28="",SUM($J$13:$J27),SUM($J$13:$J27,$J28*(M27-A27)/(A28-A27)))) | L27: =IF(M27="","",IF(B28="",SUM($D$13:$D27,$R$12:$R27,$G$5:$G$10,$C$9,-$C$10),SUM($D$13:$D27,$R$12:$R27,$G$5:$G$10,$D28*(M27-A27)/(A28-A27),$C$9,-$C$10))) | M27: =IF(N27=N28,"",IF(A28="",A27,DATE(YEAR(A27),MONTH($J$12),DAY($J$12)))) | N27: =IF(A27="","",YEAR(A27)) | O27: =IF(B27="","",IF($M$4=1,ROUND(-PMT((E$6+0.001)/E$7,(E$5*E$7-B26),F26,-C$8,0)-C27,2),0)) | P27: =IF(B27="","",IF($N$4=1,ROUND(F26*0.001*DAYS360(A26,A27,1)/360/C27,6),0)) | S27: =A27 | T27: =G27
A28: =IF(B28<=($E$5*$E$7),IF(DATE(YEAR(A27),MONTH(A27)+12/$E$7+1,DAY(1))-1<DATE(YEAR(A27),MONTH(A27)+12/$E$7,DAY($A$12)),DATE(YEAR(A27),MONTH(A27)+12/$E$7+1,DAY(1))-1,DATE(YEAR(A27),MONTH(A27)+12/$E$7,DAY($A$12))),"") | B28: =IF($E$5*$E$7<16,"",16) | C28: =IF(B28="","",IF($K$2=1,ROUND(D28+E28,2),ROUND(C27,2))) | D28: =IF(B28="","",ROUND(F27*E$6/E$7,2)) | E28: =IF(B28="","",IF($K$2=1,ROUND(E27,2),ROUND(C28-D28,2))) | F28: =IF(B28="","",F27-E28) | G28: =IF(C28="","",IF(SUM(C29:C$134)=0,C28-C$7+C$8+G$10+H28+R28,C28+H28+R28)) | I28: =IF(A29="","",I27-E28-H28) | J28: =IF(I27="","",I27*(A28-A27)/365) | K28: =IF(M28="","",IF(B29="",SUM($J$13:$J28),SUM($J$13:$J28,$J29*(M28-A28)/(A29-A28)))) | L28: =IF(M28="","",IF(B29="",SUM($D$13:$D28,$R$12:$R28,$G$5:$G$10,$C$9,-$C$10),SUM($D$13:$D28,$R$12:$R28,$G$5:$G$10,$D29*(M28-A28)/(A29-A28),$C$9,-$C$10))) | M28: =IF(N28=N29,"",IF(A29="",A28,DATE(YEAR(A28),MONTH($J$12),DAY($J$12)))) | N28: =IF(A28="","",YEAR(A28)) | O28: =IF(B28="","",IF($M$4=1,ROUND(-PMT((E$6+0.001)/E$7,(E$5*E$7-B27),F27,-C$8,0)-C28,2),0)) | P28: =IF(B28="","",IF($N$4=1,ROUND(F27*0.001*DAYS360(A27,A28,1)/360/C28,6),0)) | S28: =A28 | T28: =G28
A29: =IF(B29<=($E$5*$E$7),IF(DATE(YEAR(A28),MONTH(A28)+12/$E$7+1,DAY(1))-1<DATE(YEAR(A28),MONTH(A28)+12/$E$7,DAY($A$12)),DATE(YEAR(A28),MONTH(A28)+12/$E$7+1,DAY(1))-1,DATE(YEAR(A28),MONTH(A28)+12/$E$7,DAY($A$12))),"") | B29: =IF($E$5*$E$7<17,"",17) | C29: =IF(B29="","",IF($K$2=1,ROUND(D29+E29,2),ROUND(C28,2))) | D29: =IF(B29="","",ROUND(F28*E$6/E$7,2)) | E29: =IF(B29="","",IF($K$2=1,ROUND(E28,2),ROUND(C29-D29,2))) | F29: =IF(B29="","",F28-E29) | G29: =IF(C29="","",IF(SUM(C30:C$134)=0,C29-C$7+C$8+G$10+H29+R29,C29+H29+R29)) | I29: =IF(A30="","",I28-E29-H29) | J29: =IF(I28="","",I28*(A29-A28)/365) | K29: =IF(M29="","",IF(B30="",SUM($J$13:$J29),SUM($J$13:$J29,$J30*(M29-A29)/(A30-A29)))) | L29: =IF(M29="","",IF(B30="",SUM($D$13:$D29,$R$12:$R29,$G$5:$G$10,$C$9,-$C$10),SUM($D$13:$D29,$R$12:$R29,$G$5:$G$10,$D30*(M29-A29)/(A30-A29),$C$9,-$C$10))) | M29: =IF(N29=N30,"",IF(A30="",A29,DATE(YEAR(A29),MONTH($J$12),DAY($J$12)))) | N29: =IF(A29="","",YEAR(A29)) | O29: =IF(B29="","",IF($M$4=1,ROUND(-PMT((E$6+0.001)/E$7,(E$5*E$7-B28),F28,-C$8,0)-C29,2),0)) | P29: =IF(B29="","",IF($N$4=1,ROUND(F28*0.001*DAYS360(A28,A29,1)/360/C29,6),0)) | S29: =A29 | T29: =G29
A30: =IF(B30<=($E$5*$E$7),IF(DATE(YEAR(A29),MONTH(A29)+12/$E$7+1,DAY(1))-1<DATE(YEAR(A29),MONTH(A29)+12/$E$7,DAY($A$12)),DATE(YEAR(A29),MONTH(A29)+12/$E$7+1,DAY(1))-1,DATE(YEAR(A29),MONTH(A29)+12/$E$7,DAY($A$12))),"") | B30: =IF($E$5*$E$7<18,"",18) | C30: =IF(B30="","",IF($K$2=1,ROUND(D30+E30,2),ROUND(C29,2))) | D30: =IF(B30="","",ROUND(F29*E$6/E$7,2)) | E30: =IF(B30="","",IF($K$2=1,ROUND(E29,2),ROUND(C30-D30,2))) | F30: =IF(B30="","",F29-E30) | G30: =IF(C30="","",IF(SUM(C31:C$134)=0,C30-C$7+C$8+G$10+H30+R30,C30+H30+R30)) | I30: =IF(A31="","",I29-E30-H30) | J30: =IF(I29="","",I29*(A30-A29)/365) | K30: =IF(M30="","",IF(B31="",SUM($J$13:$J30),SUM($J$13:$J30,$J31*(M30-A30)/(A31-A30)))) | L30: =IF(M30="","",IF(B31="",SUM($D$13:$D30,$R$12:$R30,$G$5:$G$10,$C$9,-$C$10),SUM($D$13:$D30,$R$12:$R30,$G$5:$G$10,$D31*(M30-A30)/(A31-A30),$C$9,-$C$10))) | M30: =IF(N30=N31,"",IF(A31="",A30,DATE(YEAR(A30),MONTH($J$12),DAY($J$12)))) | N30: =IF(A30="","",YEAR(A30)) | O30: =IF(B30="","",IF($M$4=1,ROUND(-PMT((E$6+0.001)/E$7,(E$5*E$7-B29),F29,-C$8,0)-C30,2),0)) | P30: =IF(B30="","",IF($N$4=1,ROUND(F29*0.001*DAYS360(A29,A30,1)/360/C30,6),0)) | S30: =A30 | T30: =G30
A31: =IF(B31<=($E$5*$E$7),IF(DATE(YEAR(A30),MONTH(A30)+12/$E$7+1,DAY(1))-1<DATE(YEAR(A30),MONTH(A30)+12/$E$7,DAY($A$12)),DATE(YEAR(A30),MONTH(A30)+12/$E$7+1,DAY(1))-1,DATE(YEAR(A30),MONTH(A30)+12/$E$7,DAY($A$12))),"") | B31: =IF($E$5*$E$7<19,"",19) | C31: =IF(B31="","",IF($K$2=1,ROUND(D31+E31,2),ROUND(C30,2))) | D31: =IF(B31="","",ROUND(F30*E$6/E$7,2)) | E31: =IF(B31="","",IF($K$2=1,ROUND(E30,2),ROUND(C31-D31,2))) | F31: =IF(B31="","",F30-E31) | G31: =IF(C31="","",IF(SUM(C32:C$134)=0,C31-C$7+C$8+G$10+H31+R31,C31+H31+R31)) | I31: =IF(A32="","",I30-E31-H31) | J31: =IF(I30="","",I30*(A31-A30)/365) | K31: =IF(M31="","",IF(B32="",SUM($J$13:$J31),SUM($J$13:$J31,$J32*(M31-A31)/(A32-A31)))) | L31: =IF(M31="","",IF(B32="",SUM($D$13:$D31,$R$12:$R31,$G$5:$G$10,$C$9,-$C$10),SUM($D$13:$D31,$R$12:$R31,$G$5:$G$10,$D32*(M31-A31)/(A32-A31),$C$9,-$C$10))) | M31: =IF(N31=N32,"",IF(A32="",A31,DATE(YEAR(A31),MONTH($J$12),DAY($J$12)))) | N31: =IF(A31="","",YEAR(A31)) | O31: =IF(B31="","",IF($M$4=1,ROUND(-PMT((E$6+0.001)/E$7,(E$5*E$7-B30),F30,-C$8,0)-C31,2),0)) | P31: =IF(B31="","",IF($N$4=1,ROUND(F30*0.001*DAYS360(A30,A31,1)/360/C31,6),0)) | S31: =A31 | T31: =G31
A32: =IF(B32<=($E$5*$E$7),IF(DATE(YEAR(A31),MONTH(A31)+12/$E$7+1,DAY(1))-1<DATE(YEAR(A31),MONTH(A31)+12/$E$7,DAY($A$12)),DATE(YEAR(A31),MONTH(A31)+12/$E$7+1,DAY(1))-1,DATE(YEAR(A31),MONTH(A31)+12/$E$7,DAY($A$12))),"") | B32: =IF($E$5*$E$7<20,"",20) | C32: =IF(B32="","",IF($K$2=1,ROUND(D32+E32,2),ROUND(C31,2))) | D32: =IF(B32="","",ROUND(F31*E$6/E$7,2)) | E32: =IF(B32="","",IF($K$2=1,ROUND(E31,2),ROUND(C32-D32,2))) | F32: =IF(B32="","",F31-E32) | G32: =IF(C32="","",IF(SUM(C33:C$134)=0,C32-C$7+C$8+G$10+H32+R32,C32+H32+R32)) | I32: =IF(A33="","",I31-E32-H32) | J32: =IF(I31="","",I31*(A32-A31)/365) | K32: =IF(M32="","",IF(B33="",SUM($J$13:$J32),SUM($J$13:$J32,$J33*(M32-A32)/(A33-A32)))) | L32: =IF(M32="","",IF(B33="",SUM($D$13:$D32,$R$12:$R32,$G$5:$G$10,$C$9,-$C$10),SUM($D$13:$D32,$R$12:$R32,$G$5:$G$10,$D33*(M32-A32)/(A33-A32),$C$9,-$C$10))) | M32: =IF(N32=N33,"",IF(A33="",A32,DATE(YEAR(A32),MONTH($J$12),DAY($J$12)))) | N32: =IF(A32="","",YEAR(A32)) | O32: =IF(B32="","",IF($M$4=1,ROUND(-PMT((E$6+0.001)/E$7,(E$5*E$7-B31),F31,-C$8,0)-C32,2),0)) | P32: =IF(B32="","",IF($N$4=1,ROUND(F31*0.001*DAYS360(A31,A32,1)/360/C32,6),0)) | S32: =A32 | T32: =G32
A33: =IF(B33<=($E$5*$E$7),IF(DATE(YEAR(A32),MONTH(A32)+12/$E$7+1,DAY(1))-1<DATE(YEAR(A32),MONTH(A32)+12/$E$7,DAY($A$12)),DATE(YEAR(A32),MONTH(A32)+12/$E$7+1,DAY(1))-1,DATE(YEAR(A32),MONTH(A32)+12/$E$7,DAY($A$12))),"") | B33: =IF($E$5*$E$7<21,"",21) | C33: =IF(B33="","",IF($K$2=1,ROUND(D33+E33,2),ROUND(C32,2))) | D33: =IF(B33="","",ROUND(F32*E$6/E$7,2)) | E33: =IF(B33="","",IF($K$2=1,ROUND(E32,2),ROUND(C33-D33,2))) | F33: =IF(B33="","",F32-E33) | G33: =IF(C33="","",IF(SUM(C34:C$134)=0,C33-C$7+C$8+G$10+H33+R33,C33+H33+R33)) | I33: =IF(A34="","",I32-E33-H33) | J33: =IF(I32="","",I32*(A33-A32)/365) | K33: =IF(M33="","",IF(B34="",SUM($J$13:$J33),SUM($J$13:$J33,$J34*(M33-A33)/(A34-A33)))) | L33: =IF(M33="","",IF(B34="",SUM($D$13:$D33,$R$12:$R33,$G$5:$G$10,$C$9,-$C$10),SUM($D$13:$D33,$R$12:$R33,$G$5:$G$10,$D34*(M33-A33)/(A34-A33),$C$9,-$C$10))) | M33: =IF(N33=N34,"",IF(A34="",A33,DATE(YEAR(A33),MONTH($J$12),DAY($J$12)))) | N33: =IF(A33="","",YEAR(A33)) | O33: =IF(B33="","",IF($M$4=1,ROUND(-PMT((E$6+0.001)/E$7,(E$5*E$7-B32),F32,-C$8,0)-C33,2),0)) | P33: =IF(B33="","",IF($N$4=1,ROUND(F32*0.001*DAYS360(A32,A33,1)/360/C33,6),0)) | S33: =A33 | T33: =G33
A34: =IF(B34<=($E$5*$E$7),IF(DATE(YEAR(A33),MONTH(A33)+12/$E$7+1,DAY(1))-1<DATE(YEAR(A33),MONTH(A33)+12/$E$7,DAY($A$12)),DATE(YEAR(A33),MONTH(A33)+12/$E$7+1,DAY(1))-1,DATE(YEAR(A33),MONTH(A33)+12/$E$7,DAY($A$12))),"") | B34: =IF($E$5*$E$7<22,"",22) | C34: =IF(B34="","",IF($K$2=1,ROUND(D34+E34,2),ROUND(C33,2))) | D34: =IF(B34="","",ROUND(F33*E$6/E$7,2)) | E34: =IF(B34="","",IF($K$2=1,ROUND(E33,2),ROUND(C34-D34,2))) | F34: =IF(B34="","",F33-E34) | G34: =IF(C34="","",IF(SUM(C35:C$134)=0,C34-C$7+C$8+G$10+H34+R34,C34+H34+R34)) | I34: =IF(A35="","",I33-E34-H34) | J34: =IF(I33="","",I33*(A34-A33)/365) | K34: =IF(M34="","",IF(B35="",SUM($J$13:$J34),SUM($J$13:$J34,$J35*(M34-A34)/(A35-A34)))) | L34: =IF(M34="","",IF(B35="",SUM($D$13:$D34,$R$12:$R34,$G$5:$G$10,$C$9,-$C$10),SUM($D$13:$D34,$R$12:$R34,$G$5:$G$10,$D35*(M34-A34)/(A35-A34),$C$9,-$C$10))) | M34: =IF(N34=N35,"",IF(A35="",A34,DATE(YEAR(A34),MONTH($J$12),DAY($J$12)))) | N34: =IF(A34="","",YEAR(A34)) | O34: =IF(B34="","",IF($M$4=1,ROUND(-PMT((E$6+0.001)/E$7,(E$5*E$7-B33),F33,-C$8,0)-C34,2),0)) | P34: =IF(B34="","",IF($N$4=1,ROUND(F33*0.001*DAYS360(A33,A34,1)/360/C34,6),0)) | S34: =A34 | T34: =G34
A35: =IF(B35<=($E$5*$E$7),IF(DATE(YEAR(A34),MONTH(A34)+12/$E$7+1,DAY(1))-1<DATE(YEAR(A34),MONTH(A34)+12/$E$7,DAY($A$12)),DATE(YEAR(A34),MONTH(A34)+12/$E$7+1,DAY(1))-1,DATE(YEAR(A34),MONTH(A34)+12/$E$7,DAY($A$12))),"") | B35: =IF($E$5*$E$7<23,"",23) | C35: =IF(B35="","",IF($K$2=1,ROUND(D35+E35,2),ROUND(C34,2))) | D35: =IF(B35="","",ROUND(F34*E$6/E$7,2)) | E35: =IF(B35="","",IF($K$2=1,ROUND(E34,2),ROUND(C35-D35,2))) | F35: =IF(B35="","",F34-E35) | G35: =IF(C35="","",IF(SUM(C36:C$134)=0,C35-C$7+C$8+G$10+H35+R35,C35+H35+R35)) | I35: =IF(A36="","",I34-E35-H35) | J35: =IF(I34="","",I34*(A35-A34)/365) | K35: =IF(M35="","",IF(B36="",SUM($J$13:$J35),SUM($J$13:$J35,$J36*(M35-A35)/(A36-A35)))) | L35: =IF(M35="","",IF(B36="",SUM($D$13:$D35,$R$12:$R35,$G$5:$G$10,$C$9,-$C$10),SUM($D$13:$D35,$R$12:$R35,$G$5:$G$10,$D36*(M35-A35)/(A36-A35),$C$9,-$C$10))) | M35: =IF(N35=N36,"",IF(A36="",A35,DATE(YEAR(A35),MONTH($J$12),DAY($J$12)))) | N35: =IF(A35="","",YEAR(A35)) | O35: =IF(B35="","",IF($M$4=1,ROUND(-PMT((E$6+0.001)/E$7,(E$5*E$7-B34),F34,-C$8,0)-C35,2),0)) | P35: =IF(B35="","",IF($N$4=1,ROUND(F34*0.001*DAYS360(A34,A35,1)/360/C35,6),0)) | S35: =A35 | T35: =G35
A36: =IF(B36<=($E$5*$E$7),IF(DATE(YEAR(A35),MONTH(A35)+12/$E$7+1,DAY(1))-1<DATE(YEAR(A35),MONTH(A35)+12/$E$7,DAY($A$12)),DATE(YEAR(A35),MONTH(A35)+12/$E$7+1,DAY(1))-1,DATE(YEAR(A35),MONTH(A35)+12/$E$7,DAY($A$12))),"") | B36: =IF($E$5*$E$7<24,"",24) | C36: =IF(B36="","",IF($K$2=1,ROUND(D36+E36,2),ROUND(C35,2))) | D36: =IF(B36="","",ROUND(F35*E$6/E$7,2)) | E36: =IF(B36="","",IF($K$2=1,ROUND(E35,2),ROUND(C36-D36,2))) | F36: =IF(B36="","",F35-E36) | G36: =IF(C36="","",IF(SUM(C37:C$134)=0,C36-C$7+C$8+G$10+H36+R36,C36+H36+R36)) | I36: =IF(A37="","",I35-E36-H36) | J36: =IF(I35="","",I35*(A36-A35)/365) | K36: =IF(M36="","",IF(B37="",SUM($J$13:$J36),SUM($J$13:$J36,$J37*(M36-A36)/(A37-A36)))) | L36: =IF(M36="","",IF(B37="",SUM($D$13:$D36,$R$12:$R36,$G$5:$G$10,$C$9,-$C$10),SUM($D$13:$D36,$R$12:$R36,$G$5:$G$10,$D37*(M36-A36)/(A37-A36),$C$9,-$C$10))) | M36: =IF(N36=N37,"",IF(A37="",A36,DATE(YEAR(A36),MONTH($J$12),DAY($J$12)))) | N36: =IF(A36="","",YEAR(A36)) | O36: =IF(B36="","",IF($M$4=1,ROUND(-PMT((E$6+0.001)/E$7,(E$5*E$7-B35),F35,-C$8,0)-C36,2),0)) | P36: =IF(B36="","",IF($N$4=1,ROUND(F35*0.001*DAYS360(A35,A36,1)/360/C36,6),0)) | S36: =A36 | T36: =G36
A37: =IF(B37<=($E$5*$E$7),IF(DATE(YEAR(A36),MONTH(A36)+12/$E$7+1,DAY(1))-1<DATE(YEAR(A36),MONTH(A36)+12/$E$7,DAY($A$12)),DATE(YEAR(A36),MONTH(A36)+12/$E$7+1,DAY(1))-1,DATE(YEAR(A36),MONTH(A36)+12/$E$7,DAY($A$12))),"") | B37: =IF($E$5*$E$7<25,"",25) | C37: =IF(B37="","",IF($K$2=1,ROUND(D37+E37,2),ROUND(C36,2))) | D37: =IF(B37="","",ROUND(F36*E$6/E$7,2)) | E37: =IF(B37="","",IF($K$2=1,ROUND(E36,2),ROUND(C37-D37,2))) | F37: =IF(B37="","",F36-E37) | G37: =IF(C37="","",IF(SUM(C38:C$134)=0,C37-C$7+C$8+G$10+H37+R37,C37+H37+R37)) | I37: =IF(A38="","",I36-E37-H37) | J37: =IF(I36="","",I36*(A37-A36)/365) | K37: =IF(M37="","",IF(B38="",SUM($J$13:$J37),SUM($J$13:$J37,$J38*(M37-A37)/(A38-A37)))) | L37: =IF(M37="","",IF(B38="",SUM($D$13:$D37,$R$12:$R37,$G$5:$G$10,$C$9,-$C$10),SUM($D$13:$D37,$R$12:$R37,$G$5:$G$10,$D38*(M37-A37)/(A38-A37),$C$9,-$C$10))) | M37: =IF(N37=N38,"",IF(A38="",A37,DATE(YEAR(A37),MONTH($J$12),DAY($J$12)))) | N37: =IF(A37="","",YEAR(A37)) | O37: =IF(B37="","",IF($M$4=1,ROUND(-PMT((E$6+0.001)/E$7,(E$5*E$7-B36),F36,-C$8,0)-C37,2),0)) | P37: =IF(B37="","",IF($N$4=1,ROUND(F36*0.001*DAYS360(A36,A37,1)/360/C37,6),0)) | S37: =A37 | T37: =G37
A38: =IF(B38<=($E$5*$E$7),IF(DATE(YEAR(A37),MONTH(A37)+12/$E$7+1,DAY(1))-1<DATE(YEAR(A37),MONTH(A37)+12/$E$7,DAY($A$12)),DATE(YEAR(A37),MONTH(A37)+12/$E$7+1,DAY(1))-1,DATE(YEAR(A37),MONTH(A37)+12/$E$7,DAY($A$12))),"") | B38: =IF($E$5*$E$7<26,"",26) | C38: =IF(B38="","",IF($K$2=1,ROUND(D38+E38,2),ROUND(C37,2))) | D38: =IF(B38="","",ROUND(F37*E$6/E$7,2)) | E38: =IF(B38="","",IF($K$2=1,ROUND(E37,2),ROUND(C38-D38,2))) | F38: =IF(B38="","",F37-E38) | G38: =IF(C38="","",IF(SUM(C39:C$134)=0,C38-C$7+C$8+G$10+H38+R38,C38+H38+R38)) | I38: =IF(A39="","",I37-E38-H38) | J38: =IF(I37="","",I37*(A38-A37)/365) | K38: =IF(M38="","",IF(B39="",SUM($J$13:$J38),SUM($J$13:$J38,$J39*(M38-A38)/(A39-A38)))) | L38: =IF(M38="","",IF(B39="",SUM($D$13:$D38,$R$12:$R38,$G$5:$G$10,$C$9,-$C$10),SUM($D$13:$D38,$R$12:$R38,$G$5:$G$10,$D39*(M38-A38)/(A39-A38),$C$9,-$C$10))) | M38: =IF(N38=N39,"",IF(A39="",A38,DATE(YEAR(A38),MONTH($J$12),DAY($J$12)))) | N38: =IF(A38="","",YEAR(A38)) | O38: =IF(B38="","",IF($M$4=1,ROUND(-PMT((E$6+0.001)/E$7,(E$5*E$7-B37),F37,-C$8,0)-C38,2),0)) | P38: =IF(B38="","",IF($N$4=1,ROUND(F37*0.001*DAYS360(A37,A38,1)/360/C38,6),0)) | S38: =A38 | T38: =G38
A39: =IF(B39<=($E$5*$E$7),IF(DATE(YEAR(A38),MONTH(A38)+12/$E$7+1,DAY(1))-1<DATE(YEAR(A38),MONTH(A38)+12/$E$7,DAY($A$12)),DATE(YEAR(A38),MONTH(A38)+12/$E$7+1,DAY(1))-1,DATE(YEAR(A38),MONTH(A38)+12/$E$7,DAY($A$12))),"") | B39: =IF($E$5*$E$7<27,"",27) | C39: =IF(B39="","",IF($K$2=1,ROUND(D39+E39,2),ROUND(C38,2))) | D39: =IF(B39="","",ROUND(F38*E$6/E$7,2)) | E39: =IF(B39="","",IF($K$2=1,ROUND(E38,2),ROUND(C39-D39,2))) | F39: =IF(B39="","",F38-E39) | G39: =IF(C39="","",IF(SUM(C40:C$134)=0,C39-C$7+C$8+G$10+H39+R39,C39+H39+R39)) | I39: =IF(A40="","",I38-E39-H39) | J39: =IF(I38="","",I38*(A39-A38)/365) | K39: =IF(M39="","",IF(B40="",SUM($J$13:$J39),SUM($J$13:$J39,$J40*(M39-A39)/(A40-A39)))) | L39: =IF(M39="","",IF(B40="",SUM($D$13:$D39,$R$12:$R39,$G$5:$G$10,$C$9,-$C$10),SUM($D$13:$D39,$R$12:$R39,$G$5:$G$10,$D40*(M39-A39)/(A40-A39),$C$9,-$C$10))) | M39: =IF(N39=N40,"",IF(A40="",A39,DATE(YEAR(A39),MONTH($J$12),DAY($J$12)))) | N39: =IF(A39="","",YEAR(A39)) | O39: =IF(B39="","",IF($M$4=1,ROUND(-PMT((E$6+0.001)/E$7,(E$5*E$7-B38),F38,-C$8,0)-C39,2),0)) | P39: =IF(B39="","",IF($N$4=1,ROUND(F38*0.001*DAYS360(A38,A39,1)/360/C39,6),0)) | S39: =A39 | T39: =G39
A40: =IF(B40<=($E$5*$E$7),IF(DATE(YEAR(A39),MONTH(A39)+12/$E$7+1,DAY(1))-1<DATE(YEAR(A39),MONTH(A39)+12/$E$7,DAY($A$12)),DATE(YEAR(A39),MONTH(A39)+12/$E$7+1,DAY(1))-1,DATE(YEAR(A39),MONTH(A39)+12/$E$7,DAY($A$12))),"") | B40: =IF($E$5*$E$7<28,"",28) | C40: =IF(B40="","",IF($K$2=1,ROUND(D40+E40,2),ROUND(C39,2))) | D40: =IF(B40="","",ROUND(F39*E$6/E$7,2)) | E40: =IF(B40="","",IF($K$2=1,ROUND(E39,2),ROUND(C40-D40,2))) | F40: =IF(B40="","",F39-E40) | G40: =IF(C40="","",IF(SUM(C41:C$134)=0,C40-C$7+C$8+G$10+H40+R40,C40+H40+R40)) | I40: =IF(A41="","",I39-E40-H40) | J40: =IF(I39="","",I39*(A40-A39)/365) | K40: =IF(M40="","",IF(B41="",SUM($J$13:$J40),SUM($J$13:$J40,$J41*(M40-A40)/(A41-A40)))) | L40: =IF(M40="","",IF(B41="",SUM($D$13:$D40,$R$12:$R40,$G$5:$G$10,$C$9,-$C$10),SUM($D$13:$D40,$R$12:$R40,$G$5:$G$10,$D41*(M40-A40)/(A41-A40),$C$9,-$C$10))) | M40: =IF(N40=N41,"",IF(A41="",A40,DATE(YEAR(A40),MONTH($J$12),DAY($J$12)))) | N40: =IF(A40="","",YEAR(A40)) | O40: =IF(B40="","",IF($M$4=1,ROUND(-PMT((E$6+0.001)/E$7,(E$5*E$7-B39),F39,-C$8,0)-C40,2),0)) | P40: =IF(B40="","",IF($N$4=1,ROUND(F39*0.001*DAYS360(A39,A40,1)/360/C40,6),0)) | S40: =A40 | T40: =G40
A41: =IF(B41<=($E$5*$E$7),IF(DATE(YEAR(A40),MONTH(A40)+12/$E$7+1,DAY(1))-1<DATE(YEAR(A40),MONTH(A40)+12/$E$7,DAY($A$12)),DATE(YEAR(A40),MONTH(A40)+12/$E$7+1,DAY(1))-1,DATE(YEAR(A40),MONTH(A40)+12/$E$7,DAY($A$12))),"") | B41: =IF($E$5*$E$7<29,"",29) | C41: =IF(B41="","",IF($K$2=1,ROUND(D41+E41,2),ROUND(C40,2))) | D41: =IF(B41="","",ROUND(F40*E$6/E$7,2)) | E41: =IF(B41="","",IF($K$2=1,ROUND(E40,2),ROUND(C41-D41,2))) | F41: =IF(B41="","",F40-E41) | G41: =IF(C41="","",IF(SUM(C42:C$134)=0,C41-C$7+C$8+G$10+H41+R41,C41+H41+R41)) | I41: =IF(A42="","",I40-E41-H41) | J41: =IF(I40="","",I40*(A41-A40)/365) | K41: =IF(M41="","",IF(B42="",SUM($J$13:$J41),SUM($J$13:$J41,$J42*(M41-A41)/(A42-A41)))) | L41: =IF(M41="","",IF(B42="",SUM($D$13:$D41,$R$12:$R41,$G$5:$G$10,$C$9,-$C$10),SUM($D$13:$D41,$R$12:$R41,$G$5:$G$10,$D42*(M41-A41)/(A42-A41),$C$9,-$C$10))) | M41: =IF(N41=N42,"",IF(A42="",A41,DATE(YEAR(A41),MONTH($J$12),DAY($J$12)))) | N41: =IF(A41="","",YEAR(A41)) | O41: =IF(B41="","",IF($M$4=1,ROUND(-PMT((E$6+0.001)/E$7,(E$5*E$7-B40),F40,-C$8,0)-C41,2),0)) | P41: =IF(B41="","",IF($N$4=1,ROUND(F40*0.001*DAYS360(A40,A41,1)/360/C41,6),0)) | S41: =A41 | T41: =G41
A42: =IF(B42<=($E$5*$E$7),IF(DATE(YEAR(A41),MONTH(A41)+12/$E$7+1,DAY(1))-1<DATE(YEAR(A41),MONTH(A41)+12/$E$7,DAY($A$12)),DATE(YEAR(A41),MONTH(A41)+12/$E$7+1,DAY(1))-1,DATE(YEAR(A41),MONTH(A41)+12/$E$7,DAY($A$12))),"") | B42: =IF($E$5*$E$7<30,"",30) | C42: =IF(B42="","",IF($K$2=1,ROUND(D42+E42,2),ROUND(C41,2))) | D42: =IF(B42="","",ROUND(F41*E$6/E$7,2)) | E42: =IF(B42="","",IF($K$2=1,ROUND(E41,2),ROUND(C42-D42,2))) | F42: =IF(B42="","",F41-E42) | G42: =IF(C42="","",IF(SUM(C43:C$134)=0,C42-C$7+C$8+G$10+H42+R42,C42+H42+R42)) | I42: =IF(A43="","",I41-E42-H42) | J42: =IF(I41="","",I41*(A42-A41)/365) | K42: =IF(M42="","",IF(B43="",SUM($J$13:$J42),SUM($J$13:$J42,$J43*(M42-A42)/(A43-A42)))) | L42: =IF(M42="","",IF(B43="",SUM($D$13:$D42,$R$12:$R42,$G$5:$G$10,$C$9,-$C$10),SUM($D$13:$D42,$R$12:$R42,$G$5:$G$10,$D43*(M42-A42)/(A43-A42),$C$9,-$C$10))) | M42: =IF(N42=N43,"",IF(A43="",A42,DATE(YEAR(A42),MONTH($J$12),DAY($J$12)))) | N42: =IF(A42="","",YEAR(A42)) | O42: =IF(B42="","",IF($M$4=1,ROUND(-PMT((E$6+0.001)/E$7,(E$5*E$7-B41),F41,-C$8,0)-C42,2),0)) | P42: =IF(B42="","",IF($N$4=1,ROUND(F41*0.001*DAYS360(A41,A42,1)/360/C42,6),0)) | S42: =A42 | T42: =G42
A43: =IF(B43<=($E$5*$E$7),IF(DATE(YEAR(A42),MONTH(A42)+12/$E$7+1,DAY(1))-1<DATE(YEAR(A42),MONTH(A42)+12/$E$7,DAY($A$12)),DATE(YEAR(A42),MONTH(A42)+12/$E$7+1,DAY(1))-1,DATE(YEAR(A42),MONTH(A42)+12/$E$7,DAY($A$12))),"") | B43: =IF($E$5*$E$7<31,"",31) | C43: =IF(B43="","",IF($K$2=1,ROUND(D43+E43,2),ROUND(C42,2))) | D43: =IF(B43="","",ROUND(F42*E$6/E$7,2)) | E43: =IF(B43="","",IF($K$2=1,ROUND(E42,2),ROUND(C43-D43,2))) | F43: =IF(B43="","",F42-E43) | G43: =IF(C43="","",IF(SUM(C44:C$134)=0,C43-C$7+C$8+G$10+H43+R43,C43+H43+R43)) | I43: =IF(A44="","",I42-E43-H43) | J43: =IF(I42="","",I42*(A43-A42)/365) | K43: =IF(M43="","",IF(B44="",SUM($J$13:$J43),SUM($J$13:$J43,$J44*(M43-A43)/(A44-A43)))) | L43: =IF(M43="","",IF(B44="",SUM($D$13:$D43,$R$12:$R43,$G$5:$G$10,$C$9,-$C$10),SUM($D$13:$D43,$R$12:$R43,$G$5:$G$10,$D44*(M43-A43)/(A44-A43),$C$9,-$C$10))) | M43: =IF(N43=N44,"",IF(A44="",A43,DATE(YEAR(A43),MONTH($J$12),DAY($J$12)))) | N43: =IF(A43="","",YEAR(A43)) | O43: =IF(B43="","",IF($M$4=1,ROUND(-PMT((E$6+0.001)/E$7,(E$5*E$7-B42),F42,-C$8,0)-C43,2),0)) | P43: =IF(B43="","",IF($N$4=1,ROUND(F42*0.001*DAYS360(A42,A43,1)/360/C43,6),0)) | S43: =A43 | T43: =G43
A44: =IF(B44<=($E$5*$E$7),IF(DATE(YEAR(A43),MONTH(A43)+12/$E$7+1,DAY(1))-1<DATE(YEAR(A43),MONTH(A43)+12/$E$7,DAY($A$12)),DATE(YEAR(A43),MONTH(A43)+12/$E$7+1,DAY(1))-1,DATE(YEAR(A43),MONTH(A43)+12/$E$7,DAY($A$12))),"") | B44: =IF($E$5*$E$7<32,"",32) | C44: =IF(B44="","",IF($K$2=1,ROUND(D44+E44,2),ROUND(C43,2))) | D44: =IF(B44="","",ROUND(F43*E$6/E$7,2)) | E44: =IF(B44="","",IF($K$2=1,ROUND(E43,2),ROUND(C44-D44,2))) | F44: =IF(B44="","",F43-E44) | G44: =IF(C44="","",IF(SUM(C45:C$134)=0,C44-C$7+C$8+G$10+H44+R44,C44+H44+R44)) | I44: =IF(A45="","",I43-E44-H44) | J44: =IF(I43="","",I43*(A44-A43)/365) | K44: =IF(M44="","",IF(B45="",SUM($J$13:$J44),SUM($J$13:$J44,$J45*(M44-A44)/(A45-A44)))) | L44: =IF(M44="","",IF(B45="",SUM($D$13:$D44,$R$12:$R44,$G$5:$G$10,$C$9,-$C$10),SUM($D$13:$D44,$R$12:$R44,$G$5:$G$10,$D45*(M44-A44)/(A45-A44),$C$9,-$C$10))) | M44: =IF(N44=N45,"",IF(A45="",A44,DATE(YEAR(A44),MONTH($J$12),DAY($J$12)))) | N44: =IF(A44="","",YEAR(A44)) | O44: =IF(B44="","",IF($M$4=1,ROUND(-PMT((E$6+0.001)/E$7,(E$5*E$7-B43),F43,-C$8,0)-C44,2),0)) | P44: =IF(B44="","",IF($N$4=1,ROUND(F43*0.001*DAYS360(A43,A44,1)/360/C44,6),0)) | S44: =A44 | T44: =G44
A45: =IF(B45<=($E$5*$E$7),IF(DATE(YEAR(A44),MONTH(A44)+12/$E$7+1,DAY(1))-1<DATE(YEAR(A44),MONTH(A44)+12/$E$7,DAY($A$12)),DATE(YEAR(A44),MONTH(A44)+12/$E$7+1,DAY(1))-1,DATE(YEAR(A44),MONTH(A44)+12/$E$7,DAY($A$12))),"") | B45: =IF($E$5*$E$7<33,"",33) | C45: =IF(B45="","",IF($K$2=1,ROUND(D45+E45,2),ROUND(C44,2))) | D45: =IF(B45="","",ROUND(F44*E$6/E$7,2)) | E45: =IF(B45="","",IF($K$2=1,ROUND(E44,2),ROUND(C45-D45,2))) | F45: =IF(B45="","",F44-E45) | G45: =IF(C45="","",IF(SUM(C46:C$134)=0,C45-C$7+C$8+G$10+H45+R45,C45+H45+R45)) | I45: =IF(A46="","",I44-E45-H45) | J45: =IF(I44="","",I44*(A45-A44)/365) | K45: =IF(M45="","",IF(B46="",SUM($J$13:$J45),SUM($J$13:$J45,$J46*(M45-A45)/(A46-A45)))) | L45: =IF(M45="","",IF(B46="",SUM($D$13:$D45,$R$12:$R45,$G$5:$G$10,$C$9,-$C$10),SUM($D$13:$D45,$R$12:$R45,$G$5:$G$10,$D46*(M45-A45)/(A46-A45),$C$9,-$C$10))) | M45: =IF(N45=N46,"",IF(A46="",A45,DATE(YEAR(A45),MONTH($J$12),DAY($J$12)))) | N45: =IF(A45="","",YEAR(A45)) | O45: =IF(B45="","",IF($M$4=1,ROUND(-PMT((E$6+0.001)/E$7,(E$5*E$7-B44),F44,-C$8,0)-C45,2),0)) | P45: =IF(B45="","",IF($N$4=1,ROUND(F44*0.001*DAYS360(A44,A45,1)/360/C45,6),0)) | S45: =A45 | T45: =G45
A46: =IF(B46<=($E$5*$E$7),IF(DATE(YEAR(A45),MONTH(A45)+12/$E$7+1,DAY(1))-1<DATE(YEAR(A45),MONTH(A45)+12/$E$7,DAY($A$12)),DATE(YEAR(A45),MONTH(A45)+12/$E$7+1,DAY(1))-1,DATE(YEAR(A45),MONTH(A45)+12/$E$7,DAY($A$12))),"") | B46: =IF($E$5*$E$7<34,"",34) | C46: =IF(B46="","",IF($K$2=1,ROUND(D46+E46,2),ROUND(C45,2))) | D46: =IF(B46="","",ROUND(F45*E$6/E$7,2)) | E46: =IF(B46="","",IF($K$2=1,ROUND(E45,2),ROUND(C46-D46,2))) | F46: =IF(B46="","",F45-E46) | G46: =IF(C46="","",IF(SUM(C47:C$134)=0,C46-C$7+C$8+G$10+H46+R46,C46+H46+R46)) | I46: =IF(A47="","",I45-E46-H46) | J46: =IF(I45="","",I45*(A46-A45)/365) | K46: =IF(M46="","",IF(B47="",SUM($J$13:$J46),SUM($J$13:$J46,$J47*(M46-A46)/(A47-A46)))) | L46: =IF(M46="","",IF(B47="",SUM($D$13:$D46,$R$12:$R46,$G$5:$G$10,$C$9,-$C$10),SUM($D$13:$D46,$R$12:$R46,$G$5:$G$10,$D47*(M46-A46)/(A47-A46),$C$9,-$C$10))) | M46: =IF(N46=N47,"",IF(A47="",A46,DATE(YEAR(A46),MONTH($J$12),DAY($J$12)))) | N46: =IF(A46="","",YEAR(A46)) | O46: =IF(B46="","",IF($M$4=1,ROUND(-PMT((E$6+0.001)/E$7,(E$5*E$7-B45),F45,-C$8,0)-C46,2),0)) | P46: =IF(B46="","",IF($N$4=1,ROUND(F45*0.001*DAYS360(A45,A46,1)/360/C46,6),0)) | S46: =A46 | T46: =G46
A47: =IF(B47<=($E$5*$E$7),IF(DATE(YEAR(A46),MONTH(A46)+12/$E$7+1,DAY(1))-1<DATE(YEAR(A46),MONTH(A46)+12/$E$7,DAY($A$12)),DATE(YEAR(A46),MONTH(A46)+12/$E$7+1,DAY(1))-1,DATE(YEAR(A46),MONTH(A46)+12/$E$7,DAY($A$12))),"") | B47: =IF($E$5*$E$7<35,"",35) | C47: =IF(B47="","",IF($K$2=1,ROUND(D47+E47,2),ROUND(C46,2))) | D47: =IF(B47="","",ROUND(F46*E$6/E$7,2)) | E47: =IF(B47="","",IF($K$2=1,ROUND(E46,2),ROUND(C47-D47,2))) | F47: =IF(B47="","",F46-E47) | G47: =IF(C47="","",IF(SUM(C48:C$134)=0,C47-C$7+C$8+G$10+H47+R47,C47+H47+R47)) | I47: =IF(A48="","",I46-E47-H47) | J47: =IF(I46="","",I46*(A47-A46)/365) | K47: =IF(M47="","",IF(B48="",SUM($J$13:$J47),SUM($J$13:$J47,$J48*(M47-A47)/(A48-A47)))) | L47: =IF(M47="","",IF(B48="",SUM($D$13:$D47,$R$12:$R47,$G$5:$G$10,$C$9,-$C$10),SUM($D$13:$D47,$R$12:$R47,$G$5:$G$10,$D48*(M47-A47)/(A48-A47),$C$9,-$C$10))) | M47: =IF(N47=N48,"",IF(A48="",A47,DATE(YEAR(A47),MONTH($J$12),DAY($J$12)))) | N47: =IF(A47="","",YEAR(A47)) | O47: =IF(B47="","",IF($M$4=1,ROUND(-PMT((E$6+0.001)/E$7,(E$5*E$7-B46),F46,-C$8,0)-C47,2),0)) | P47: =IF(B47="","",IF($N$4=1,ROUND(F46*0.001*DAYS360(A46,A47,1)/360/C47,6),0)) | S47: =A47 | T47: =G47
A48: =IF(B48<=($E$5*$E$7),IF(DATE(YEAR(A47),MONTH(A47)+12/$E$7+1,DAY(1))-1<DATE(YEAR(A47),MONTH(A47)+12/$E$7,DAY($A$12)),DATE(YEAR(A47),MONTH(A47)+12/$E$7+1,DAY(1))-1,DATE(YEAR(A47),MONTH(A47)+12/$E$7,DAY($A$12))),"") | B48: =IF($E$5*$E$7<36,"",36) | C48: =IF(B48="","",IF($K$2=1,ROUND(D48+E48,2),ROUND(C47,2))) | D48: =IF(B48="","",ROUND(F47*E$6/E$7,2)) | E48: =IF(B48="","",IF($K$2=1,ROUND(E47,2),ROUND(C48-D48,2))) | F48: =IF(B48="","",F47-E48) | G48: =IF(C48="","",IF(SUM(C49:C$134)=0,C48-C$7+C$8+G$10+H48+R48,C48+H48+R48)) | I48: =IF(A49="","",I47-E48-H48) | J48: =IF(I47="","",I47*(A48-A47)/365) | K48: =IF(M48="","",IF(B49="",SUM($J$13:$J48),SUM($J$13:$J48,$J49*(M48-A48)/(A49-A48)))) | L48: =IF(M48="","",IF(B49="",SUM($D$13:$D48,$R$12:$R48,$G$5:$G$10,$C$9,-$C$10),SUM($D$13:$D48,$R$12:$R48,$G$5:$G$10,$D49*(M48-A48)/(A49-A48),$C$9,-$C$10))) | M48: =IF(N48=N49,"",IF(A49="",A48,DATE(YEAR(A48),MONTH($J$12),DAY($J$12)))) | N48: =IF(A48="","",YEAR(A48)) | O48: =IF(B48="","",IF($M$4=1,ROUND(-PMT((E$6+0.001)/E$7,(E$5*E$7-B47),F47,-C$8,0)-C48,2),0)) | P48: =IF(B48="","",IF($N$4=1,ROUND(F47*0.001*DAYS360(A47,A48,1)/360/C48,6),0)) | S48: =A48 | T48: =G48
A49: =IF(B49<=($E$5*$E$7),IF(DATE(YEAR(A48),MONTH(A48)+12/$E$7+1,DAY(1))-1<DATE(YEAR(A48),MONTH(A48)+12/$E$7,DAY($A$12)),DATE(YEAR(A48),MONTH(A48)+12/$E$7+1,DAY(1))-1,DATE(YEAR(A48),MONTH(A48)+12/$E$7,DAY($A$12))),"") | B49: =IF($E$5*$E$7<37,"",37) | C49: =IF(B49="","",IF($K$2=1,ROUND(D49+E49,2),ROUND(C48,2))) | D49: =IF(B49="","",ROUND(F48*E$6/E$7,2)) | E49: =IF(B49="","",IF($K$2=1,ROUND(E48,2),ROUND(C49-D49,2))) | F49: =IF(B49="","",F48-E49) | G49: =IF(C49="","",IF(SUM(C50:C$134)=0,C49-C$7+C$8+G$10+H49+R49,C49+H49+R49)) | I49: =IF(A50="","",I48-E49-H49) | J49: =IF(I48="","",I48*(A49-A48)/365) | K49: =IF(M49="","",IF(B50="",SUM($J$13:$J49),SUM($J$13:$J49,$J50*(M49-A49)/(A50-A49)))) | L49: =IF(M49="","",IF(B50="",SUM($D$13:$D49,$R$12:$R49,$G$5:$G$10,$C$9,-$C$10),SUM($D$13:$D49,$R$12:$R49,$G$5:$G$10,$D50*(M49-A49)/(A50-A49),$C$9,-$C$10))) | M49: =IF(N49=N50,"",IF(A50="",A49,DATE(YEAR(A49),MONTH($J$12),DAY($J$12)))) | N49: =IF(A49="","",YEAR(A49)) | O49: =IF(B49="","",IF($M$4=1,ROUND(-PMT((E$6+0.001)/E$7,(E$5*E$7-B48),F48,-C$8,0)-C49,2),0)) | P49: =IF(B49="","",IF($N$4=1,ROUND(F48*0.001*DAYS360(A48,A49,1)/360/C49,6),0)) | S49: =A49 | T49: =G49
A50: =IF(B50<=($E$5*$E$7),IF(DATE(YEAR(A49),MONTH(A49)+12/$E$7+1,DAY(1))-1<DATE(YEAR(A49),MONTH(A49)+12/$E$7,DAY($A$12)),DATE(YEAR(A49),MONTH(A49)+12/$E$7+1,DAY(1))-1,DATE(YEAR(A49),MONTH(A49)+12/$E$7,DAY($A$12))),"") | B50: =IF($E$5*$E$7<38,"",38) | C50: =IF(B50="","",IF($K$2=1,ROUND(D50+E50,2),ROUND(C49,2))) | D50: =IF(B50="","",ROUND(F49*E$6/E$7,2)) | E50: =IF(B50="","",IF($K$2=1,ROUND(E49,2),ROUND(C50-D50,2))) | F50: =IF(B50="","",F49-E50) | G50: =IF(C50="","",IF(SUM(C51:C$134)=0,C50-C$7+C$8+G$10+H50+R50,C50+H50+R50)) | I50: =IF(A51="","",I49-E50-H50) | J50: =IF(I49="","",I49*(A50-A49)/365) | K50: =IF(M50="","",IF(B51="",SUM($J$13:$J50),SUM($J$13:$J50,$J51*(M50-A50)/(A51-A50)))) | L50: =IF(M50="","",IF(B51="",SUM($D$13:$D50,$R$12:$R50,$G$5:$G$10,$C$9,-$C$10),SUM($D$13:$D50,$R$12:$R50,$G$5:$G$10,$D51*(M50-A50)/(A51-A50),$C$9,-$C$10))) | M50: =IF(N50=N51,"",IF(A51="",A50,DATE(YEAR(A50),MONTH($J$12),DAY($J$12)))) | N50: =IF(A50="","",YEAR(A50)) | O50: =IF(B50="","",IF($M$4=1,ROUND(-PMT((E$6+0.001)/E$7,(E$5*E$7-B49),F49,-C$8,0)-C50,2),0)) | P50: =IF(B50="","",IF($N$4=1,ROUND(F49*0.001*DAYS360(A49,A50,1)/360/C50,6),0)) | S50: =A50 | T50: =G50
A51: =IF(B51<=($E$5*$E$7),IF(DATE(YEAR(A50),MONTH(A50)+12/$E$7+1,DAY(1))-1<DATE(YEAR(A50),MONTH(A50)+12/$E$7,DAY($A$12)),DATE(YEAR(A50),MONTH(A50)+12/$E$7+1,DAY(1))-1,DATE(YEAR(A50),MONTH(A50)+12/$E$7,DAY($A$12))),"") | B51: =IF($E$5*$E$7<39,"",39) | C51: =IF(B51="","",IF($K$2=1,ROUND(D51+E51,2),ROUND(C50,2))) | D51: =IF(B51="","",ROUND(F50*E$6/E$7,2)) | E51: =IF(B51="","",IF($K$2=1,ROUND(E50,2),ROUND(C51-D51,2))) | F51: =IF(B51="","",F50-E51) | G51: =IF(C51="","",IF(SUM(C52:C$134)=0,C51-C$7+C$8+G$10+H51+R51,C51+H51+R51)) | I51: =IF(A52="","",I50-E51-H51) | J51: =IF(I50="","",I50*(A51-A50)/365) | K51: =IF(M51="","",IF(B52="",SUM($J$13:$J51),SUM($J$13:$J51,$J52*(M51-A51)/(A52-A51)))) | L51: =IF(M51="","",IF(B52="",SUM($D$13:$D51,$R$12:$R51,$G$5:$G$10,$C$9,-$C$10),SUM($D$13:$D51,$R$12:$R51,$G$5:$G$10,$D52*(M51-A51)/(A52-A51),$C$9,-$C$10))) | M51: =IF(N51=N52,"",IF(A52="",A51,DATE(YEAR(A51),MONTH($J$12),DAY($J$12)))) | N51: =IF(A51="","",YEAR(A51)) | O51: =IF(B51="","",IF($M$4=1,ROUND(-PMT((E$6+0.001)/E$7,(E$5*E$7-B50),F50,-C$8,0)-C51,2),0)) | P51: =IF(B51="","",IF($N$4=1,ROUND(F50*0.001*DAYS360(A50,A51,1)/360/C51,6),0)) | S51: =A51 | T51: =G51
A52: =IF(B52<=($E$5*$E$7),IF(DATE(YEAR(A51),MONTH(A51)+12/$E$7+1,DAY(1))-1<DATE(YEAR(A51),MONTH(A51)+12/$E$7,DAY($A$12)),DATE(YEAR(A51),MONTH(A51)+12/$E$7+1,DAY(1))-1,DATE(YEAR(A51),MONTH(A51)+12/$E$7,DAY($A$12))),"") | B52: =IF($E$5*$E$7<40,"",40) | C52: =IF(B52="","",IF($K$2=1,ROUND(D52+E52,2),ROUND(C51,2))) | D52: =IF(B52="","",ROUND(F51*E$6/E$7,2)) | E52: =IF(B52="","",IF($K$2=1,ROUND(E51,2),ROUND(C52-D52,2))) | F52: =IF(B52="","",F51-E52) | G52: =IF(C52="","",IF(SUM(C53:C$134)=0,C52-C$7+C$8+G$10+H52+R52,C52+H52+R52)) | I52: =IF(A53="","",I51-E52-H52) | J52: =IF(I51="","",I51*(A52-A51)/365) | K52: =IF(M52="","",IF(B53="",SUM($J$13:$J52),SUM($J$13:$J52,$J53*(M52-A52)/(A53-A52)))) | L52: =IF(M52="","",IF(B53="",SUM($D$13:$D52,$R$12:$R52,$G$5:$G$10,$C$9,-$C$10),SUM($D$13:$D52,$R$12:$R52,$G$5:$G$10,$D53*(M52-A52)/(A53-A52),$C$9,-$C$10))) | M52: =IF(N52=N53,"",IF(A53="",A52,DATE(YEAR(A52),MONTH($J$12),DAY($J$12)))) | N52: =IF(A52="","",YEAR(A52)) | O52: =IF(B52="","",IF($M$4=1,ROUND(-PMT((E$6+0.001)/E$7,(E$5*E$7-B51),F51,-C$8,0)-C52,2),0)) | P52: =IF(B52="","",IF($N$4=1,ROUND(F51*0.001*DAYS360(A51,A52,1)/360/C52,6),0)) | S52: =A52 | T52: =G52
A53: =IF(B53<=($E$5*$E$7),IF(DATE(YEAR(A52),MONTH(A52)+12/$E$7+1,DAY(1))-1<DATE(YEAR(A52),MONTH(A52)+12/$E$7,DAY($A$12)),DATE(YEAR(A52),MONTH(A52)+12/$E$7+1,DAY(1))-1,DATE(YEAR(A52),MONTH(A52)+12/$E$7,DAY($A$12))),"") | B53: =IF($E$5*$E$7<41,"",41) | C53: =IF(B53="","",IF($K$2=1,ROUND(D53+E53,2),ROUND(C52,2))) | D53: =IF(B53="","",ROUND(F52*E$6/E$7,2)) | E53: =IF(B53="","",IF($K$2=1,ROUND(E52,2),ROUND(C53-D53,2))) | F53: =IF(B53="","",F52-E53) | G53: =IF(C53="","",IF(SUM(C54:C$134)=0,C53-C$7+C$8+G$10+H53+R53,C53+H53+R53)) | I53: =IF(A54="","",I52-E53-H53) | J53: =IF(I52="","",I52*(A53-A52)/365) | K53: =IF(M53="","",IF(B54="",SUM($J$13:$J53),SUM($J$13:$J53,$J54*(M53-A53)/(A54-A53)))) | L53: =IF(M53="","",IF(B54="",SUM($D$13:$D53,$R$12:$R53,$G$5:$G$10,$C$9,-$C$10),SUM($D$13:$D53,$R$12:$R53,$G$5:$G$10,$D54*(M53-A53)/(A54-A53),$C$9,-$C$10))) | M53: =IF(N53=N54,"",IF(A54="",A53,DATE(YEAR(A53),MONTH($J$12),DAY($J$12)))) | N53: =IF(A53="","",YEAR(A53)) | O53: =IF(B53="","",IF($M$4=1,ROUND(-PMT((E$6+0.001)/E$7,(E$5*E$7-B52),F52,-C$8,0)-C53,2),0)) | P53: =IF(B53="","",IF($N$4=1,ROUND(F52*0.001*DAYS360(A52,A53,1)/360/C53,6),0)) | S53: =A53 | T53: =G53
A54: =IF(B54<=($E$5*$E$7),IF(DATE(YEAR(A53),MONTH(A53)+12/$E$7+1,DAY(1))-1<DATE(YEAR(A53),MONTH(A53)+12/$E$7,DAY($A$12)),DATE(YEAR(A53),MONTH(A53)+12/$E$7+1,DAY(1))-1,DATE(YEAR(A53),MONTH(A53)+12/$E$7,DAY($A$12))),"") | B54: =IF($E$5*$E$7<42,"",42) | C54: =IF(B54="","",IF($K$2=1,ROUND(D54+E54,2),ROUND(C53,2))) | D54: =IF(B54="","",ROUND(F53*E$6/E$7,2)) | E54: =IF(B54="","",IF($K$2=1,ROUND(E53,2),ROUND(C54-D54,2))) | F54: =IF(B54="","",F53-E54) | G54: =IF(C54="","",IF(SUM(C55:C$134)=0,C54-C$7+C$8+G$10+H54+R54,C54+H54+R54)) | I54: =IF(A55="","",I53-E54-H54) | J54: =IF(I53="","",I53*(A54-A53)/365) | K54: =IF(M54="","",IF(B55="",SUM($J$13:$J54),SUM($J$13:$J54,$J55*(M54-A54)/(A55-A54)))) | L54: =IF(M54="","",IF(B55="",SUM($D$13:$D54,$R$12:$R54,$G$5:$G$10,$C$9,-$C$10),SUM($D$13:$D54,$R$12:$R54,$G$5:$G$10,$D55*(M54-A54)/(A55-A54),$C$9,-$C$10))) | M54: =IF(N54=N55,"",IF(A55="",A54,DATE(YEAR(A54),MONTH($J$12),DAY($J$12)))) | N54: =IF(A54="","",YEAR(A54)) | O54: =IF(B54="","",IF($M$4=1,ROUND(-PMT((E$6+0.001)/E$7,(E$5*E$7-B53),F53,-C$8,0)-C54,2),0)) | P54: =IF(B54="","",IF($N$4=1,ROUND(F53*0.001*DAYS360(A53,A54,1)/360/C54,6),0)) | S54: =A54 | T54: =G54
A55: =IF(B55<=($E$5*$E$7),IF(DATE(YEAR(A54),MONTH(A54)+12/$E$7+1,DAY(1))-1<DATE(YEAR(A54),MONTH(A54)+12/$E$7,DAY($A$12)),DATE(YEAR(A54),MONTH(A54)+12/$E$7+1,DAY(1))-1,DATE(YEAR(A54),MONTH(A54)+12/$E$7,DAY($A$12))),"") | B55: =IF($E$5*$E$7<43,"",43) | C55: =IF(B55="","",IF($K$2=1,ROUND(D55+E55,2),ROUND(C54,2))) | D55: =IF(B55="","",ROUND(F54*E$6/E$7,2)) | E55: =IF(B55="","",IF($K$2=1,ROUND(E54,2),ROUND(C55-D55,2))) | F55: =IF(B55="","",F54-E55) | G55: =IF(C55="","",IF(SUM(C56:C$134)=0,C55-C$7+C$8+G$10+H55+R55,C55+H55+R55)) | I55: =IF(A56="","",I54-E55-H55) | J55: =IF(I54="","",I54*(A55-A54)/365) | K55: =IF(M55="","",IF(B56="",SUM($J$13:$J55),SUM($J$13:$J55,$J56*(M55-A55)/(A56-A55)))) | L55: =IF(M55="","",IF(B56="",SUM($D$13:$D55,$R$12:$R55,$G$5:$G$10,$C$9,-$C$10),SUM($D$13:$D55,$R$12:$R55,$G$5:$G$10,$D56*(M55-A55)/(A56-A55),$C$9,-$C$10))) | M55: =IF(N55=N56,"",IF(A56="",A55,DATE(YEAR(A55),MONTH($J$12),DAY($J$12)))) | N55: =IF(A55="","",YEAR(A55)) | O55: =IF(B55="","",IF($M$4=1,ROUND(-PMT((E$6+0.001)/E$7,(E$5*E$7-B54),F54,-C$8,0)-C55,2),0)) | P55: =IF(B55="","",IF($N$4=1,ROUND(F54*0.001*DAYS360(A54,A55,1)/360/C55,6),0)) | S55: =A55 | T55: =G55
A56: =IF(B56<=($E$5*$E$7),IF(DATE(YEAR(A55),MONTH(A55)+12/$E$7+1,DAY(1))-1<DATE(YEAR(A55),MONTH(A55)+12/$E$7,DAY($A$12)),DATE(YEAR(A55),MONTH(A55)+12/$E$7+1,DAY(1))-1,DATE(YEAR(A55),MONTH(A55)+12/$E$7,DAY($A$12))),"") | B56: =IF($E$5*$E$7<44,"",44) | C56: =IF(B56="","",IF($K$2=1,ROUND(D56+E56,2),ROUND(C55,2))) | D56: =IF(B56="","",ROUND(F55*E$6/E$7,2)) | E56: =IF(B56="","",IF($K$2=1,ROUND(E55,2),ROUND(C56-D56,2))) | F56: =IF(B56="","",F55-E56) | G56: =IF(C56="","",IF(SUM(C57:C$134)=0,C56-C$7+C$8+G$10+H56+R56,C56+H56+R56)) | I56: =IF(A57="","",I55-E56-H56) | J56: =IF(I55="","",I55*(A56-A55)/365) | K56: =IF(M56="","",IF(B57="",SUM($J$13:$J56),SUM($J$13:$J56,$J57*(M56-A56)/(A57-A56)))) | L56: =IF(M56="","",IF(B57="",SUM($D$13:$D56,$R$12:$R56,$G$5:$G$10,$C$9,-$C$10),SUM($D$13:$D56,$R$12:$R56,$G$5:$G$10,$D57*(M56-A56)/(A57-A56),$C$9,-$C$10))) | M56: =IF(N56=N57,"",IF(A57="",A56,DATE(YEAR(A56),MONTH($J$12),DAY($J$12)))) | N56: =IF(A56="","",YEAR(A56)) | O56: =IF(B56="","",IF($M$4=1,ROUND(-PMT((E$6+0.001)/E$7,(E$5*E$7-B55),F55,-C$8,0)-C56,2),0)) | P56: =IF(B56="","",IF($N$4=1,ROUND(F55*0.001*DAYS360(A55,A56,1)/360/C56,6),0)) | S56: =A56 | T56: =G56
A57: =IF(B57<=($E$5*$E$7),IF(DATE(YEAR(A56),MONTH(A56)+12/$E$7+1,DAY(1))-1<DATE(YEAR(A56),MONTH(A56)+12/$E$7,DAY($A$12)),DATE(YEAR(A56),MONTH(A56)+12/$E$7+1,DAY(1))-1,DATE(YEAR(A56),MONTH(A56)+12/$E$7,DAY($A$12))),"") | B57: =IF($E$5*$E$7<45,"",45) | C57: =IF(B57="","",IF($K$2=1,ROUND(D57+E57,2),ROUND(C56,2))) | D57: =IF(B57="","",ROUND(F56*E$6/E$7,2)) | E57: =IF(B57="","",IF($K$2=1,ROUND(E56,2),ROUND(C57-D57,2))) | F57: =IF(B57="","",F56-E57) | G57: =IF(C57="","",IF(SUM(C58:C$134)=0,C57-C$7+C$8+G$10+H57+R57,C57+H57+R57)) | I57: =IF(A58="","",I56-E57-H57) | J57: =IF(I56="","",I56*(A57-A56)/365) | K57: =IF(M57="","",IF(B58="",SUM($J$13:$J57),SUM($J$13:$J57,$J58*(M57-A57)/(A58-A57)))) | L57: =IF(M57="","",IF(B58="",SUM($D$13:$D57,$R$12:$R57,$G$5:$G$10,$C$9,-$C$10),SUM($D$13:$D57,$R$12:$R57,$G$5:$G$10,$D58*(M57-A57)/(A58-A57),$C$9,-$C$10))) | M57: =IF(N57=N58,"",IF(A58="",A57,DATE(YEAR(A57),MONTH($J$12),DAY($J$12)))) | N57: =IF(A57="","",YEAR(A57)) | O57: =IF(B57="","",IF($M$4=1,ROUND(-PMT((E$6+0.001)/E$7,(E$5*E$7-B56),F56,-C$8,0)-C57,2),0)) | P57: =IF(B57="","",IF($N$4=1,ROUND(F56*0.001*DAYS360(A56,A57,1)/360/C57,6),0)) | S57: =A57 | T57: =G57
A58: =IF(B58<=($E$5*$E$7),IF(DATE(YEAR(A57),MONTH(A57)+12/$E$7+1,DAY(1))-1<DATE(YEAR(A57),MONTH(A57)+12/$E$7,DAY($A$12)),DATE(YEAR(A57),MONTH(A57)+12/$E$7+1,DAY(1))-1,DATE(YEAR(A57),MONTH(A57)+12/$E$7,DAY($A$12))),"") | B58: =IF($E$5*$E$7<46,"",46) | C58: =IF(B58="","",IF($K$2=1,ROUND(D58+E58,2),ROUND(C57,2))) | D58: =IF(B58="","",ROUND(F57*E$6/E$7,2)) | E58: =IF(B58="","",IF($K$2=1,ROUND(E57,2),ROUND(C58-D58,2))) | F58: =IF(B58="","",F57-E58) | G58: =IF(C58="","",IF(SUM(C59:C$134)=0,C58-C$7+C$8+G$10+H58+R58,C58+H58+R58)) | I58: =IF(A59="","",I57-E58-H58) | J58: =IF(I57="","",I57*(A58-A57)/365) | K58: =IF(M58="","",IF(B59="",SUM($J$13:$J58),SUM($J$13:$J58,$J59*(M58-A58)/(A59-A58)))) | L58: =IF(M58="","",IF(B59="",SUM($D$13:$D58,$R$12:$R58,$G$5:$G$10,$C$9,-$C$10),SUM($D$13:$D58,$R$12:$R58,$G$5:$G$10,$D59*(M58-A58)/(A59-A58),$C$9,-$C$10))) | M58: =IF(N58=N59,"",IF(A59="",A58,DATE(YEAR(A58),MONTH($J$12),DAY($J$12)))) | N58: =IF(A58="","",YEAR(A58)) | O58: =IF(B58="","",IF($M$4=1,ROUND(-PMT((E$6+0.001)/E$7,(E$5*E$7-B57),F57,-C$8,0)-C58,2),0)) | P58: =IF(B58="","",IF($N$4=1,ROUND(F57*0.001*DAYS360(A57,A58,1)/360/C58,6),0)) | S58: =A58 | T58: =G58
A59: =IF(B59<=($E$5*$E$7),IF(DATE(YEAR(A58),MONTH(A58)+12/$E$7+1,DAY(1))-1<DATE(YEAR(A58),MONTH(A58)+12/$E$7,DAY($A$12)),DATE(YEAR(A58),MONTH(A58)+12/$E$7+1,DAY(1))-1,DATE(YEAR(A58),MONTH(A58)+12/$E$7,DAY($A$12))),"") | B59: =IF($E$5*$E$7<47,"",47) | C59: =IF(B59="","",IF($K$2=1,ROUND(D59+E59,2),ROUND(C58,2))) | D59: =IF(B59="","",ROUND(F58*E$6/E$7,2)) | E59: =IF(B59="","",IF($K$2=1,ROUND(E58,2),ROUND(C59-D59,2))) | F59: =IF(B59="","",F58-E59) | G59: =IF(C59="","",IF(SUM(C60:C$134)=0,C59-C$7+C$8+G$10+H59+R59,C59+H59+R59)) | I59: =IF(A60="","",I58-E59-H59) | J59: =IF(I58="","",I58*(A59-A58)/365) | K59: =IF(M59="","",IF(B60="",SUM($J$13:$J59),SUM($J$13:$J59,$J60*(M59-A59)/(A60-A59)))) | L59: =IF(M59="","",IF(B60="",SUM($D$13:$D59,$R$12:$R59,$G$5:$G$10,$C$9,-$C$10),SUM($D$13:$D59,$R$12:$R59,$G$5:$G$10,$D60*(M59-A59)/(A60-A59),$C$9,-$C$10))) | M59: =IF(N59=N60,"",IF(A60="",A59,DATE(YEAR(A59),MONTH($J$12),DAY($J$12)))) | N59: =IF(A59="","",YEAR(A59)) | O59: =IF(B59="","",IF($M$4=1,ROUND(-PMT((E$6+0.001)/E$7,(E$5*E$7-B58),F58,-C$8,0)-C59,2),0)) | P59: =IF(B59="","",IF($N$4=1,ROUND(F58*0.001*DAYS360(A58,A59,1)/360/C59,6),0)) | S59: =A59 | T59: =G59
A60: =IF(B60<=($E$5*$E$7),IF(DATE(YEAR(A59),MONTH(A59)+12/$E$7+1,DAY(1))-1<DATE(YEAR(A59),MONTH(A59)+12/$E$7,DAY($A$12)),DATE(YEAR(A59),MONTH(A59)+12/$E$7+1,DAY(1))-1,DATE(YEAR(A59),MONTH(A59)+12/$E$7,DAY($A$12))),"") | B60: =IF($E$5*$E$7<48,"",48) | C60: =IF(B60="","",IF($K$2=1,ROUND(D60+E60,2),ROUND(C59,2))) | D60: =IF(B60="","",ROUND(F59*E$6/E$7,2)) | E60: =IF(B60="","",IF($K$2=1,ROUND(E59,2),ROUND(C60-D60,2))) | F60: =IF(B60="","",F59-E60) | G60: =IF(C60="","",IF(SUM(C61:C$134)=0,C60-C$7+C$8+G$10+H60+R60,C60+H60+R60)) | I60: =IF(A61="","",I59-E60-H60) | J60: =IF(I59="","",I59*(A60-A59)/365) | K60: =IF(M60="","",IF(B61="",SUM($J$13:$J60),SUM($J$13:$J60,$J61*(M60-A60)/(A61-A60)))) | L60: =IF(M60="","",IF(B61="",SUM($D$13:$D60,$R$12:$R60,$G$5:$G$10,$C$9,-$C$10),SUM($D$13:$D60,$R$12:$R60,$G$5:$G$10,$D61*(M60-A60)/(A61-A60),$C$9,-$C$10))) | M60: =IF(N60=N61,"",IF(A61="",A60,DATE(YEAR(A60),MONTH($J$12),DAY($J$12)))) | N60: =IF(A60="","",YEAR(A60)) | O60: =IF(B60="","",IF($M$4=1,ROUND(-PMT((E$6+0.001)/E$7,(E$5*E$7-B59),F59,-C$8,0)-C60,2),0)) | P60: =IF(B60="","",IF($N$4=1,ROUND(F59*0.001*DAYS360(A59,A60,1)/360/C60,6),0)) | S60: =A60 | T60: =G60
A61: =IF(B61<=($E$5*$E$7),IF(DATE(YEAR(A60),MONTH(A60)+12/$E$7+1,DAY(1))-1<DATE(YEAR(A60),MONTH(A60)+12/$E$7,DAY($A$12)),DATE(YEAR(A60),MONTH(A60)+12/$E$7+1,DAY(1))-1,DATE(YEAR(A60),MONTH(A60)+12/$E$7,DAY($A$12))),"") | B61: =IF($E$5*$E$7<49,"",49) | C61: =IF(B61="","",IF($K$2=1,ROUND(D61+E61,2),ROUND(C60,2))) | D61: =IF(B61="","",ROUND(F60*E$6/E$7,2)) | E61: =IF(B61="","",IF($K$2=1,ROUND(E60,2),ROUND(C61-D61,2))) | F61: =IF(B61="","",F60-E61) | G61: =IF(C61="","",IF(SUM(C62:C$134)=0,C61-C$7+C$8+G$10+H61+R61,C61+H61+R61)) | I61: =IF(A62="","",I60-E61-H61) | J61: =IF(I60="","",I60*(A61-A60)/365) | K61: =IF(M61="","",IF(B62="",SUM($J$13:$J61),SUM($J$13:$J61,$J62*(M61-A61)/(A62-A61)))) | L61: =IF(M61="","",IF(B62="",SUM($D$13:$D61,$R$12:$R61,$G$5:$G$10,$C$9,-$C$10),SUM($D$13:$D61,$R$12:$R61,$G$5:$G$10,$D62*(M61-A61)/(A62-A61),$C$9,-$C$10))) | M61: =IF(N61=N62,"",IF(A62="",A61,DATE(YEAR(A61),MONTH($J$12),DAY($J$12)))) | N61: =IF(A61="","",YEAR(A61)) | O61: =IF(B61="","",IF($M$4=1,ROUND(-PMT((E$6+0.001)/E$7,(E$5*E$7-B60),F60,-C$8,0)-C61,2),0)) | P61: =IF(B61="","",IF($N$4=1,ROUND(F60*0.001*DAYS360(A60,A61,1)/360/C61,6),0)) | S61: =A61 | T61: =G61
A62: =IF(B62<=($E$5*$E$7),IF(DATE(YEAR(A61),MONTH(A61)+12/$E$7+1,DAY(1))-1<DATE(YEAR(A61),MONTH(A61)+12/$E$7,DAY($A$12)),DATE(YEAR(A61),MONTH(A61)+12/$E$7+1,DAY(1))-1,DATE(YEAR(A61),MONTH(A61)+12/$E$7,DAY($A$12))),"") | B62: =IF($E$5*$E$7<50,"",50) | C62: =IF(B62="","",IF($K$2=1,ROUND(D62+E62,2),ROUND(C61,2))) | D62: =IF(B62="","",ROUND(F61*E$6/E$7,2)) | E62: =IF(B62="","",IF($K$2=1,ROUND(E61,2),ROUND(C62-D62,2))) | F62: =IF(B62="","",F61-E62) | G62: =IF(C62="","",IF(SUM(C63:C$134)=0,C62-C$7+C$8+G$10+H62+R62,C62+H62+R62)) | I62: =IF(A63="","",I61-E62-H62) | J62: =IF(I61="","",I61*(A62-A61)/365) | K62: =IF(M62="","",IF(B63="",SUM($J$13:$J62),SUM($J$13:$J62,$J63*(M62-A62)/(A63-A62)))) | L62: =IF(M62="","",IF(B63="",SUM($D$13:$D62,$R$12:$R62,$G$5:$G$10,$C$9,-$C$10),SUM($D$13:$D62,$R$12:$R62,$G$5:$G$10,$D63*(M62-A62)/(A63-A62),$C$9,-$C$10))) | M62: =IF(N62=N63,"",IF(A63="",A62,DATE(YEAR(A62),MONTH($J$12),DAY($J$12)))) | N62: =IF(A62="","",YEAR(A62)) | O62: =IF(B62="","",IF($M$4=1,ROUND(-PMT((E$6+0.001)/E$7,(E$5*E$7-B61),F61,-C$8,0)-C62,2),0)) | P62: =IF(B62="","",IF($N$4=1,ROUND(F61*0.001*DAYS360(A61,A62,1)/360/C62,6),0)) | S62: =A62 | T62: =G62
A63: =IF(B63<=($E$5*$E$7),IF(DATE(YEAR(A62),MONTH(A62)+12/$E$7+1,DAY(1))-1<DATE(YEAR(A62),MONTH(A62)+12/$E$7,DAY($A$12)),DATE(YEAR(A62),MONTH(A62)+12/$E$7+1,DAY(1))-1,DATE(YEAR(A62),MONTH(A62)+12/$E$7,DAY($A$12))),"") | B63: =IF($E$5*$E$7<51,"",51) | C63: =IF(B63="","",IF($K$2=1,ROUND(D63+E63,2),ROUND(C62,2))) | D63: =IF(B63="","",ROUND(F62*E$6/E$7,2)) | E63: =IF(B63="","",IF($K$2=1,ROUND(E62,2),ROUND(C63-D63,2))) | F63: =IF(B63="","",F62-E63) | G63: =IF(C63="","",IF(SUM(C64:C$134)=0,C63-C$7+C$8+G$10+H63+R63,C63+H63+R63)) | I63: =IF(A64="","",I62-E63-H63) | J63: =IF(I62="","",I62*(A63-A62)/365) | K63: =IF(M63="","",IF(B64="",SUM($J$13:$J63),SUM($J$13:$J63,$J64*(M63-A63)/(A64-A63)))) | L63: =IF(M63="","",IF(B64="",SUM($D$13:$D63,$R$12:$R63,$G$5:$G$10,$C$9,-$C$10),SUM($D$13:$D63,$R$12:$R63,$G$5:$G$10,$D64*(M63-A63)/(A64-A63),$C$9,-$C$10))) | M63: =IF(N63=N64,"",IF(A64="",A63,DATE(YEAR(A63),MONTH($J$12),DAY($J$12)))) | N63: =IF(A63="","",YEAR(A63)) | O63: =IF(B63="","",IF($M$4=1,ROUND(-PMT((E$6+0.001)/E$7,(E$5*E$7-B62),F62,-C$8,0)-C63,2),0)) | P63: =IF(B63="","",IF($N$4=1,ROUND(F62*0.001*DAYS360(A62,A63,1)/360/C63,6),0)) | S63: =A63 | T63: =G63
A64: =IF(B64<=($E$5*$E$7),IF(DATE(YEAR(A63),MONTH(A63)+12/$E$7+1,DAY(1))-1<DATE(YEAR(A63),MONTH(A63)+12/$E$7,DAY($A$12)),DATE(YEAR(A63),MONTH(A63)+12/$E$7+1,DAY(1))-1,DATE(YEAR(A63),MONTH(A63)+12/$E$7,DAY($A$12))),"") | B64: =IF($E$5*$E$7<52,"",52) | C64: =IF(B64="","",IF($K$2=1,ROUND(D64+E64,2),ROUND(C63,2))) | D64: =IF(B64="","",ROUND(F63*E$6/E$7,2)) | E64: =IF(B64="","",IF($K$2=1,ROUND(E63,2),ROUND(C64-D64,2))) | F64: =IF(B64="","",F63-E64) | G64: =IF(C64="","",IF(SUM(C65:C$134)=0,C64-C$7+C$8+G$10+H64+R64,C64+H64+R64)) | I64: =IF(A65="","",I63-E64-H64) | J64: =IF(I63="","",I63*(A64-A63)/365) | K64: =IF(M64="","",IF(B65="",SUM($J$13:$J64),SUM($J$13:$J64,$J65*(M64-A64)/(A65-A64)))) | L64: =IF(M64="","",IF(B65="",SUM($D$13:$D64,$R$12:$R64,$G$5:$G$10,$C$9,-$C$10),SUM($D$13:$D64,$R$12:$R64,$G$5:$G$10,$D65*(M64-A64)/(A65-A64),$C$9,-$C$10))) | M64: =IF(N64=N65,"",IF(A65="",A64,DATE(YEAR(A64),MONTH($J$12),DAY($J$12)))) | N64: =IF(A64="","",YEAR(A64)) | O64: =IF(B64="","",IF($M$4=1,ROUND(-PMT((E$6+0.001)/E$7,(E$5*E$7-B63),F63,-C$8,0)-C64,2),0)) | P64: =IF(B64="","",IF($N$4=1,ROUND(F63*0.001*DAYS360(A63,A64,1)/360/C64,6),0)) | S64: =A64 | T64: =G64
A65: =IF(B65<=($E$5*$E$7),IF(DATE(YEAR(A64),MONTH(A64)+12/$E$7+1,DAY(1))-1<DATE(YEAR(A64),MONTH(A64)+12/$E$7,DAY($A$12)),DATE(YEAR(A64),MONTH(A64)+12/$E$7+1,DAY(1))-1,DATE(YEAR(A64),MONTH(A64)+12/$E$7,DAY($A$12))),"") | B65: =IF($E$5*$E$7<53,"",53) | C65: =IF(B65="","",IF($K$2=1,ROUND(D65+E65,2),ROUND(C64,2))) | D65: =IF(B65="","",ROUND(F64*E$6/E$7,2)) | E65: =IF(B65="","",IF($K$2=1,ROUND(E64,2),ROUND(C65-D65,2))) | F65: =IF(B65="","",F64-E65) | G65: =IF(C65="","",IF(SUM(C66:C$134)=0,C65-C$7+C$8+G$10+H65+R65,C65+H65+R65)) | I65: =IF(A66="","",I64-E65-H65) | J65: =IF(I64="","",I64*(A65-A64)/365) | K65: =IF(M65="","",IF(B66="",SUM($J$13:$J65),SUM($J$13:$J65,$J66*(M65-A65)/(A66-A65)))) | L65: =IF(M65="","",IF(B66="",SUM($D$13:$D65,$R$12:$R65,$G$5:$G$10,$C$9,-$C$10),SUM($D$13:$D65,$R$12:$R65,$G$5:$G$10,$D66*(M65-A65)/(A66-A65),$C$9,-$C$10))) | M65: =IF(N65=N66,"",IF(A66="",A65,DATE(YEAR(A65),MONTH($J$12),DAY($J$12)))) | N65: =IF(A65="","",YEAR(A65)) | O65: =IF(B65="","",IF($M$4=1,ROUND(-PMT((E$6+0.001)/E$7,(E$5*E$7-B64),F64,-C$8,0)-C65,2),0)) | P65: =IF(B65="","",IF($N$4=1,ROUND(F64*0.001*DAYS360(A64,A65,1)/360/C65,6),0)) | S65: =A65 | T65: =G65
A66: =IF(B66<=($E$5*$E$7),IF(DATE(YEAR(A65),MONTH(A65)+12/$E$7+1,DAY(1))-1<DATE(YEAR(A65),MONTH(A65)+12/$E$7,DAY($A$12)),DATE(YEAR(A65),MONTH(A65)+12/$E$7+1,DAY(1))-1,DATE(YEAR(A65),MONTH(A65)+12/$E$7,DAY($A$12))),"") | B66: =IF($E$5*$E$7<54,"",54) | C66: =IF(B66="","",IF($K$2=1,ROUND(D66+E66,2),ROUND(C65,2))) | D66: =IF(B66="","",ROUND(F65*E$6/E$7,2)) | E66: =IF(B66="","",IF($K$2=1,ROUND(E65,2),ROUND(C66-D66,2))) | F66: =IF(B66="","",F65-E66) | G66: =IF(C66="","",IF(SUM(C67:C$134)=0,C66-C$7+C$8+G$10+H66+R66,C66+H66+R66)) | I66: =IF(A67="","",I65-E66-H66) | J66: =IF(I65="","",I65*(A66-A65)/365) | K66: =IF(M66="","",IF(B67="",SUM($J$13:$J66),SUM($J$13:$J66,$J67*(M66-A66)/(A67-A66)))) | L66: =IF(M66="","",IF(B67="",SUM($D$13:$D66,$R$12:$R66,$G$5:$G$10,$C$9,-$C$10),SUM($D$13:$D66,$R$12:$R66,$G$5:$G$10,$D67*(M66-A66)/(A67-A66),$C$9,-$C$10))) | M66: =IF(N66=N67,"",IF(A67="",A66,DATE(YEAR(A66),MONTH($J$12),DAY($J$12)))) | N66: =IF(A66="","",YEAR(A66)) | O66: =IF(B66="","",IF($M$4=1,ROUND(-PMT((E$6+0.001)/E$7,(E$5*E$7-B65),F65,-C$8,0)-C66,2),0)) | P66: =IF(B66="","",IF($N$4=1,ROUND(F65*0.001*DAYS360(A65,A66,1)/360/C66,6),0)) | S66: =A66 | T66: =G66
A67: =IF(B67<=($E$5*$E$7),IF(DATE(YEAR(A66),MONTH(A66)+12/$E$7+1,DAY(1))-1<DATE(YEAR(A66),MONTH(A66)+12/$E$7,DAY($A$12)),DATE(YEAR(A66),MONTH(A66)+12/$E$7+1,DAY(1))-1,DATE(YEAR(A66),MONTH(A66)+12/$E$7,DAY($A$12))),"") | B67: =IF($E$5*$E$7<55,"",55) | C67: =IF(B67="","",IF($K$2=1,ROUND(D67+E67,2),ROUND(C66,2))) | D67: =IF(B67="","",ROUND(F66*E$6/E$7,2)) | E67: =IF(B67="","",IF($K$2=1,ROUND(E66,2),ROUND(C67-D67,2))) | F67: =IF(B67="","",F66-E67) | G67: =IF(C67="","",IF(SUM(C68:C$134)=0,C67-C$7+C$8+G$10+H67+R67,C67+H67+R67)) | I67: =IF(A68="","",I66-E67-H67) | J67: =IF(I66="","",I66*(A67-A66)/365) | K67: =IF(M67="","",IF(B68="",SUM($J$13:$J67),SUM($J$13:$J67,$J68*(M67-A67)/(A68-A67)))) | L67: =IF(M67="","",IF(B68="",SUM($D$13:$D67,$R$12:$R67,$G$5:$G$10,$C$9,-$C$10),SUM($D$13:$D67,$R$12:$R67,$G$5:$G$10,$D68*(M67-A67)/(A68-A67),$C$9,-$C$10))) | M67: =IF(N67=N68,"",IF(A68="",A67,DATE(YEAR(A67),MONTH($J$12),DAY($J$12)))) | N67: =IF(A67="","",YEAR(A67)) | O67: =IF(B67="","",IF($M$4=1,ROUND(-PMT((E$6+0.001)/E$7,(E$5*E$7-B66),F66,-C$8,0)-C67,2),0)) | P67: =IF(B67="","",IF($N$4=1,ROUND(F66*0.001*DAYS360(A66,A67,1)/360/C67,6),0)) | S67: =A67 | T67: =G67
A68: =IF(B68<=($E$5*$E$7),IF(DATE(YEAR(A67),MONTH(A67)+12/$E$7+1,DAY(1))-1<DATE(YEAR(A67),MONTH(A67)+12/$E$7,DAY($A$12)),DATE(YEAR(A67),MONTH(A67)+12/$E$7+1,DAY(1))-1,DATE(YEAR(A67),MONTH(A67)+12/$E$7,DAY($A$12))),"") | B68: =IF($E$5*$E$7<56,"",56) | C68: =IF(B68="","",IF($K$2=1,ROUND(D68+E68,2),ROUND(C67,2))) | D68: =IF(B68="","",ROUND(F67*E$6/E$7,2)) | E68: =IF(B68="","",IF($K$2=1,ROUND(E67,2),ROUND(C68-D68,2))) | F68: =IF(B68="","",F67-E68) | G68: =IF(C68="","",IF(SUM(C69:C$134)=0,C68-C$7+C$8+G$10+H68+R68,C68+H68+R68)) | I68: =IF(A69="","",I67-E68-H68) | J68: =IF(I67="","",I67*(A68-A67)/365) | K68: =IF(M68="","",IF(B69="",SUM($J$13:$J68),SUM($J$13:$J68,$J69*(M68-A68)/(A69-A68)))) | L68: =IF(M68="","",IF(B69="",SUM($D$13:$D68,$R$12:$R68,$G$5:$G$10,$C$9,-$C$10),SUM($D$13:$D68,$R$12:$R68,$G$5:$G$10,$D69*(M68-A68)/(A69-A68),$C$9,-$C$10))) | M68: =IF(N68=N69,"",IF(A69="",A68,DATE(YEAR(A68),MONTH($J$12),DAY($J$12)))) | N68: =IF(A68="","",YEAR(A68)) | O68: =IF(B68="","",IF($M$4=1,ROUND(-PMT((E$6+0.001)/E$7,(E$5*E$7-B67),F67,-C$8,0)-C68,2),0)) | P68: =IF(B68="","",IF($N$4=1,ROUND(F67*0.001*DAYS360(A67,A68,1)/360/C68,6),0)) | S68: =A68 | T68: =G68
A69: =IF(B69<=($E$5*$E$7),IF(DATE(YEAR(A68),MONTH(A68)+12/$E$7+1,DAY(1))-1<DATE(YEAR(A68),MONTH(A68)+12/$E$7,DAY($A$12)),DATE(YEAR(A68),MONTH(A68)+12/$E$7+1,DAY(1))-1,DATE(YEAR(A68),MONTH(A68)+12/$E$7,DAY($A$12))),"") | B69: =IF($E$5*$E$7<57,"",57) | C69: =IF(B69="","",IF($K$2=1,ROUND(D69+E69,2),ROUND(C68,2))) | D69: =IF(B69="","",ROUND(F68*E$6/E$7,2)) | E69: =IF(B69="","",IF($K$2=1,ROUND(E68,2),ROUND(C69-D69,2))) | F69: =IF(B69="","",F68-E69) | G69: =IF(C69="","",IF(SUM(C70:C$134)=0,C69-C$7+C$8+G$10+H69+R69,C69+H69+R69)) | I69: =IF(A70="","",I68-E69-H69) | J69: =IF(I68="","",I68*(A69-A68)/365) | K69: =IF(M69="","",IF(B70="",SUM($J$13:$J69),SUM($J$13:$J69,$J70*(M69-A69)/(A70-A69)))) | L69: =IF(M69="","",IF(B70="",SUM($D$13:$D69,$R$12:$R69,$G$5:$G$10,$C$9,-$C$10),SUM($D$13:$D69,$R$12:$R69,$G$5:$G$10,$D70*(M69-A69)/(A70-A69),$C$9,-$C$10))) | M69: =IF(N69=N70,"",IF(A70="",A69,DATE(YEAR(A69),MONTH($J$12),DAY($J$12)))) | N69: =IF(A69="","",YEAR(A69)) | O69: =IF(B69="","",IF($M$4=1,ROUND(-PMT((E$6+0.001)/E$7,(E$5*E$7-B68),F68,-C$8,0)-C69,2),0)) | P69: =IF(B69="","",IF($N$4=1,ROUND(F68*0.001*DAYS360(A68,A69,1)/360/C69,6),0)) | S69: =A69 | T69: =G69
A70: =IF(B70<=($E$5*$E$7),IF(DATE(YEAR(A69),MONTH(A69)+12/$E$7+1,DAY(1))-1<DATE(YEAR(A69),MONTH(A69)+12/$E$7,DAY($A$12)),DATE(YEAR(A69),MONTH(A69)+12/$E$7+1,DAY(1))-1,DATE(YEAR(A69),MONTH(A69)+12/$E$7,DAY($A$12))),"") | B70: =IF($E$5*$E$7<58,"",58) | C70: =IF(B70="","",IF($K$2=1,ROUND(D70+E70,2),ROUND(C69,2))) | D70: =IF(B70="","",ROUND(F69*E$6/E$7,2)) | E70: =IF(B70="","",IF($K$2=1,ROUND(E69,2),ROUND(C70-D70,2))) | F70: =IF(B70="","",F69-E70) | G70: =IF(C70="","",IF(SUM(C71:C$134)=0,C70-C$7+C$8+G$10+H70+R70,C70+H70+R70)) | I70: =IF(A71="","",I69-E70-H70) | J70: =IF(I69="","",I69*(A70-A69)/365) | K70: =IF(M70="","",IF(B71="",SUM($J$13:$J70),SUM($J$13:$J70,$J71*(M70-A70)/(A71-A70)))) | L70: =IF(M70="","",IF(B71="",SUM($D$13:$D70,$R$12:$R70,$G$5:$G$10,$C$9,-$C$10),SUM($D$13:$D70,$R$12:$R70,$G$5:$G$10,$D71*(M70-A70)/(A71-A70),$C$9,-$C$10))) | M70: =IF(N70=N71,"",IF(A71="",A70,DATE(YEAR(A70),MONTH($J$12),DAY($J$12)))) | N70: =IF(A70="","",YEAR(A70)) | O70: =IF(B70="","",IF($M$4=1,ROUND(-PMT((E$6+0.001)/E$7,(E$5*E$7-B69),F69,-C$8,0)-C70,2),0)) | P70: =IF(B70="","",IF($N$4=1,ROUND(F69*0.001*DAYS360(A69,A70,1)/360/C70,6),0)) | S70: =A70 | T70: =G70
A71: =IF(B71<=($E$5*$E$7),IF(DATE(YEAR(A70),MONTH(A70)+12/$E$7+1,DAY(1))-1<DATE(YEAR(A70),MONTH(A70)+12/$E$7,DAY($A$12)),DATE(YEAR(A70),MONTH(A70)+12/$E$7+1,DAY(1))-1,DATE(YEAR(A70),MONTH(A70)+12/$E$7,DAY($A$12))),"") | B71: =IF($E$5*$E$7<59,"",59) | C71: =IF(B71="","",IF($K$2=1,ROUND(D71+E71,2),ROUND(C70,2))) | D71: =IF(B71="","",ROUND(F70*E$6/E$7,2)) | E71: =IF(B71="","",IF($K$2=1,ROUND(E70,2),ROUND(C71-D71,2))) | F71: =IF(B71="","",F70-E71) | G71: =IF(C71="","",IF(SUM(C72:C$134)=0,C71-C$7+C$8+G$10+H71+R71,C71+H71+R71)) | I71: =IF(A72="","",I70-E71-H71) | J71: =IF(I70="","",I70*(A71-A70)/365) | K71: =IF(M71="","",IF(B72="",SUM($J$13:$J71),SUM($J$13:$J71,$J72*(M71-A71)/(A72-A71)))) | L71: =IF(M71="","",IF(B72="",SUM($D$13:$D71,$R$12:$R71,$G$5:$G$10,$C$9,-$C$10),SUM($D$13:$D71,$R$12:$R71,$G$5:$G$10,$D72*(M71-A71)/(A72-A71),$C$9,-$C$10))) | M71: =IF(N71=N72,"",IF(A72="",A71,DATE(YEAR(A71),MONTH($J$12),DAY($J$12)))) | N71: =IF(A71="","",YEAR(A71)) | O71: =IF(B71="","",IF($M$4=1,ROUND(-PMT((E$6+0.001)/E$7,(E$5*E$7-B70),F70,-C$8,0)-C71,2),0)) | P71: =IF(B71="","",IF($N$4=1,ROUND(F70*0.001*DAYS360(A70,A71,1)/360/C71,6),0)) | S71: =A71 | T71: =G71
A72: =IF(B72<=($E$5*$E$7),IF(DATE(YEAR(A71),MONTH(A71)+12/$E$7+1,DAY(1))-1<DATE(YEAR(A71),MONTH(A71)+12/$E$7,DAY($A$12)),DATE(YEAR(A71),MONTH(A71)+12/$E$7+1,DAY(1))-1,DATE(YEAR(A71),MONTH(A71)+12/$E$7,DAY($A$12))),"") | B72: =IF($E$5*$E$7<60,"",60) | C72: =IF(B72="","",IF($K$2=1,ROUND(D72+E72,2),ROUND(C71,2))) | D72: =IF(B72="","",ROUND(F71*E$6/E$7,2)) | E72: =IF(B72="","",IF($K$2=1,ROUND(E71,2),ROUND(C72-D72,2))) | F72: =IF(B72="","",F71-E72) | G72: =IF(C72="","",IF(SUM(C73:C$134)=0,C72-C$7+C$8+G$10+H72+R72,C72+H72+R72)) | I72: =IF(A73="","",I71-E72-H72) | J72: =IF(I71="","",I71*(A72-A71)/365) | K72: =IF(M72="","",IF(B73="",SUM($J$13:$J72),SUM($J$13:$J72,$J73*(M72-A72)/(A73-A72)))) | L72: =IF(M72="","",IF(B73="",SUM($D$13:$D72,$R$12:$R72,$G$5:$G$10,$C$9,-$C$10),SUM($D$13:$D72,$R$12:$R72,$G$5:$G$10,$D73*(M72-A72)/(A73-A72),$C$9,-$C$10))) | M72: =IF(N72=N73,"",IF(A73="",A72,DATE(YEAR(A72),MONTH($J$12),DAY($J$12)))) | N72: =IF(A72="","",YEAR(A72)) | O72: =IF(B72="","",IF($M$4=1,ROUND(-PMT((E$6+0.001)/E$7,(E$5*E$7-B71),F71,-C$8,0)-C72,2),0)) | P72: =IF(B72="","",IF($N$4=1,ROUND(F71*0.001*DAYS360(A71,A72,1)/360/C72,6),0)) | S72: =A72 | T72: =G72
A73: =IF(B73<=($E$5*$E$7),IF(DATE(YEAR(A72),MONTH(A72)+12/$E$7+1,DAY(1))-1<DATE(YEAR(A72),MONTH(A72)+12/$E$7,DAY($A$12)),DATE(YEAR(A72),MONTH(A72)+12/$E$7+1,DAY(1))-1,DATE(YEAR(A72),MONTH(A72)+12/$E$7,DAY($A$12))),"") | B73: =IF($E$5*$E$7<61,"",61) | C73: =IF(B73="","",IF($K$2=1,ROUND(D73+E73,2),ROUND(C72,2))) | D73: =IF(B73="","",ROUND(F72*E$6/E$7,2)) | E73: =IF(B73="","",IF($K$2=1,ROUND(E72,2),ROUND(C73-D73,2))) | F73: =IF(B73="","",F72-E73) | G73: =IF(C73="","",IF(SUM(C74:C$134)=0,C73-C$7+C$8+G$10+H73+R73,C73+H73+R73)) | I73: =IF(A74="","",I72-E73-H73) | J73: =IF(I72="","",I72*(A73-A72)/365) | K73: =IF(M73="","",IF(B74="",SUM($J$13:$J73),SUM($J$13:$J73,$J74*(M73-A73)/(A74-A73)))) | L73: =IF(M73="","",IF(B74="",SUM($D$13:$D73,$R$12:$R73,$G$5:$G$10,$C$9,-$C$10),SUM($D$13:$D73,$R$12:$R73,$G$5:$G$10,$D74*(M73-A73)/(A74-A73),$C$9,-$C$10))) | M73: =IF(N73=N74,"",IF(A74="",A73,DATE(YEAR(A73),MONTH($J$12),DAY($J$12)))) | N73: =IF(A73="","",YEAR(A73)) | O73: =IF(B73="","",IF($M$4=1,ROUND(-PMT((E$6+0.001)/E$7,(E$5*E$7-B72),F72,-C$8,0)-C73,2),0)) | P73: =IF(B73="","",IF($N$4=1,ROUND(F72*0.001*DAYS360(A72,A73,1)/360/C73,6),0)) | S73: =A73 | T73: =G73
A74: =IF(B74<=($E$5*$E$7),IF(DATE(YEAR(A73),MONTH(A73)+12/$E$7+1,DAY(1))-1<DATE(YEAR(A73),MONTH(A73)+12/$E$7,DAY($A$12)),DATE(YEAR(A73),MONTH(A73)+12/$E$7+1,DAY(1))-1,DATE(YEAR(A73),MONTH(A73)+12/$E$7,DAY($A$12))),"") | B74: =IF($E$5*$E$7<62,"",62) | C74: =IF(B74="","",IF($K$2=1,ROUND(D74+E74,2),ROUND(C73,2))) | D74: =IF(B74="","",ROUND(F73*E$6/E$7,2)) | E74: =IF(B74="","",IF($K$2=1,ROUND(E73,2),ROUND(C74-D74,2))) | F74: =IF(B74="","",F73-E74) | G74: =IF(C74="","",IF(SUM(C75:C$134)=0,C74-C$7+C$8+G$10+H74+R74,C74+H74+R74)) | I74: =IF(A75="","",I73-E74-H74) | J74: =IF(I73="","",I73*(A74-A73)/365) | K74: =IF(M74="","",IF(B75="",SUM($J$13:$J74),SUM($J$13:$J74,$J75*(M74-A74)/(A75-A74)))) | L74: =IF(M74="","",IF(B75="",SUM($D$13:$D74,$R$12:$R74,$G$5:$G$10,$C$9,-$C$10),SUM($D$13:$D74,$R$12:$R74,$G$5:$G$10,$D75*(M74-A74)/(A75-A74),$C$9,-$C$10))) | M74: =IF(N74=N75,"",IF(A75="",A74,DATE(YEAR(A74),MONTH($J$12),DAY($J$12)))) | N74: =IF(A74="","",YEAR(A74)) | O74: =IF(B74="","",IF($M$4=1,ROUND(-PMT((E$6+0.001)/E$7,(E$5*E$7-B73),F73,-C$8,0)-C74,2),0)) | P74: =IF(B74="","",IF($N$4=1,ROUND(F73*0.001*DAYS360(A73,A74,1)/360/C74,6),0)) | S74: =A74 | T74: =G74
A75: =IF(B75<=($E$5*$E$7),IF(DATE(YEAR(A74),MONTH(A74)+12/$E$7+1,DAY(1))-1<DATE(YEAR(A74),MONTH(A74)+12/$E$7,DAY($A$12)),DATE(YEAR(A74),MONTH(A74)+12/$E$7+1,DAY(1))-1,DATE(YEAR(A74),MONTH(A74)+12/$E$7,DAY($A$12))),"") | B75: =IF($E$5*$E$7<63,"",63) | C75: =IF(B75="","",IF($K$2=1,ROUND(D75+E75,2),ROUND(C74,2))) | D75: =IF(B75="","",ROUND(F74*E$6/E$7,2)) | E75: =IF(B75="","",IF($K$2=1,ROUND(E74,2),ROUND(C75-D75,2))) | F75: =IF(B75="","",F74-E75) | G75: =IF(C75="","",IF(SUM(C76:C$134)=0,C75-C$7+C$8+G$10+H75+R75,C75+H75+R75)) | I75: =IF(A76="","",I74-E75-H75) | J75: =IF(I74="","",I74*(A75-A74)/365) | K75: =IF(M75="","",IF(B76="",SUM($J$13:$J75),SUM($J$13:$J75,$J76*(M75-A75)/(A76-A75)))) | L75: =IF(M75="","",IF(B76="",SUM($D$13:$D75,$R$12:$R75,$G$5:$G$10,$C$9,-$C$10),SUM($D$13:$D75,$R$12:$R75,$G$5:$G$10,$D76*(M75-A75)/(A76-A75),$C$9,-$C$10))) | M75: =IF(N75=N76,"",IF(A76="",A75,DATE(YEAR(A75),MONTH($J$12),DAY($J$12)))) | N75: =IF(A75="","",YEAR(A75)) | O75: =IF(B75="","",IF($M$4=1,ROUND(-PMT((E$6+0.001)/E$7,(E$5*E$7-B74),F74,-C$8,0)-C75,2),0)) | P75: =IF(B75="","",IF($N$4=1,ROUND(F74*0.001*DAYS360(A74,A75,1)/360/C75,6),0)) | S75: =A75 | T75: =G75
A76: =IF(B76<=($E$5*$E$7),IF(DATE(YEAR(A75),MONTH(A75)+12/$E$7+1,DAY(1))-1<DATE(YEAR(A75),MONTH(A75)+12/$E$7,DAY($A$12)),DATE(YEAR(A75),MONTH(A75)+12/$E$7+1,DAY(1))-1,DATE(YEAR(A75),MONTH(A75)+12/$E$7,DAY($A$12))),"") | B76: =IF($E$5*$E$7<64,"",64) | C76: =IF(B76="","",IF($K$2=1,ROUND(D76+E76,2),ROUND(C75,2))) | D76: =IF(B76="","",ROUND(F75*E$6/E$7,2)) | E76: =IF(B76="","",IF($K$2=1,ROUND(E75,2),ROUND(C76-D76,2))) | F76: =IF(B76="","",F75-E76) | G76: =IF(C76="","",IF(SUM(C77:C$134)=0,C76-C$7+C$8+G$10+H76+R76,C76+H76+R76)) | I76: =IF(A77="","",I75-E76-H76) | J76: =IF(I75="","",I75*(A76-A75)/365) | K76: =IF(M76="","",IF(B77="",SUM($J$13:$J76),SUM($J$13:$J76,$J77*(M76-A76)/(A77-A76)))) | L76: =IF(M76="","",IF(B77="",SUM($D$13:$D76,$R$12:$R76,$G$5:$G$10,$C$9,-$C$10),SUM($D$13:$D76,$R$12:$R76,$G$5:$G$10,$D77*(M76-A76)/(A77-A76),$C$9,-$C$10))) | M76: =IF(N76=N77,"",IF(A77="",A76,DATE(YEAR(A76),MONTH($J$12),DAY($J$12)))) | N76: =IF(A76="","",YEAR(A76)) | O76: =IF(B76="","",IF($M$4=1,ROUND(-PMT((E$6+0.001)/E$7,(E$5*E$7-B75),F75,-C$8,0)-C76,2),0)) | P76: =IF(B76="","",IF($N$4=1,ROUND(F75*0.001*DAYS360(A75,A76,1)/360/C76,6),0)) | S76: =A76 | T76: =G76
A77: =IF(B77<=($E$5*$E$7),IF(DATE(YEAR(A76),MONTH(A76)+12/$E$7+1,DAY(1))-1<DATE(YEAR(A76),MONTH(A76)+12/$E$7,DAY($A$12)),DATE(YEAR(A76),MONTH(A76)+12/$E$7+1,DAY(1))-1,DATE(YEAR(A76),MONTH(A76)+12/$E$7,DAY($A$12))),"") | B77: =IF($E$5*$E$7<65,"",65) | C77: =IF(B77="","",IF($K$2=1,ROUND(D77+E77,2),ROUND(C76,2))) | D77: =IF(B77="","",ROUND(F76*E$6/E$7,2)) | E77: =IF(B77="","",IF($K$2=1,ROUND(E76,2),ROUND(C77-D77,2))) | F77: =IF(B77="","",F76-E77) | G77: =IF(C77="","",IF(SUM(C78:C$134)=0,C77-C$7+C$8+G$10+H77+R77,C77+H77+R77)) | I77: =IF(A78="","",I76-E77-H77) | J77: =IF(I76="","",I76*(A77-A76)/365) | K77: =IF(M77="","",IF(B78="",SUM($J$13:$J77),SUM($J$13:$J77,$J78*(M77-A77)/(A78-A77)))) | L77: =IF(M77="","",IF(B78="",SUM($D$13:$D77,$R$12:$R77,$G$5:$G$10,$C$9,-$C$10),SUM($D$13:$D77,$R$12:$R77,$G$5:$G$10,$D78*(M77-A77)/(A78-A77),$C$9,-$C$10))) | M77: =IF(N77=N78,"",IF(A78="",A77,DATE(YEAR(A77),MONTH($J$12),DAY($J$12)))) | N77: =IF(A77="","",YEAR(A77)) | O77: =IF(B77="","",IF($M$4=1,ROUND(-PMT((E$6+0.001)/E$7,(E$5*E$7-B76),F76,-C$8,0)-C77,2),0)) | P77: =IF(B77="","",IF($N$4=1,ROUND(F76*0.001*DAYS360(A76,A77,1)/360/C77,6),0)) | S77: =A77 | T77: =G77
A78: =IF(B78<=($E$5*$E$7),IF(DATE(YEAR(A77),MONTH(A77)+12/$E$7+1,DAY(1))-1<DATE(YEAR(A77),MONTH(A77)+12/$E$7,DAY($A$12)),DATE(YEAR(A77),MONTH(A77)+12/$E$7+1,DAY(1))-1,DATE(YEAR(A77),MONTH(A77)+12/$E$7,DAY($A$12))),"") | B78: =IF($E$5*$E$7<66,"",66) | C78: =IF(B78="","",IF($K$2=1,ROUND(D78+E78,2),ROUND(C77,2))) | D78: =IF(B78="","",ROUND(F77*E$6/E$7,2)) | E78: =IF(B78="","",IF($K$2=1,ROUND(E77,2),ROUND(C78-D78,2))) | F78: =IF(B78="","",F77-E78) | G78: =IF(C78="","",IF(SUM(C79:C$134)=0,C78-C$7+C$8+G$10+H78+R78,C78+H78+R78)) | I78: =IF(A79="","",I77-E78-H78) | J78: =IF(I77="","",I77*(A78-A77)/365) | K78: =IF(M78="","",IF(B79="",SUM($J$13:$J78),SUM($J$13:$J78,$J79*(M78-A78)/(A79-A78)))) | L78: =IF(M78="","",IF(B79="",SUM($D$13:$D78,$R$12:$R78,$G$5:$G$10,$C$9,-$C$10),SUM($D$13:$D78,$R$12:$R78,$G$5:$G$10,$D79*(M78-A78)/(A79-A78),$C$9,-$C$10))) | M78: =IF(N78=N79,"",IF(A79="",A78,DATE(YEAR(A78),MONTH($J$12),DAY($J$12)))) | N78: =IF(A78="","",YEAR(A78)) | O78: =IF(B78="","",IF($M$4=1,ROUND(-PMT((E$6+0.001)/E$7,(E$5*E$7-B77),F77,-C$8,0)-C78,2),0)) | P78: =IF(B78="","",IF($N$4=1,ROUND(F77*0.001*DAYS360(A77,A78,1)/360/C78,6),0)) | S78: =A78 | T78: =G78
A79: =IF(B79<=($E$5*$E$7),IF(DATE(YEAR(A78),MONTH(A78)+12/$E$7+1,DAY(1))-1<DATE(YEAR(A78),MONTH(A78)+12/$E$7,DAY($A$12)),DATE(YEAR(A78),MONTH(A78)+12/$E$7+1,DAY(1))-1,DATE(YEAR(A78),MONTH(A78)+12/$E$7,DAY($A$12))),"") | B79: =IF($E$5*$E$7<67,"",67) | C79: =IF(B79="","",IF($K$2=1,ROUND(D79+E79,2),ROUND(C78,2))) | D79: =IF(B79="","",ROUND(F78*E$6/E$7,2)) | E79: =IF(B79="","",IF($K$2=1,ROUND(E78,2),ROUND(C79-D79,2))) | F79: =IF(B79="","",F78-E79) | G79: =IF(C79="","",IF(SUM(C80:C$134)=0,C79-C$7+C$8+G$10+H79+R79,C79+H79+R79)) | I79: =IF(A80="","",I78-E79-H79) | J79: =IF(I78="","",I78*(A79-A78)/365) | K79: =IF(M79="","",IF(B80="",SUM($J$13:$J79),SUM($J$13:$J79,$J80*(M79-A79)/(A80-A79)))) | L79: =IF(M79="","",IF(B80="",SUM($D$13:$D79,$R$12:$R79,$G$5:$G$10,$C$9,-$C$10),SUM($D$13:$D79,$R$12:$R79,$G$5:$G$10,$D80*(M79-A79)/(A80-A79),$C$9,-$C$10))) | M79: =IF(N79=N80,"",IF(A80="",A79,DATE(YEAR(A79),MONTH($J$12),DAY($J$12)))) | N79: =IF(A79="","",YEAR(A79)) | O79: =IF(B79="","",IF($M$4=1,ROUND(-PMT((E$6+0.001)/E$7,(E$5*E$7-B78),F78,-C$8,0)-C79,2),0)) | P79: =IF(B79="","",IF($N$4=1,ROUND(F78*0.001*DAYS360(A78,A79,1)/360/C79,6),0)) | S79: =A79 | T79: =G79
A80: =IF(B80<=($E$5*$E$7),IF(DATE(YEAR(A79),MONTH(A79)+12/$E$7+1,DAY(1))-1<DATE(YEAR(A79),MONTH(A79)+12/$E$7,DAY($A$12)),DATE(YEAR(A79),MONTH(A79)+12/$E$7+1,DAY(1))-1,DATE(YEAR(A79),MONTH(A79)+12/$E$7,DAY($A$12))),"") | B80: =IF($E$5*$E$7<68,"",68) | C80: =IF(B80="","",IF($K$2=1,ROUND(D80+E80,2),ROUND(C79,2))) | D80: =IF(B80="","",ROUND(F79*E$6/E$7,2)) | E80: =IF(B80="","",IF($K$2=1,ROUND(E79,2),ROUND(C80-D80,2))) | F80: =IF(B80="","",F79-E80) | G80: =IF(C80="","",IF(SUM(C81:C$134)=0,C80-C$7+C$8+G$10+H80+R80,C80+H80+R80)) | I80: =IF(A81="","",I79-E80-H80) | J80: =IF(I79="","",I79*(A80-A79)/365) | K80: =IF(M80="","",IF(B81="",SUM($J$13:$J80),SUM($J$13:$J80,$J81*(M80-A80)/(A81-A80)))) | L80: =IF(M80="","",IF(B81="",SUM($D$13:$D80,$R$12:$R80,$G$5:$G$10,$C$9,-$C$10),SUM($D$13:$D80,$R$12:$R80,$G$5:$G$10,$D81*(M80-A80)/(A81-A80),$C$9,-$C$10))) | M80: =IF(N80=N81,"",IF(A81="",A80,DATE(YEAR(A80),MONTH($J$12),DAY($J$12)))) | N80: =IF(A80="","",YEAR(A80)) | O80: =IF(B80="","",IF($M$4=1,ROUND(-PMT((E$6+0.001)/E$7,(E$5*E$7-B79),F79,-C$8,0)-C80,2),0)) | P80: =IF(B80="","",IF($N$4=1,ROUND(F79*0.001*DAYS360(A79,A80,1)/360/C80,6),0)) | S80: =A80 | T80: =G80
A81: =IF(B81<=($E$5*$E$7),IF(DATE(YEAR(A80),MONTH(A80)+12/$E$7+1,DAY(1))-1<DATE(YEAR(A80),MONTH(A80)+12/$E$7,DAY($A$12)),DATE(YEAR(A80),MONTH(A80)+12/$E$7+1,DAY(1))-1,DATE(YEAR(A80),MONTH(A80)+12/$E$7,DAY($A$12))),"") | B81: =IF($E$5*$E$7<69,"",69) | C81: =IF(B81="","",IF($K$2=1,ROUND(D81+E81,2),ROUND(C80,2))) | D81: =IF(B81="","",ROUND(F80*E$6/E$7,2)) | E81: =IF(B81="","",IF($K$2=1,ROUND(E80,2),ROUND(C81-D81,2))) | F81: =IF(B81="","",F80-E81) | G81: =IF(C81="","",IF(SUM(C82:C$134)=0,C81-C$7+C$8+G$10+H81+R81,C81+H81+R81)) | I81: =IF(A82="","",I80-E81-H81) | J81: =IF(I80="","",I80*(A81-A80)/365) | K81: =IF(M81="","",IF(B82="",SUM($J$13:$J81),SUM($J$13:$J81,$J82*(M81-A81)/(A82-A81)))) | L81: =IF(M81="","",IF(B82="",SUM($D$13:$D81,$R$12:$R81,$G$5:$G$10,$C$9,-$C$10),SUM($D$13:$D81,$R$12:$R81,$G$5:$G$10,$D82*(M81-A81)/(A82-A81),$C$9,-$C$10))) | M81: =IF(N81=N82,"",IF(A82="",A81,DATE(YEAR(A81),MONTH($J$12),DAY($J$12)))) | N81: =IF(A81="","",YEAR(A81)) | O81: =IF(B81="","",IF($M$4=1,ROUND(-PMT((E$6+0.001)/E$7,(E$5*E$7-B80),F80,-C$8,0)-C81,2),0)) | P81: =IF(B81="","",IF($N$4=1,ROUND(F80*0.001*DAYS360(A80,A81,1)/360/C81,6),0)) | S81: =A81 | T81: =G81
A82: =IF(B82<=($E$5*$E$7),IF(DATE(YEAR(A81),MONTH(A81)+12/$E$7+1,DAY(1))-1<DATE(YEAR(A81),MONTH(A81)+12/$E$7,DAY($A$12)),DATE(YEAR(A81),MONTH(A81)+12/$E$7+1,DAY(1))-1,DATE(YEAR(A81),MONTH(A81)+12/$E$7,DAY($A$12))),"") | B82: =IF($E$5*$E$7<70,"",70) | C82: =IF(B82="","",IF($K$2=1,ROUND(D82+E82,2),ROUND(C81,2))) | D82: =IF(B82="","",ROUND(F81*E$6/E$7,2)) | E82: =IF(B82="","",IF($K$2=1,ROUND(E81,2),ROUND(C82-D82,2))) | F82: =IF(B82="","",F81-E82) | G82: =IF(C82="","",IF(SUM(C83:C$134)=0,C82-C$7+C$8+G$10+H82+R82,C82+H82+R82)) | I82: =IF(A83="","",I81-E82-H82) | J82: =IF(I81="","",I81*(A82-A81)/365) | K82: =IF(M82="","",IF(B83="",SUM($J$13:$J82),SUM($J$13:$J82,$J83*(M82-A82)/(A83-A82)))) | L82: =IF(M82="","",IF(B83="",SUM($D$13:$D82,$R$12:$R82,$G$5:$G$10,$C$9,-$C$10),SUM($D$13:$D82,$R$12:$R82,$G$5:$G$10,$D83*(M82-A82)/(A83-A82),$C$9,-$C$10))) | M82: =IF(N82=N83,"",IF(A83="",A82,DATE(YEAR(A82),MONTH($J$12),DAY($J$12)))) | N82: =IF(A82="","",YEAR(A82)) | O82: =IF(B82="","",IF($M$4=1,ROUND(-PMT((E$6+0.001)/E$7,(E$5*E$7-B81),F81,-C$8,0)-C82,2),0)) | P82: =IF(B82="","",IF($N$4=1,ROUND(F81*0.001*DAYS360(A81,A82,1)/360/C82,6),0)) | S82: =A82 | T82: =G82
A83: =IF(B83<=($E$5*$E$7),IF(DATE(YEAR(A82),MONTH(A82)+12/$E$7+1,DAY(1))-1<DATE(YEAR(A82),MONTH(A82)+12/$E$7,DAY($A$12)),DATE(YEAR(A82),MONTH(A82)+12/$E$7+1,DAY(1))-1,DATE(YEAR(A82),MONTH(A82)+12/$E$7,DAY($A$12))),"") | B83: =IF($E$5*$E$7<71,"",71) | C83: =IF(B83="","",IF($K$2=1,ROUND(D83+E83,2),ROUND(C82,2))) | D83: =IF(B83="","",ROUND(F82*E$6/E$7,2)) | E83: =IF(B83="","",IF($K$2=1,ROUND(E82,2),ROUND(C83-D83,2))) | F83: =IF(B83="","",F82-E83) | G83: =IF(C83="","",IF(SUM(C84:C$134)=0,C83-C$7+C$8+G$10+H83+R83,C83+H83+R83)) | I83: =IF(A84="","",I82-E83-H83) | J83: =IF(I82="","",I82*(A83-A82)/365) | K83: =IF(M83="","",IF(B84="",SUM($J$13:$J83),SUM($J$13:$J83,$J84*(M83-A83)/(A84-A83)))) | L83: =IF(M83="","",IF(B84="",SUM($D$13:$D83,$R$12:$R83,$G$5:$G$10,$C$9,-$C$10),SUM($D$13:$D83,$R$12:$R83,$G$5:$G$10,$D84*(M83-A83)/(A84-A83),$C$9,-$C$10))) | M83: =IF(N83=N84,"",IF(A84="",A83,DATE(YEAR(A83),MONTH($J$12),DAY($J$12)))) | N83: =IF(A83="","",YEAR(A83)) | O83: =IF(B83="","",IF($M$4=1,ROUND(-PMT((E$6+0.001)/E$7,(E$5*E$7-B82),F82,-C$8,0)-C83,2),0)) | P83: =IF(B83="","",IF($N$4=1,ROUND(F82*0.001*DAYS360(A82,A83,1)/360/C83,6),0)) | S83: =A83 | T83: =G83
A84: =IF(B84<=($E$5*$E$7),IF(DATE(YEAR(A83),MONTH(A83)+12/$E$7+1,DAY(1))-1<DATE(YEAR(A83),MONTH(A83)+12/$E$7,DAY($A$12)),DATE(YEAR(A83),MONTH(A83)+12/$E$7+1,DAY(1))-1,DATE(YEAR(A83),MONTH(A83)+12/$E$7,DAY($A$12))),"") | B84: =IF($E$5*$E$7<72,"",72) | C84: =IF(B84="","",IF($K$2=1,ROUND(D84+E84,2),ROUND(C83,2))) | D84: =IF(B84="","",ROUND(F83*E$6/E$7,2)) | E84: =IF(B84="","",IF($K$2=1,ROUND(E83,2),ROUND(C84-D84,2))) | F84: =IF(B84="","",F83-E84) | G84: =IF(C84="","",IF(SUM(C85:C$134)=0,C84-C$7+C$8+G$10+H84+R84,C84+H84+R84)) | I84: =IF(A85="","",I83-E84-H84) | J84: =IF(I83="","",I83*(A84-A83)/365) | K84: =IF(M84="","",IF(B85="",SUM($J$13:$J84),SUM($J$13:$J84,$J85*(M84-A84)/(A85-A84)))) | L84: =IF(M84="","",IF(B85="",SUM($D$13:$D84,$R$12:$R84,$G$5:$G$10,$C$9,-$C$10),SUM($D$13:$D84,$R$12:$R84,$G$5:$G$10,$D85*(M84-A84)/(A85-A84),$C$9,-$C$10))) | M84: =IF(N84=N85,"",IF(A85="",A84,DATE(YEAR(A84),MONTH($J$12),DAY($J$12)))) | N84: =IF(A84="","",YEAR(A84)) | O84: =IF(B84="","",IF($M$4=1,ROUND(-PMT((E$6+0.001)/E$7,(E$5*E$7-B83),F83,-C$8,0)-C84,2),0)) | P84: =IF(B84="","",IF($N$4=1,ROUND(F83*0.001*DAYS360(A83,A84,1)/360/C84,6),0)) | S84: =A84 | T84: =G84
A85: =IF(B85<=($E$5*$E$7),IF(DATE(YEAR(A84),MONTH(A84)+12/$E$7+1,DAY(1))-1<DATE(YEAR(A84),MONTH(A84)+12/$E$7,DAY($A$12)),DATE(YEAR(A84),MONTH(A84)+12/$E$7+1,DAY(1))-1,DATE(YEAR(A84),MONTH(A84)+12/$E$7,DAY($A$12))),"") | B85: =IF($E$5*$E$7<73,"",73) | C85: =IF(B85="","",IF($K$2=1,ROUND(D85+E85,2),ROUND(C84,2))) | D85: =IF(B85="","",ROUND(F84*E$6/E$7,2)) | E85: =IF(B85="","",IF($K$2=1,ROUND(E84,2),ROUND(C85-D85,2))) | F85: =IF(B85="","",F84-E85) | G85: =IF(C85="","",IF(SUM(C86:C$134)=0,C85-C$7+C$8+G$10+H85+R85,C85+H85+R85)) | I85: =IF(A86="","",I84-E85-H85) | J85: =IF(I84="","",I84*(A85-A84)/365) | K85: =IF(M85="","",IF(B86="",SUM($J$13:$J85),SUM($J$13:$J85,$J86*(M85-A85)/(A86-A85)))) | L85: =IF(M85="","",IF(B86="",SUM($D$13:$D85,$R$12:$R85,$G$5:$G$10,$C$9,-$C$10),SUM($D$13:$D85,$R$12:$R85,$G$5:$G$10,$D86*(M85-A85)/(A86-A85),$C$9,-$C$10))) | M85: =IF(N85=N86,"",IF(A86="",A85,DATE(YEAR(A85),MONTH($J$12),DAY($J$12)))) | N85: =IF(A85="","",YEAR(A85)) | O85: =IF(B85="","",IF($M$4=1,ROUND(-PMT((E$6+0.001)/E$7,(E$5*E$7-B84),F84,-C$8,0)-C85,2),0)) | P85: =IF(B85="","",IF($N$4=1,ROUND(F84*0.001*DAYS360(A84,A85,1)/360/C85,6),0)) | S85: =A85 | T85: =G85
A86: =IF(B86<=($E$5*$E$7),IF(DATE(YEAR(A85),MONTH(A85)+12/$E$7+1,DAY(1))-1<DATE(YEAR(A85),MONTH(A85)+12/$E$7,DAY($A$12)),DATE(YEAR(A85),MONTH(A85)+12/$E$7+1,DAY(1))-1,DATE(YEAR(A85),MONTH(A85)+12/$E$7,DAY($A$12))),"") | B86: =IF($E$5*$E$7<74,"",74) | C86: =IF(B86="","",IF($K$2=1,ROUND(D86+E86,2),ROUND(C85,2))) | D86: =IF(B86="","",ROUND(F85*E$6/E$7,2)) | E86: =IF(B86="","",IF($K$2=1,ROUND(E85,2),ROUND(C86-D86,2))) | F86: =IF(B86="","",F85-E86) | G86: =IF(C86="","",IF(SUM(C87:C$134)=0,C86-C$7+C$8+G$10+H86+R86,C86+H86+R86)) | I86: =IF(A87="","",I85-E86-H86) | J86: =IF(I85="","",I85*(A86-A85)/365) | K86: =IF(M86="","",IF(B87="",SUM($J$13:$J86),SUM($J$13:$J86,$J87*(M86-A86)/(A87-A86)))) | L86: =IF(M86="","",IF(B87="",SUM($D$13:$D86,$R$12:$R86,$G$5:$G$10,$C$9,-$C$10),SUM($D$13:$D86,$R$12:$R86,$G$5:$G$10,$D87*(M86-A86)/(A87-A86),$C$9,-$C$10))) | M86: =IF(N86=N87,"",IF(A87="",A86,DATE(YEAR(A86),MONTH($J$12),DAY($J$12)))) | N86: =IF(A86="","",YEAR(A86)) | O86: =IF(B86="","",IF($M$4=1,ROUND(-PMT((E$6+0.001)/E$7,(E$5*E$7-B85),F85,-C$8,0)-C86,2),0)) | P86: =IF(B86="","",IF($N$4=1,ROUND(F85*0.001*DAYS360(A85,A86,1)/360/C86,6),0)) | S86: =A86 | T86: =G86
A87: =IF(B87<=($E$5*$E$7),IF(DATE(YEAR(A86),MONTH(A86)+12/$E$7+1,DAY(1))-1<DATE(YEAR(A86),MONTH(A86)+12/$E$7,DAY($A$12)),DATE(YEAR(A86),MONTH(A86)+12/$E$7+1,DAY(1))-1,DATE(YEAR(A86),MONTH(A86)+12/$E$7,DAY($A$12))),"") | B87: =IF($E$5*$E$7<75,"",75) | C87: =IF(B87="","",IF($K$2=1,ROUND(D87+E87,2),ROUND(C86,2))) | D87: =IF(B87="","",ROUND(F86*E$6/E$7,2)) | E87: =IF(B87="","",IF($K$2=1,ROUND(E86,2),ROUND(C87-D87,2))) | F87: =IF(B87="","",F86-E87) | G87: =IF(C87="","",IF(SUM(C88:C$134)=0,C87-C$7+C$8+G$10+H87+R87,C87+H87+R87)) | I87: =IF(A88="","",I86-E87-H87) | J87: =IF(I86="","",I86*(A87-A86)/365) | K87: =IF(M87="","",IF(B88="",SUM($J$13:$J87),SUM($J$13:$J87,$J88*(M87-A87)/(A88-A87)))) | L87: =IF(M87="","",IF(B88="",SUM($D$13:$D87,$R$12:$R87,$G$5:$G$10,$C$9,-$C$10),SUM($D$13:$D87,$R$12:$R87,$G$5:$G$10,$D88*(M87-A87)/(A88-A87),$C$9,-$C$10))) | M87: =IF(N87=N88,"",IF(A88="",A87,DATE(YEAR(A87),MONTH($J$12),DAY($J$12)))) | N87: =IF(A87="","",YEAR(A87)) | O87: =IF(B87="","",IF($M$4=1,ROUND(-PMT((E$6+0.001)/E$7,(E$5*E$7-B86),F86,-C$8,0)-C87,2),0)) | P87: =IF(B87="","",IF($N$4=1,ROUND(F86*0.001*DAYS360(A86,A87,1)/360/C87,6),0)) | S87: =A87 | T87: =G87
A88: =IF(B88<=($E$5*$E$7),IF(DATE(YEAR(A87),MONTH(A87)+12/$E$7+1,DAY(1))-1<DATE(YEAR(A87),MONTH(A87)+12/$E$7,DAY($A$12)),DATE(YEAR(A87),MONTH(A87)+12/$E$7+1,DAY(1))-1,DATE(YEAR(A87),MONTH(A87)+12/$E$7,DAY($A$12))),"") | B88: =IF($E$5*$E$7<76,"",76) | C88: =IF(B88="","",IF($K$2=1,ROUND(D88+E88,2),ROUND(C87,2))) | D88: =IF(B88="","",ROUND(F87*E$6/E$7,2)) | E88: =IF(B88="","",IF($K$2=1,ROUND(E87,2),ROUND(C88-D88,2))) | F88: =IF(B88="","",F87-E88) | G88: =IF(C88="","",IF(SUM(C89:C$134)=0,C88-C$7+C$8+G$10+H88+R88,C88+H88+R88)) | I88: =IF(A89="","",I87-E88-H88) | J88: =IF(I87="","",I87*(A88-A87)/365) | K88: =IF(M88="","",IF(B89="",SUM($J$13:$J88),SUM($J$13:$J88,$J89*(M88-A88)/(A89-A88)))) | L88: =IF(M88="","",IF(B89="",SUM($D$13:$D88,$R$12:$R88,$G$5:$G$10,$C$9,-$C$10),SUM($D$13:$D88,$R$12:$R88,$G$5:$G$10,$D89*(M88-A88)/(A89-A88),$C$9,-$C$10))) | M88: =IF(N88=N89,"",IF(A89="",A88,DATE(YEAR(A88),MONTH($J$12),DAY($J$12)))) | N88: =IF(A88="","",YEAR(A88)) | O88: =IF(B88="","",IF($M$4=1,ROUND(-PMT((E$6+0.001)/E$7,(E$5*E$7-B87),F87,-C$8,0)-C88,2),0)) | P88: =IF(B88="","",IF($N$4=1,ROUND(F87*0.001*DAYS360(A87,A88,1)/360/C88,6),0)) | S88: =A88 | T88: =G88
A89: =IF(B89<=($E$5*$E$7),IF(DATE(YEAR(A88),MONTH(A88)+12/$E$7+1,DAY(1))-1<DATE(YEAR(A88),MONTH(A88)+12/$E$7,DAY($A$12)),DATE(YEAR(A88),MONTH(A88)+12/$E$7+1,DAY(1))-1,DATE(YEAR(A88),MONTH(A88)+12/$E$7,DAY($A$12))),"") | B89: =IF($E$5*$E$7<77,"",77) | C89: =IF(B89="","",IF($K$2=1,ROUND(D89+E89,2),ROUND(C88,2))) | D89: =IF(B89="","",ROUND(F88*E$6/E$7,2)) | E89: =IF(B89="","",IF($K$2=1,ROUND(E88,2),ROUND(C89-D89,2))) | F89: =IF(B89="","",F88-E89) | G89: =IF(C89="","",IF(SUM(C90:C$134)=0,C89-C$7+C$8+G$10+H89+R89,C89+H89+R89)) | I89: =IF(A90="","",I88-E89-H89) | J89: =IF(I88="","",I88*(A89-A88)/365) | K89: =IF(M89="","",IF(B90="",SUM($J$13:$J89),SUM($J$13:$J89,$J90*(M89-A89)/(A90-A89)))) | L89: =IF(M89="","",IF(B90="",SUM($D$13:$D89,$R$12:$R89,$G$5:$G$10,$C$9,-$C$10),SUM($D$13:$D89,$R$12:$R89,$G$5:$G$10,$D90*(M89-A89)/(A90-A89),$C$9,-$C$10))) | M89: =IF(N89=N90,"",IF(A90="",A89,DATE(YEAR(A89),MONTH($J$12),DAY($J$12)))) | N89: =IF(A89="","",YEAR(A89)) | O89: =IF(B89="","",IF($M$4=1,ROUND(-PMT((E$6+0.001)/E$7,(E$5*E$7-B88),F88,-C$8,0)-C89,2),0)) | P89: =IF(B89="","",IF($N$4=1,ROUND(F88*0.001*DAYS360(A88,A89,1)/360/C89,6),0)) | S89: =A89 | T89: =G89
A90: =IF(B90<=($E$5*$E$7),IF(DATE(YEAR(A89),MONTH(A89)+12/$E$7+1,DAY(1))-1<DATE(YEAR(A89),MONTH(A89)+12/$E$7,DAY($A$12)),DATE(YEAR(A89),MONTH(A89)+12/$E$7+1,DAY(1))-1,DATE(YEAR(A89),MONTH(A89)+12/$E$7,DAY($A$12))),"") | B90: =IF($E$5*$E$7<78,"",78) | C90: =IF(B90="","",IF($K$2=1,ROUND(D90+E90,2),ROUND(C89,2))) | D90: =IF(B90="","",ROUND(F89*E$6/E$7,2)) | E90: =IF(B90="","",IF($K$2=1,ROUND(E89,2),ROUND(C90-D90,2))) | F90: =IF(B90="","",F89-E90) | G90: =IF(C90="","",IF(SUM(C91:C$134)=0,C90-C$7+C$8+G$10+H90+R90,C90+H90+R90)) | I90: =IF(A91="","",I89-E90-H90) | J90: =IF(I89="","",I89*(A90-A89)/365) | K90: =IF(M90="","",IF(B91="",SUM($J$13:$J90),SUM($J$13:$J90,$J91*(M90-A90)/(A91-A90)))) | L90: =IF(M90="","",IF(B91="",SUM($D$13:$D90,$R$12:$R90,$G$5:$G$10,$C$9,-$C$10),SUM($D$13:$D90,$R$12:$R90,$G$5:$G$10,$D91*(M90-A90)/(A91-A90),$C$9,-$C$10))) | M90: =IF(N90=N91,"",IF(A91="",A90,DATE(YEAR(A90),MONTH($J$12),DAY($J$12)))) | N90: =IF(A90="","",YEAR(A90)) | O90: =IF(B90="","",IF($M$4=1,ROUND(-PMT((E$6+0.001)/E$7,(E$5*E$7-B89),F89,-C$8,0)-C90,2),0)) | P90: =IF(B90="","",IF($N$4=1,ROUND(F89*0.001*DAYS360(A89,A90,1)/360/C90,6),0)) | S90: =A90 | T90: =G90
A91: =IF(B91<=($E$5*$E$7),IF(DATE(YEAR(A90),MONTH(A90)+12/$E$7+1,DAY(1))-1<DATE(YEAR(A90),MONTH(A90)+12/$E$7,DAY($A$12)),DATE(YEAR(A90),MONTH(A90)+12/$E$7+1,DAY(1))-1,DATE(YEAR(A90),MONTH(A90)+12/$E$7,DAY($A$12))),"") | B91: =IF($E$5*$E$7<79,"",79) | C91: =IF(B91="","",IF($K$2=1,ROUND(D91+E91,2),ROUND(C90,2))) | D91: =IF(B91="","",ROUND(F90*E$6/E$7,2)) | E91: =IF(B91="","",IF($K$2=1,ROUND(E90,2),ROUND(C91-D91,2))) | F91: =IF(B91="","",F90-E91) | G91: =IF(C91="","",IF(SUM(C92:C$134)=0,C91-C$7+C$8+G$10+H91+R91,C91+H91+R91)) | I91: =IF(A92="","",I90-E91-H91) | J91: =IF(I90="","",I90*(A91-A90)/365) | K91: =IF(M91="","",IF(B92="",SUM($J$13:$J91),SUM($J$13:$J91,$J92*(M91-A91)/(A92-A91)))) | L91: =IF(M91="","",IF(B92="",SUM($D$13:$D91,$R$12:$R91,$G$5:$G$10,$C$9,-$C$10),SUM($D$13:$D91,$R$12:$R91,$G$5:$G$10,$D92*(M91-A91)/(A92-A91),$C$9,-$C$10))) | M91: =IF(N91=N92,"",IF(A92="",A91,DATE(YEAR(A91),MONTH($J$12),DAY($J$12)))) | N91: =IF(A91="","",YEAR(A91)) | O91: =IF(B91="","",IF($M$4=1,ROUND(-PMT((E$6+0.001)/E$7,(E$5*E$7-B90),F90,-C$8,0)-C91,2),0)) | P91: =IF(B91="","",IF($N$4=1,ROUND(F90*0.001*DAYS360(A90,A91,1)/360/C91,6),0)) | S91: =A91 | T91: =G91
A92: =IF(B92<=($E$5*$E$7),IF(DATE(YEAR(A91),MONTH(A91)+12/$E$7+1,DAY(1))-1<DATE(YEAR(A91),MONTH(A91)+12/$E$7,DAY($A$12)),DATE(YEAR(A91),MONTH(A91)+12/$E$7+1,DAY(1))-1,DATE(YEAR(A91),MONTH(A91)+12/$E$7,DAY($A$12))),"") | B92: =IF($E$5*$E$7<80,"",80) | C92: =IF(B92="","",IF($K$2=1,ROUND(D92+E92,2),ROUND(C91,2))) | D92: =IF(B92="","",ROUND(F91*E$6/E$7,2)) | E92: =IF(B92="","",IF($K$2=1,ROUND(E91,2),ROUND(C92-D92,2))) | F92: =IF(B92="","",F91-E92) | G92: =IF(C92="","",IF(SUM(C93:C$134)=0,C92-C$7+C$8+G$10+H92+R92,C92+H92+R92)) | I92: =IF(A93="","",I91-E92-H92) | J92: =IF(I91="","",I91*(A92-A91)/365) | K92: =IF(M92="","",IF(B93="",SUM($J$13:$J92),SUM($J$13:$J92,$J93*(M92-A92)/(A93-A92)))) | L92: =IF(M92="","",IF(B93="",SUM($D$13:$D92,$R$12:$R92,$G$5:$G$10,$C$9,-$C$10),SUM($D$13:$D92,$R$12:$R92,$G$5:$G$10,$D93*(M92-A92)/(A93-A92),$C$9,-$C$10))) | M92: =IF(N92=N93,"",IF(A93="",A92,DATE(YEAR(A92),MONTH($J$12),DAY($J$12)))) | N92: =IF(A92="","",YEAR(A92)) | O92: =IF(B92="","",IF($M$4=1,ROUND(-PMT((E$6+0.001)/E$7,(E$5*E$7-B91),F91,-C$8,0)-C92,2),0)) | P92: =IF(B92="","",IF($N$4=1,ROUND(F91*0.001*DAYS360(A91,A92,1)/360/C92,6),0)) | S92: =A92 | T92: =G92
A93: =IF(B93<=($E$5*$E$7),IF(DATE(YEAR(A92),MONTH(A92)+12/$E$7+1,DAY(1))-1<DATE(YEAR(A92),MONTH(A92)+12/$E$7,DAY($A$12)),DATE(YEAR(A92),MONTH(A92)+12/$E$7+1,DAY(1))-1,DATE(YEAR(A92),MONTH(A92)+12/$E$7,DAY($A$12))),"") | B93: =IF($E$5*$E$7<81,"",81) | C93: =IF(B93="","",IF($K$2=1,ROUND(D93+E93,2),ROUND(C92,2))) | D93: =IF(B93="","",ROUND(F92*E$6/E$7,2)) | E93: =IF(B93="","",IF($K$2=1,ROUND(E92,2),ROUND(C93-D93,2))) | F93: =IF(B93="","",F92-E93) | G93: =IF(C93="","",IF(SUM(C94:C$134)=0,C93-C$7+C$8+G$10+H93+R93,C93+H93+R93)) | I93: =IF(A94="","",I92-E93-H93) | J93: =IF(I92="","",I92*(A93-A92)/365) | K93: =IF(M93="","",IF(B94="",SUM($J$13:$J93),SUM($J$13:$J93,$J94*(M93-A93)/(A94-A93)))) | L93: =IF(M93="","",IF(B94="",SUM($D$13:$D93,$R$12:$R93,$G$5:$G$10,$C$9,-$C$10),SUM($D$13:$D93,$R$12:$R93,$G$5:$G$10,$D94*(M93-A93)/(A94-A93),$C$9,-$C$10))) | M93: =IF(N93=N94,"",IF(A94="",A93,DATE(YEAR(A93),MONTH($J$12),DAY($J$12)))) | N93: =IF(A93="","",YEAR(A93)) | O93: =IF(B93="","",IF($M$4=1,ROUND(-PMT((E$6+0.001)/E$7,(E$5*E$7-B92),F92,-C$8,0)-C93,2),0)) | P93: =IF(B93="","",IF($N$4=1,ROUND(F92*0.001*DAYS360(A92,A93,1)/360/C93,6),0)) | S93: =A93 | T93: =G93
A94: =IF(B94<=($E$5*$E$7),IF(DATE(YEAR(A93),MONTH(A93)+12/$E$7+1,DAY(1))-1<DATE(YEAR(A93),MONTH(A93)+12/$E$7,DAY($A$12)),DATE(YEAR(A93),MONTH(A93)+12/$E$7+1,DAY(1))-1,DATE(YEAR(A93),MONTH(A93)+12/$E$7,DAY($A$12))),"") | B94: =IF($E$5*$E$7<82,"",82) | C94: =IF(B94="","",IF($K$2=1,ROUND(D94+E94,2),ROUND(C93,2))) | D94: =IF(B94="","",ROUND(F93*E$6/E$7,2)) | E94: =IF(B94="","",IF($K$2=1,ROUND(E93,2),ROUND(C94-D94,2))) | F94: =IF(B94="","",F93-E94) | G94: =IF(C94="","",IF(SUM(C95:C$134)=0,C94-C$7+C$8+G$10+H94+R94,C94+H94+R94)) | I94: =IF(A95="","",I93-E94-H94) | J94: =IF(I93="","",I93*(A94-A93)/365) | K94: =IF(M94="","",IF(B95="",SUM($J$13:$J94),SUM($J$13:$J94,$J95*(M94-A94)/(A95-A94)))) | L94: =IF(M94="","",IF(B95="",SUM($D$13:$D94,$R$12:$R94,$G$5:$G$10,$C$9,-$C$10),SUM($D$13:$D94,$R$12:$R94,$G$5:$G$10,$D95*(M94-A94)/(A95-A94),$C$9,-$C$10))) | M94: =IF(N94=N95,"",IF(A95="",A94,DATE(YEAR(A94),MONTH($J$12),DAY($J$12)))) | N94: =IF(A94="","",YEAR(A94)) | O94: =IF(B94="","",IF($M$4=1,ROUND(-PMT((E$6+0.001)/E$7,(E$5*E$7-B93),F93,-C$8,0)-C94,2),0)) | P94: =IF(B94="","",IF($N$4=1,ROUND(F93*0.001*DAYS360(A93,A94,1)/360/C94,6),0)) | S94: =A94 | T94: =G94
A95: =IF(B95<=($E$5*$E$7),IF(DATE(YEAR(A94),MONTH(A94)+12/$E$7+1,DAY(1))-1<DATE(YEAR(A94),MONTH(A94)+12/$E$7,DAY($A$12)),DATE(YEAR(A94),MONTH(A94)+12/$E$7+1,DAY(1))-1,DATE(YEAR(A94),MONTH(A94)+12/$E$7,DAY($A$12))),"") | B95: =IF($E$5*$E$7<83,"",83) | C95: =IF(B95="","",IF($K$2=1,ROUND(D95+E95,2),ROUND(C94,2))) | D95: =IF(B95="","",ROUND(F94*E$6/E$7,2)) | E95: =IF(B95="","",IF($K$2=1,ROUND(E94,2),ROUND(C95-D95,2))) | F95: =IF(B95="","",F94-E95) | G95: =IF(C95="","",IF(SUM(C96:C$134)=0,C95-C$7+C$8+G$10+H95+R95,C95+H95+R95)) | I95: =IF(A96="","",I94-E95-H95) | J95: =IF(I94="","",I94*(A95-A94)/365) | K95: =IF(M95="","",IF(B96="",SUM($J$13:$J95),SUM($J$13:$J95,$J96*(M95-A95)/(A96-A95)))) | L95: =IF(M95="","",IF(B96="",SUM($D$13:$D95,$R$12:$R95,$G$5:$G$10,$C$9,-$C$10),SUM($D$13:$D95,$R$12:$R95,$G$5:$G$10,$D96*(M95-A95)/(A96-A95),$C$9,-$C$10))) | M95: =IF(N95=N96,"",IF(A96="",A95,DATE(YEAR(A95),MONTH($J$12),DAY($J$12)))) | N95: =IF(A95="","",YEAR(A95)) | O95: =IF(B95="","",IF($M$4=1,ROUND(-PMT((E$6+0.001)/E$7,(E$5*E$7-B94),F94,-C$8,0)-C95,2),0)) | P95: =IF(B95="","",IF($N$4=1,ROUND(F94*0.001*DAYS360(A94,A95,1)/360/C95,6),0)) | S95: =A95 | T95: =G95
A96: =IF(B96<=($E$5*$E$7),IF(DATE(YEAR(A95),MONTH(A95)+12/$E$7+1,DAY(1))-1<DATE(YEAR(A95),MONTH(A95)+12/$E$7,DAY($A$12)),DATE(YEAR(A95),MONTH(A95)+12/$E$7+1,DAY(1))-1,DATE(YEAR(A95),MONTH(A95)+12/$E$7,DAY($A$12))),"") | B96: =IF($E$5*$E$7<84,"",84) | C96: =IF(B96="","",IF($K$2=1,ROUND(D96+E96,2),ROUND(C95,2))) | D96: =IF(B96="","",ROUND(F95*E$6/E$7,2)) | E96: =IF(B96="","",IF($K$2=1,ROUND(E95,2),ROUND(C96-D96,2))) | F96: =IF(B96="","",F95-E96) | G96: =IF(C96="","",IF(SUM(C97:C$134)=0,C96-C$7+C$8+G$10+H96+R96,C96+H96+R96)) | I96: =IF(A97="","",I95-E96-H96) | J96: =IF(I95="","",I95*(A96-A95)/365) | K96: =IF(M96="","",IF(B97="",SUM($J$13:$J96),SUM($J$13:$J96,$J97*(M96-A96)/(A97-A96)))) | L96: =IF(M96="","",IF(B97="",SUM($D$13:$D96,$R$12:$R96,$G$5:$G$10,$C$9,-$C$10),SUM($D$13:$D96,$R$12:$R96,$G$5:$G$10,$D97*(M96-A96)/(A97-A96),$C$9,-$C$10))) | M96: =IF(N96=N97,"",IF(A97="",A96,DATE(YEAR(A96),MONTH($J$12),DAY($J$12)))) | N96: =IF(A96="","",YEAR(A96)) | O96: =IF(B96="","",IF($M$4=1,ROUND(-PMT((E$6+0.001)/E$7,(E$5*E$7-B95),F95,-C$8,0)-C96,2),0)) | P96: =IF(B96="","",IF($N$4=1,ROUND(F95*0.001*DAYS360(A95,A96,1)/360/C96,6),0)) | S96: =A96 | T96: =G96
A97: =IF(B97<=($E$5*$E$7),IF(DATE(YEAR(A96),MONTH(A96)+12/$E$7+1,DAY(1))-1<DATE(YEAR(A96),MONTH(A96)+12/$E$7,DAY($A$12)),DATE(YEAR(A96),MONTH(A96)+12/$E$7+1,DAY(1))-1,DATE(YEAR(A96),MONTH(A96)+12/$E$7,DAY($A$12))),"") | B97: =IF($E$5*$E$7<85,"",85) | C97: =IF(B97="","",IF($K$2=1,ROUND(D97+E97,2),ROUND(C96,2))) | D97: =IF(B97="","",ROUND(F96*E$6/E$7,2)) | E97: =IF(B97="","",IF($K$2=1,ROUND(E96,2),ROUND(C97-D97,2))) | F97: =IF(B97="","",F96-E97) | G97: =IF(C97="","",IF(SUM(C98:C$134)=0,C97-C$7+C$8+G$10+H97+R97,C97+H97+R97)) | I97: =IF(A98="","",I96-E97-H97) | J97: =IF(I96="","",I96*(A97-A96)/365) | K97: =IF(M97="","",IF(B98="",SUM($J$13:$J97),SUM($J$13:$J97,$J98*(M97-A97)/(A98-A97)))) | L97: =IF(M97="","",IF(B98="",SUM($D$13:$D97,$R$12:$R97,$G$5:$G$10,$C$9,-$C$10),SUM($D$13:$D97,$R$12:$R97,$G$5:$G$10,$D98*(M97-A97)/(A98-A97),$C$9,-$C$10))) | M97: =IF(N97=N98,"",IF(A98="",A97,DATE(YEAR(A97),MONTH($J$12),DAY($J$12)))) | N97: =IF(A97="","",YEAR(A97)) | O97: =IF(B97="","",IF($M$4=1,ROUND(-PMT((E$6+0.001)/E$7,(E$5*E$7-B96),F96,-C$8,0)-C97,2),0)) | P97: =IF(B97="","",IF($N$4=1,ROUND(F96*0.001*DAYS360(A96,A97,1)/360/C97,6),0)) | S97: =A97 | T97: =G97
A98: =IF(B98<=($E$5*$E$7),IF(DATE(YEAR(A97),MONTH(A97)+12/$E$7+1,DAY(1))-1<DATE(YEAR(A97),MONTH(A97)+12/$E$7,DAY($A$12)),DATE(YEAR(A97),MONTH(A97)+12/$E$7+1,DAY(1))-1,DATE(YEAR(A97),MONTH(A97)+12/$E$7,DAY($A$12))),"") | B98: =IF($E$5*$E$7<86,"",86) | C98: =IF(B98="","",IF($K$2=1,ROUND(D98+E98,2),ROUND(C97,2))) | D98: =IF(B98="","",ROUND(F97*E$6/E$7,2)) | E98: =IF(B98="","",IF($K$2=1,ROUND(E97,2),ROUND(C98-D98,2))) | F98: =IF(B98="","",F97-E98) | G98: =IF(C98="","",IF(SUM(C99:C$134)=0,C98-C$7+C$8+G$10+H98+R98,C98+H98+R98)) | I98: =IF(A99="","",I97-E98-H98) | J98: =IF(I97="","",I97*(A98-A97)/365) | K98: =IF(M98="","",IF(B99="",SUM($J$13:$J98),SUM($J$13:$J98,$J99*(M98-A98)/(A99-A98)))) | L98: =IF(M98="","",IF(B99="",SUM($D$13:$D98,$R$12:$R98,$G$5:$G$10,$C$9,-$C$10),SUM($D$13:$D98,$R$12:$R98,$G$5:$G$10,$D99*(M98-A98)/(A99-A98),$C$9,-$C$10))) | M98: =IF(N98=N99,"",IF(A99="",A98,DATE(YEAR(A98),MONTH($J$12),DAY($J$12)))) | N98: =IF(A98="","",YEAR(A98)) | O98: =IF(B98="","",IF($M$4=1,ROUND(-PMT((E$6+0.001)/E$7,(E$5*E$7-B97),F97,-C$8,0)-C98,2),0)) | P98: =IF(B98="","",IF($N$4=1,ROUND(F97*0.001*DAYS360(A97,A98,1)/360/C98,6),0)) | S98: =A98 | T98: =G98
A99: =IF(B99<=($E$5*$E$7),IF(DATE(YEAR(A98),MONTH(A98)+12/$E$7+1,DAY(1))-1<DATE(YEAR(A98),MONTH(A98)+12/$E$7,DAY($A$12)),DATE(YEAR(A98),MONTH(A98)+12/$E$7+1,DAY(1))-1,DATE(YEAR(A98),MONTH(A98)+12/$E$7,DAY($A$12))),"") | B99: =IF($E$5*$E$7<87,"",87) | C99: =IF(B99="","",IF($K$2=1,ROUND(D99+E99,2),ROUND(C98,2))) | D99: =IF(B99="","",ROUND(F98*E$6/E$7,2)) | E99: =IF(B99="","",IF($K$2=1,ROUND(E98,2),ROUND(C99-D99,2))) | F99: =IF(B99="","",F98-E99) | G99: =IF(C99="","",IF(SUM(C100:C$134)=0,C99-C$7+C$8+G$10+H99+R99,C99+H99+R99)) | I99: =IF(A100="","",I98-E99-H99) | J99: =IF(I98="","",I98*(A99-A98)/365) | K99: =IF(M99="","",IF(B100="",SUM($J$13:$J99),SUM($J$13:$J99,$J100*(M99-A99)/(A100-A99)))) | L99: =IF(M99="","",IF(B100="",SUM($D$13:$D99,$R$12:$R99,$G$5:$G$10,$C$9,-$C$10),SUM($D$13:$D99,$R$12:$R99,$G$5:$G$10,$D100*(M99-A99)/(A100-A99),$C$9,-$C$10))) | M99: =IF(N99=N100,"",IF(A100="",A99,DATE(YEAR(A99),MONTH($J$12),DAY($J$12)))) | N99: =IF(A99="","",YEAR(A99)) | O99: =IF(B99="","",IF($M$4=1,ROUND(-PMT((E$6+0.001)/E$7,(E$5*E$7-B98),F98,-C$8,0)-C99,2),0)) | P99: =IF(B99="","",IF($N$4=1,ROUND(F98*0.001*DAYS360(A98,A99,1)/360/C99,6),0)) | S99: =A99 | T99: =G99
A100: =IF(B100<=($E$5*$E$7),IF(DATE(YEAR(A99),MONTH(A99)+12/$E$7+1,DAY(1))-1<DATE(YEAR(A99),MONTH(A99)+12/$E$7,DAY($A$12)),DATE(YEAR(A99),MONTH(A99)+12/$E$7+1,DAY(1))-1,DATE(YEAR(A99),MONTH(A99)+12/$E$7,DAY($A$12))),"") | B100: =IF($E$5*$E$7<88,"",88) | C100: =IF(B100="","",IF($K$2=1,ROUND(D100+E100,2),ROUND(C99,2))) | D100: =IF(B100="","",ROUND(F99*E$6/E$7,2)) | E100: =IF(B100="","",IF($K$2=1,ROUND(E99,2),ROUND(C100-D100,2))) | F100: =IF(B100="","",F99-E100) | G100: =IF(C100="","",IF(SUM(C101:C$134)=0,C100-C$7+C$8+G$10+H100+R100,C100+H100+R100)) | I100: =IF(A101="","",I99-E100-H100) | J100: =IF(I99="","",I99*(A100-A99)/365) | K100: =IF(M100="","",IF(B101="",SUM($J$13:$J100),SUM($J$13:$J100,$J101*(M100-A100)/(A101-A100)))) | L100: =IF(M100="","",IF(B101="",SUM($D$13:$D100,$R$12:$R100,$G$5:$G$10,$C$9,-$C$10),SUM($D$13:$D100,$R$12:$R100,$G$5:$G$10,$D101*(M100-A100)/(A101-A100),$C$9,-$C$10))) | M100: =IF(N100=N101,"",IF(A101="",A100,DATE(YEAR(A100),MONTH($J$12),DAY($J$12)))) | N100: =IF(A100="","",YEAR(A100)) | O100: =IF(B100="","",IF($M$4=1,ROUND(-PMT((E$6+0.001)/E$7,(E$5*E$7-B99),F99,-C$8,0)-C100,2),0)) | P100: =IF(B100="","",IF($N$4=1,ROUND(F99*0.001*DAYS360(A99,A100,1)/360/C100,6),0)) | S100: =A100 | T100: =G100
...

Sheet 指标还原
B1: 融资租赁租金及收益测算表-等期 | H1: =正常测算!H1 -> 人民币电汇 | I1: =IF(DATE(YEAR(A12),MONTH(A12)+12/$E$7+1,DAY(1))-1<DATE(YEAR(A12),MONTH(A12)+12/$E$7,DAY($A$12)),DATE(YEAR(A12),MONTH(A12)+12/$E$7+1,DAY(1))-1,DATE(YEAR(A12),MONTH(A12)+12/$E$7,DAY($A$12))) -> 42338 | J1: 明示利率 | K1: 等额本金 | L1: 先付 | M1: 不等额租金 | N1: 等额租金
A2: 调息方式 | B2: 利率表现方式 | C2: =正常测算!C2 -> 隐含利率 | D2: 租金计算方式 | E2: =正常测算!E2 -> 等额租金 | F2: 租金偿还方式 | G2: =正常测算!G2 -> 后付 | H2: No.20140325 | J2: =IF(C2="明示利率",1,0) -> 0 | K2: =IF(E2="等额本金",1,0) -> 0 | L2: =IF(G2="先付",1,0) -> 0 | M2: =IF(E2="不等额租金",1,0) -> 0 | N2: =IF(E2="等额租金",1,0) -> 1 | O2: 首次使用此表请在“工具”菜单上，单击“加载宏”,在列表中勾选“分析工具库”，单击“确定”。
A3: =IF(AND(J2=1,N2=1),"明示利率等额租金",IF(AND(J2=1,K2=1),"明示利率等额本金",IF(AND(J2=0,N2=1),"按金额调息",IF(M2=1,"按金额调息","逻辑错误")))) -> 按金额调息 | B3: 项目存续收入 | C3: =IF(ISERROR(I4),0,I4) -> -10690.071 | D3: 项目存续占用 | E3: =IF(ISERROR(J4),0,J4) -> 4388.4292 | F3: 项目存续TCR | G3: =IF(AND(C3>0,E3<=0),100%,IF(AND(C3=0,E3=0),0%,C3/E3)) -> -2.4359676 | H3: 总收益 | I3: 存续收入 | J3: 存续占用 | K3: 首期租金日 | L3: 末期租金日 | M3: 按金额调息 | N3: 按比例调息 | S3: 常规先付 | T3: =XIRR(OFFSET(G12,1,0,E5*E7,1),OFFSET(A12,1,0,E5*E7,1),0.01) -> #NUM!
A4: =IF(AND(J2=1,K2=1),"等额不等额本金亦适用","") | B4: 累计存续收入 | D4: 累计存续占用 | F4: 累计存续TCR | G4: =IF(AND(C3>0,E3<=0),100%,IF(AND(C3=0,E3=0),0%,(C3+C4)/(E3+E4))) -> -2.4359676 | H4: =SUM(G$12:G$134) -> -99327776 | I4: =I9/10000 -> -10690.071 | J4: =I10/10000 -> 4388.4292 | K4: =A13 -> 42338 | L4: =OFFSET(B12,MATCH(E5*E7,B13:B134,1),-1,1,1) -> 42520 | M4: =IF(A3="按金额调息",1,0) -> 1 | N4: =IF(A3="按比例调息",1,0) -> 0 | S4: 常规后付 | T4: =XIRR(OFFSET(G12,0,0,E5*E7+1,1),OFFSET(A12,0,0,E5*E7+1,1),0.01) -> -0.99637976
A5: 租金收入总额 | B5: 项目总额 | C5: =正常测算!C5 -> 100000000 | D5: 租期（年） | E5: =正常测算!E5 -> 1 | F5: 返点收入 | G5: =正常测算!G5 -> 0 | H5: 总资金占用 | I5: 第2年 | J5: 第3年 | K5: 第4年 | L5: 第5年 | M5: 第6年 | N5: 第7年 | O5: 租金总额（含首付款） | P5: =$A$6+$C$6 -> 672224 | S5: 修正XIRR | T5: =IF(ISERROR(XIRR(OFFSET(T10,1,0,E5*E7+2,1),OFFSET(S10,1,0,E5*E7+2,1),0.01)),100%,XIRR(OFFSET(T10,1,0,E5*E7+2,1),OFFSET(S10,1,0,E5*E7+2,1),0.01)) -> -0.99637976
A6: =SUM($C$13:$C$134) -> 672224 | B6: 首付款 | C6: =正常测算!C6 -> 0 | D6: 年利率 | E6: =正常测算!E6 -> 0.12828071 | F6: 利息补贴 | G6: =正常测算!G6 -> 0 | H6: =SUM(J13:J134) -> 1.0330461e+08 | I6: =IF(ISERROR(I9-J9),0,(I9-J9)) -> 5644973.9 | J6: =IF(ISERROR(J9-K9),0,(J9-K9)) -> 0 | K6: =IF(ISERROR(K9-L9),0,(K9-L9)) -> 0 | L6: =IF(ISERROR(L9-M9),0,(L9-M9)) -> 0 | M6: =IF(ISERROR(M9-N9),0,(M9-N9)) -> 0 | N6: =IF(ISERROR(N9-0),0,(N9-0)) -> -1.1254569e+08 | O6: 1、请选择交易结构
A7: =IF(AND(A10<>C5-C6-C8+C9,K2=0),"请修正末期利息","利息收入总额") -> 请修正末期利息 | B7: 保证金 | C7: =正常测算!C7 -> 0 | D7: 年还租次数 | E7: =正常测算!E7 -> 2 | F7: 服务费收入 | G7: =正常测算!G7 -> 0 | H7: TCR | I7: =IF(ISERROR(I10-J10),0,(I10-J10)) -> 43884292 | J7: =IF(ISERROR(J10-K10),0,(J10-K10)) -> 0 | K7: =IF(ISERROR(K10-L10),0,(K10-L10)) -> 0 | L7: =IF(ISERROR(L10-M10),0,(L10-M10)) -> 0 | M7: =IF(ISERROR(M10-N10),0,(M10-N10)) -> 0 | N7: =IF(ISERROR(N10-0),0,(N10-0)) -> 0 | O7: 2、合理预计调整起租日 | S7: 概算IRR | T7: =IF(E8="","",IRR(G12:G134,0.01)*E7) -> -1.8806398
A8: =SUM($D$13:$D$134) -> 13217911 | B8: 资产余值 | C8: =正常测算!C8 -> 0 | D8: 每期租金 | E8: =IF(E7="","",IF(K2=1,ROUND((F$12-C$8)/(E$5*E$7),2),ROUND(-PMT(E$6/E$7,E$5*E$7,F$12,-C$8,L2),2))) -> 54860354 | F8: 管理费收入 | G8: =正常测算!G8 -> 0 | H8: =IF(C5="","",IF(OR(ISERROR($H$4/$H$6),$H$4/$H$6>100%,$H$4/$H$6<0),"100.00%",($H$4/H$6))) -> 100.00% | I8: =IF(I7=0,0,I6/I7) -> 0.12863313 | J8: =IF(J7=0,0,J6/J7) -> 0 | K8: =IF(K7=0,0,K6/K7) -> 0 | L8: =IF(L7=0,0,L6/L7) -> 0 | M8: =IF(M7=0,0,M6/M7) -> 0 | N8: =IF(N7=0,0,N6/N7) -> 0 | O8: 3、公式如被破坏请下载清洁版 | S8: 差额 | T8: =H10-T7 -> 2.8806398
A9: =IF(AND(A10<>C5-C6-C8+C9,K2=1),"请修正末期本金","回收成本总额") -> 回收成本总额 | B9: 考核调整 | C9: =正常测算!C9 -> 0 | D9: 租前息 | E9: =正常测算!E9 -> 0 | F9: 其他收入 | G9: =正常测算!G9 -> 0 | H9: XIRR | I9: =H4-OFFSET(K12,MATCH(N12,N12:N134,1)-1,1,1,1) -> -1.0690071e+08 | J9: =H4-OFFSET(K12,MATCH(N12+1,N13:N134,1),1,1,1) -> -1.1254569e+08 | K9: =H4-OFFSET(K12,MATCH(N12+2,N13:N134,1),1,1,1) -> -1.1254569e+08 | L9: =H4-OFFSET(K12,MATCH(N12+3,N13:N134,1),1,1,1) -> -1.1254569e+08 | M9: =H4-OFFSET(K12,MATCH(N12+4,N13:N134,1),1,1,1) -> -1.1254569e+08 | N9: =H4-OFFSET(K12,MATCH(N12+5,N13:N134,1),1,1,1) -> -1.1254569e+08 | O9: 4、请勿删行或删列
A10: =SUM($E$13:$E$134) -> -12545687 | B10: 其他支出 | C10: =正常测算!C10 -> 0 | D10: 起租日 | E10: =正常测算!E10 -> 42154 | F10: 残值收入 | G10: =正常测算!G10 -> 0 | H10: =IF(C5="","",IF(OR(T5<0,T5>100%),100%,T5)) -> 1 | I10: =H6-OFFSET(K12,MATCH(N12,N12:N134,1)-1,0,1,1) -> 43884292 | J10: =H6-OFFSET(K12,MATCH(N12+1,N13:N134,1),0,1,1) -> 0 | K10: =H6-OFFSET(K12,MATCH(N12+2,N13:N134,1),0,1,1) -> 0 | L10: =H6-OFFSET(K12,MATCH(N12+3,N13:N134,1),0,1,1) -> 0 | M10: =H6-OFFSET(K12,MATCH(N12+4,N13:N134,1),0,1,1) -> 0 | N10: =H6-OFFSET(K12,MATCH(N12+5,N13:N134,1),0,1,1) -> 0 | S10: 修正租金日 | T10: 修正现金流量
A11: 租金日 | B11: 租金期次 | C11: 租金收入 | D11: 利息收入 | E11: 回收成本 | F11: 未回收成本 | G11: 现金流量 | H11: =IF(SUM(H12:H134)<>0,"请填写完整","现金流量调整") -> 现金流量调整 | I11: =IF(I10=0,0,I9/I10) -> -2.4359676 | J11: =IF(J10=0,0,J9/J10) -> 0 | K11: =IF(K10=0,0,K9/K10) -> 0 | L11: =IF(L10=0,0,L9/L10) -> 0 | M11: =IF(M10=0,0,M9/M10) -> 0 | N11: =IF(N10=0,0,N9/N10) -> 0 | O11: =IF(C5="","",IF(AND(O14=0,P14=0),"","基准利率每调整10个基点")) -> 基准利率每调整10个基点 | R11: =IF(R136<>0,"请填写完整","现金流量调整2") -> 现金流量调整2 | S11: =A12 -> 42154 | T11: =IF(L2=1,G12-H12-R12,-C5+C6+C7-C10+G5+G6+G7+G8+G9) -> -100000000
A12: =E10 -> 42154 | F12: =C$5-C$6+C9 -> 100000000 | G12: =-C5+C6+C7-C10+G5+G6+G7+G8+G9+H12+R12 -> -100000000 | H12: =正常测算!H12 -> 0 | I12: =IF(A13="","",F12-$C$7-H12) -> 100000000 | J12: 36891 | K12: =IF(M12="","",IF(B13="","",SUM($J13*(M12-A12)/(A13-A12)))) | L12: =IF(M12="","",IF(B13="","",SUM(R12,$G$5:$G$10,$D13*(M12-A12)/(A13-A12),$C$9,-C10))) | M12: =IF(N12=N13,"",IF(A13="",A12,DATE(YEAR(A12),MONTH(J12),DAY(J12)))) | N12: =IF(E10="","",YEAR(A12)) -> 2015 | O12: =IF(M4=1,"租金增减金额","") -> 租金增减金额 | P12: =IF(N4=1,"租金调整比例","") | R12: =IF($H$1="人民币电汇",0,IF(OR($H$1="原币划转",$H$1="美元结汇"),产品成本表!G25,-产品成本表!E25))+正常测算!R12 -> 0 | S12: =A12 -> 42154 | T12: =IF(L2=1,-(-H12-R12),H12+R12) -> 0
A13: =正常测算!A13 -> 42338 | B13: =IF(E7="","",1) -> 1 | C13: =正常测算!C13 -> 336112 | D13: =正常测算!D13 -> 6414035.6 | E13: =IF(C5="","",IF(B13="","",IF(K2=1,ROUND($E$8,2),ROUND(C13-D13,2)))) -> -6077923.6 | F13: =IF(B13="","",F12-E13) -> 1.0607792e+08 | G13: =IF(C13="","",IF(L2=1,IF(SUM(C14:C$134)=0,C13-C7+C8+G10+H13+R13,C13+H13+R13),IF(SUM(C14:C134)=0,C13-C7+C8+G10+H13+R13,C13+H13+R13))) -> 336112 | H13: =正常测算!H13 -> 0 | I13: =IF(A14="","",I12-E13-H13) -> 1.0607792e+08 | J13: =IF(I12="","",I12*(A13-A12)/365) -> 50410959 | K13: =IF(M13="","",IF(B14="",SUM($J$13:$J13),SUM($J$13:$J13,$J14*(M13-A13)/(A14-A13)))) -> 59420317 | L13: =IF(M13="","",IF(B14="",SUM($D$13:$D13,$R$12:$R13,$G$5:$G$10,$C$9,-$C$10),SUM($D$13:$D13,$R$12:$R13,$G$5:$G$10,$D14*(M13-A13)/(A14-A13),$C$9,-$C$10))) -> 7572937.5 | M13: =IF(N13=N14,"",IF(A14="",A13,DATE(YEAR(A13),MONTH($J$12),DAY($J$12)))) -> 42369 | N13: =IF(A13="","",YEAR(A13)) -> 2015 | O13: =IF(B13="","",0) -> 0 | P13: =IF(B13="","",0) -> 0 | R13: =IF($H$1="人民币电汇",0,IF(OR($H$1="原币划转",$H$1="美元结汇"),产品成本表!G26,IF(AND($H$1="宏明即期+远东延期支付",INT(A13-$A$12)/30<7),产品成本表!G26,-产品成本表!E26)))+正常测算!R13 -> 0 | S13: =A13 -> 42338 | T13: =G13 -> 336112 | U13: =IF(J13="","",J13*IF($E$5<=0.5,产品成本表!$E$3,IF($E$5<=1,产品成本表!$E$4,IF($E$5<=3,产品成本表!$E$5,IF($E$5<=5,产品成本表!$E$6,产品成本表!$E$7))))) -> 3024657.5
A14: =正常测算!A14 -> 42520 | B14: =IF($E$5*$E$7<2,"",2) -> 2 | C14: =正常测算!C14 -> 336112 | D14: =正常测算!D14 -> 6803875.8 | E14: =IF(B14="","",IF($K$2=1,ROUND(E13,2),ROUND(C14-D14,2))) -> -6467763.8 | F14: =IF(B14="","",F13-E14) -> 1.1254569e+08 | G14: =IF(C14="","",IF(SUM(C15:C$134)=0,C14-C$7+C$8+G$10+H14+R14,C14+H14+R14)) -> 336112 | H14: =正常测算!H14 -> 0 | I14: =IF(A15="","",I13-E14-H14) | J14: =IF(I13="","",I13*(A14-A13)/365) -> 52893650 | K14: =IF(M14="","",IF(B15="",SUM($J$13:$J14),SUM($J$13:$J14,$J15*(M14-A14)/(A15-A14)))) -> 1.0330461e+08 | L14: =IF(M14="","",IF(B15="",SUM($D$13:$D14,$R$12:$R14,$G$5:$G$10,$C$9,-$C$10),SUM($D$13:$D14,$R$12:$R14,$G$5:$G$10,$D15*(M14-A14)/(A15-A14),$C$9,-$C$10))) -> 13217911 | M14: =IF(N14=N15,"",IF(A15="",A14,DATE(YEAR(A14),MONTH($J$12),DAY($J$12)))) -> 42520 | N14: =IF(A14="","",YEAR(A14)) -> 2016 | O14: =IF(B14="","",IF($M$4=1,ROUND(-PMT((E$6+0.001)/E$7,(E$5*E$7-B13),F13,-C$8,0)-C14,2),0)) -> 1.1259873e+08 | P14: =IF(B14="","",IF($N$4=1,ROUND(F13*0.001*DAYS360(A13,A14,1)/360/C14,6),0)) -> 0 | R14: =IF($H$1="人民币电汇",0,IF(OR($H$1="原币划转",$H$1="美元结汇"),产品成本表!G27,IF(AND($H$1="宏明即期+远东延期支付",INT(A14-$A$12)/30<7),产品成本表!G27,-产品成本表!E27)))+正常测算!R14 -> 0 | S14: =A14 -> 42520 | T14: =G14 -> 336112 | U14: =IF(J14="","",J14*IF($E$5<=0.5,产品成本表!$E$3,IF($E$5<=1,产品成本表!$E$4,IF($E$5<=3,产品成本表!$E$5,IF($E$5<=5,产品成本表!$E$6,产品成本表!$E$7))))) -> 3173619
A15: =IF(B15<=($E$5*$E$7),IF(DATE(YEAR(A14),MONTH(A14)+12/$E$7+1,DAY(1))-1<DATE(YEAR(A14),MONTH(A14)+12/$E$7,DAY($A$12)),DATE(YEAR(A14),MONTH(A14)+12/$E$7+1,DAY(1))-1,DATE(YEAR(A14),MONTH(A14)+12/$E$7,DAY($A$12))),"") | B15: =IF($E$5*$E$7<3,"",3) | C15: =正常测算!C15 | D15: =正常测算!D15 | E15: =IF(B15="","",IF($K$2=1,ROUND(E14,2),ROUND(C15-D15,2))) | F15: =IF(B15="","",F14-E15) | G15: =IF(C15="","",IF(SUM(C16:C$134)=0,C15-C$7+C$8+G$10+H15+R15,C15+H15+R15)) | H15: =正常测算!H15 -> 0 | I15: =IF(A16="","",I14-E15-H15) | J15: =IF(I14="","",I14*(A15-A14)/365) | K15: =IF(M15="","",IF(B16="",SUM($J$13:$J15),SUM($J$13:$J15,$J16*(M15-A15)/(A16-A15)))) | L15: =IF(M15="","",IF(B16="",SUM($D$13:$D15,$R$12:$R15,$G$5:$G$10,$C$9,-$C$10),SUM($D$13:$D15,$R$12:$R15,$G$5:$G$10,$D16*(M15-A15)/(A16-A15),$C$9,-$C$10))) | M15: =IF(N15=N16,"",IF(A16="",A15,DATE(YEAR(A15),MONTH($J$12),DAY($J$12)))) | N15: =IF(A15="","",YEAR(A15)) | O15: =IF(B15="","",IF($M$4=1,ROUND(-PMT((E$6+0.001)/E$7,(E$5*E$7-B14),F14,-C$8,0)-C15,2),0)) | P15: =IF(B15="","",IF($N$4=1,ROUND(F14*0.001*DAYS360(A14,A15,1)/360/C15,6),0)) | R15: =IF($H$1="人民币电汇",0,IF(OR($H$1="原币划转",$H$1="美元结汇"),产品成本表!G28,IF(AND($H$1="宏明即期+远东延期支付",INT(A15-$A$12)/30<7),产品成本表!G28,-产品成本表!E28)))+正常测算!R15 -> 0 | S15: =A15 | T15: =G15 | U15: =IF(J15="","",J15*IF($E$5<=0.5,产品成本表!$E$3,IF($E$5<=1,产品成本表!$E$4,IF($E$5<=3,产品成本表!$E$5,IF($E$5<=5,产品成本表!$E$6,产品成本表!$E$7)))))
A16: =IF(B16<=($E$5*$E$7),IF(DATE(YEAR(A15),MONTH(A15)+12/$E$7+1,DAY(1))-1<DATE(YEAR(A15),MONTH(A15)+12/$E$7,DAY($A$12)),DATE(YEAR(A15),MONTH(A15)+12/$E$7+1,DAY(1))-1,DATE(YEAR(A15),MONTH(A15)+12/$E$7,DAY($A$12))),"") | B16: =IF($E$5*$E$7<4,"",4) | C16: =正常测算!C16 | D16: =正常测算!D16 | E16: =IF(B16="","",IF($K$2=1,ROUND(E15,2),ROUND(C16-D16,2))) | F16: =IF(B16="","",F15-E16) | G16: =IF(C16="","",IF(SUM(C17:C$134)=0,C16-C$7+C$8+G$10+H16+R16,C16+H16+R16)) | H16: =正常测算!H16 -> 0 | I16: =IF(A17="","",I15-E16-H16) | J16: =IF(I15="","",I15*(A16-A15)/365) | K16: =IF(M16="","",IF(B17="",SUM($J$13:$J16),SUM($J$13:$J16,$J17*(M16-A16)/(A17-A16)))) | L16: =IF(M16="","",IF(B17="",SUM($D$13:$D16,$R$12:$R16,$G$5:$G$10,$C$9,-$C$10),SUM($D$13:$D16,$R$12:$R16,$G$5:$G$10,$D17*(M16-A16)/(A17-A16),$C$9,-$C$10))) | M16: =IF(N16=N17,"",IF(A17="",A16,DATE(YEAR(A16),MONTH($J$12),DAY($J$12)))) | N16: =IF(A16="","",YEAR(A16)) | O16: =IF(B16="","",IF($M$4=1,ROUND(-PMT((E$6+0.001)/E$7,(E$5*E$7-B15),F15,-C$8,0)-C16,2),0)) | P16: =IF(B16="","",IF($N$4=1,ROUND(F15*0.001*DAYS360(A15,A16,1)/360/C16,6),0)) | R16: =IF($H$1="人民币电汇",0,IF(OR($H$1="原币划转",$H$1="美元结汇"),产品成本表!G29,IF(AND($H$1="宏明即期+远东延期支付",INT(A16-$A$12)/30<7),产品成本表!G29,-产品成本表!E29)))+正常测算!R16 -> 0 | S16: =A16 | T16: =G16 | U16: =IF(J16="","",J16*IF($E$5<=0.5,产品成本表!$E$3,IF($E$5<=1,产品成本表!$E$4,IF($E$5<=3,产品成本表!$E$5,IF($E$5<=5,产品成本表!$E$6,产品成本表!$E$7)))))
A17: =IF(B17<=($E$5*$E$7),IF(DATE(YEAR(A16),MONTH(A16)+12/$E$7+1,DAY(1))-1<DATE(YEAR(A16),MONTH(A16)+12/$E$7,DAY($A$12)),DATE(YEAR(A16),MONTH(A16)+12/$E$7+1,DAY(1))-1,DATE(YEAR(A16),MONTH(A16)+12/$E$7,DAY($A$12))),"") | B17: =IF($E$5*$E$7<5,"",5) | C17: =正常测算!C17 | D17: =正常测算!D17 | E17: =IF(B17="","",IF($K$2=1,ROUND(E16,2),ROUND(C17-D17,2))) | F17: =IF(B17="","",F16-E17) | G17: =IF(C17="","",IF(SUM(C18:C$134)=0,C17-C$7+C$8+G$10+H17+R17,C17+H17+R17)) | H17: =正常测算!H17 -> 0 | I17: =IF(A18="","",I16-E17-H17) | J17: =IF(I16="","",I16*(A17-A16)/365) | K17: =IF(M17="","",IF(B18="",SUM($J$13:$J17),SUM($J$13:$J17,$J18*(M17-A17)/(A18-A17)))) | L17: =IF(M17="","",IF(B18="",SUM($D$13:$D17,$R$12:$R17,$G$5:$G$10,$C$9,-$C$10),SUM($D$13:$D17,$R$12:$R17,$G$5:$G$10,$D18*(M17-A17)/(A18-A17),$C$9,-$C$10))) | M17: =IF(N17=N18,"",IF(A18="",A17,DATE(YEAR(A17),MONTH($J$12),DAY($J$12)))) | N17: =IF(A17="","",YEAR(A17)) | O17: =IF(B17="","",IF($M$4=1,ROUND(-PMT((E$6+0.001)/E$7,(E$5*E$7-B16),F16,-C$8,0)-C17,2),0)) | P17: =IF(B17="","",IF($N$4=1,ROUND(F16*0.001*DAYS360(A16,A17,1)/360/C17,6),0)) | R17: =IF($H$1="人民币电汇",0,IF(OR($H$1="原币划转",$H$1="美元结汇"),产品成本表!G30,IF(AND($H$1="宏明即期+远东延期支付",INT(A17-$A$12)/30<7),产品成本表!G30,-产品成本表!E30)))+正常测算!R17 -> 0 | S17: =A17 | T17: =G17 | U17: =IF(J17="","",J17*IF($E$5<=0.5,产品成本表!$E$3,IF($E$5<=1,产品成本表!$E$4,IF($E$5<=3,产品成本表!$E$5,IF($E$5<=5,产品成本表!$E$6,产品成本表!$E$7)))))
A18: =IF(B18<=($E$5*$E$7),IF(DATE(YEAR(A17),MONTH(A17)+12/$E$7+1,DAY(1))-1<DATE(YEAR(A17),MONTH(A17)+12/$E$7,DAY($A$12)),DATE(YEAR(A17),MONTH(A17)+12/$E$7+1,DAY(1))-1,DATE(YEAR(A17),MONTH(A17)+12/$E$7,DAY($A$12))),"") | B18: =IF($E$5*$E$7<6,"",6) | C18: =正常测算!C18 | D18: =正常测算!D18 | E18: =IF(B18="","",IF($K$2=1,ROUND(E17,2),ROUND(C18-D18,2))) | F18: =IF(B18="","",F17-E18) | G18: =IF(C18="","",IF(SUM(C19:C$134)=0,C18-C$7+C$8+G$10+H18+R18,C18+H18+R18)) | H18: =正常测算!H18 -> 0 | I18: =IF(A19="","",I17-E18-H18) | J18: =IF(I17="","",I17*(A18-A17)/365) | K18: =IF(M18="","",IF(B19="",SUM($J$13:$J18),SUM($J$13:$J18,$J19*(M18-A18)/(A19-A18)))) | L18: =IF(M18="","",IF(B19="",SUM($D$13:$D18,$R$12:$R18,$G$5:$G$10,$C$9,-$C$10),SUM($D$13:$D18,$R$12:$R18,$G$5:$G$10,$D19*(M18-A18)/(A19-A18),$C$9,-$C$10))) | M18: =IF(N18=N19,"",IF(A19="",A18,DATE(YEAR(A18),MONTH($J$12),DAY($J$12)))) | N18: =IF(A18="","",YEAR(A18)) | O18: =IF(B18="","",IF($M$4=1,ROUND(-PMT((E$6+0.001)/E$7,(E$5*E$7-B17),F17,-C$8,0)-C18,2),0)) | P18: =IF(B18="","",IF($N$4=1,ROUND(F17*0.001*DAYS360(A17,A18,1)/360/C18,6),0)) | R18: =IF($H$1="人民币电汇",0,IF(OR($H$1="原币划转",$H$1="美元结汇"),产品成本表!G31,IF(AND($H$1="宏明即期+远东延期支付",INT(A18-$A$12)/30<7),产品成本表!G31,-产品成本表!E31)))+正常测算!R18 -> 0 | S18: =A18 | T18: =G18 | U18: =IF(J18="","",J18*IF($E$5<=0.5,产品成本表!$E$3,IF($E$5<=1,产品成本表!$E$4,IF($E$5<=3,产品成本表!$E$5,IF($E$5<=5,产品成本表!$E$6,产品成本表!$E$7)))))
A19: =IF(B19<=($E$5*$E$7),IF(DATE(YEAR(A18),MONTH(A18)+12/$E$7+1,DAY(1))-1<DATE(YEAR(A18),MONTH(A18)+12/$E$7,DAY($A$12)),DATE(YEAR(A18),MONTH(A18)+12/$E$7+1,DAY(1))-1,DATE(YEAR(A18),MONTH(A18)+12/$E$7,DAY($A$12))),"") | B19: =IF($E$5*$E$7<7,"",7) | C19: =正常测算!C19 | D19: =正常测算!D19 | E19: =IF(B19="","",IF($K$2=1,ROUND(E18,2),ROUND(C19-D19,2))) | F19: =IF(B19="","",F18-E19) | G19: =IF(C19="","",IF(SUM(C20:C$134)=0,C19-C$7+C$8+G$10+H19+R19,C19+H19+R19)) | H19: =正常测算!H19 -> 0 | I19: =IF(A20="","",I18-E19-H19) | J19: =IF(I18="","",I18*(A19-A18)/365) | K19: =IF(M19="","",IF(B20="",SUM($J$13:$J19),SUM($J$13:$J19,$J20*(M19-A19)/(A20-A19)))) | L19: =IF(M19="","",IF(B20="",SUM($D$13:$D19,$R$12:$R19,$G$5:$G$10,$C$9,-$C$10),SUM($D$13:$D19,$R$12:$R19,$G$5:$G$10,$D20*(M19-A19)/(A20-A19),$C$9,-$C$10))) | M19: =IF(N19=N20,"",IF(A20="",A19,DATE(YEAR(A19),MONTH($J$12),DAY($J$12)))) | N19: =IF(A19="","",YEAR(A19)) | O19: =IF(B19="","",IF($M$4=1,ROUND(-PMT((E$6+0.001)/E$7,(E$5*E$7-B18),F18,-C$8,0)-C19,2),0)) | P19: =IF(B19="","",IF($N$4=1,ROUND(F18*0.001*DAYS360(A18,A19,1)/360/C19,6),0)) | R19: =IF($H$1="人民币电汇",0,IF(OR($H$1="原币划转",$H$1="美元结汇"),产品成本表!G32,IF(AND($H$1="宏明即期+远东延期支付",INT(A19-$A$12)/30<7),产品成本表!G32,-产品成本表!E32)))+正常测算!R19 -> 0 | S19: =A19 | T19: =G19 | U19: =IF(J19="","",J19*IF($E$5<=0.5,产品成本表!$E$3,IF($E$5<=1,产品成本表!$E$4,IF($E$5<=3,产品成本表!$E$5,IF($E$5<=5,产品成本表!$E$6,产品成本表!$E$7)))))
A20: =IF(B20<=($E$5*$E$7),IF(DATE(YEAR(A19),MONTH(A19)+12/$E$7+1,DAY(1))-1<DATE(YEAR(A19),MONTH(A19)+12/$E$7,DAY($A$12)),DATE(YEAR(A19),MONTH(A19)+12/$E$7+1,DAY(1))-1,DATE(YEAR(A19),MONTH(A19)+12/$E$7,DAY($A$12))),"") | B20: =IF($E$5*$E$7<8,"",8) | C20: =正常测算!C20 | D20: =正常测算!D20 | E20: =IF(B20="","",IF($K$2=1,ROUND(E19,2),ROUND(C20-D20,2))) | F20: =IF(B20="","",F19-E20) | G20: =IF(C20="","",IF(SUM(C21:C$134)=0,C20-C$7+C$8+G$10+H20+R20,C20+H20+R20)) | H20: =正常测算!H20 -> 0 | I20: =IF(A21="","",I19-E20-H20) | J20: =IF(I19="","",I19*(A20-A19)/365) | K20: =IF(M20="","",IF(B21="",SUM($J$13:$J20),SUM($J$13:$J20,$J21*(M20-A20)/(A21-A20)))) | L20: =IF(M20="","",IF(B21="",SUM($D$13:$D20,$R$12:$R20,$G$5:$G$10,$C$9,-$C$10),SUM($D$13:$D20,$R$12:$R20,$G$5:$G$10,$D21*(M20-A20)/(A21-A20),$C$9,-$C$10))) | M20: =IF(N20=N21,"",IF(A21="",A20,DATE(YEAR(A20),MONTH($J$12),DAY($J$12)))) | N20: =IF(A20="","",YEAR(A20)) | O20: =IF(B20="","",IF($M$4=1,ROUND(-PMT((E$6+0.001)/E$7,(E$5*E$7-B19),F19,-C$8,0)-C20,2),0)) | P20: =IF(B20="","",IF($N$4=1,ROUND(F19*0.001*DAYS360(A19,A20,1)/360/C20,6),0)) | R20: =IF($H$1="人民币电汇",0,IF(OR($H$1="原币划转",$H$1="美元结汇"),产品成本表!G33,-产品成本表!E33))+正常测算!R20 -> 0 | S20: =A20 | T20: =G20 | U20: =IF(J20="","",J20*IF($E$5<=0.5,产品成本表!$E$3,IF($E$5<=1,产品成本表!$E$4,IF($E$5<=3,产品成本表!$E$5,IF($E$5<=5,产品成本表!$E$6,产品成本表!$E$7)))))
A21: =IF(B21<=($E$5*$E$7),IF(DATE(YEAR(A20),MONTH(A20)+12/$E$7+1,DAY(1))-1<DATE(YEAR(A20),MONTH(A20)+12/$E$7,DAY($A$12)),DATE(YEAR(A20),MONTH(A20)+12/$E$7+1,DAY(1))-1,DATE(YEAR(A20),MONTH(A20)+12/$E$7,DAY($A$12))),"") | B21: =IF($E$5*$E$7<9,"",9) | C21: =正常测算!C21 | D21: =正常测算!D21 | E21: =IF(B21="","",IF($K$2=1,ROUND(E20,2),ROUND(C21-D21,2))) | F21: =IF(B21="","",F20-E21) | G21: =IF(C21="","",IF(SUM(C22:C$134)=0,C21-C$7+C$8+G$10+H21+R21,C21+H21+R21)) | H21: =正常测算!H21 -> 0 | I21: =IF(A22="","",I20-E21-H21) | J21: =IF(I20="","",I20*(A21-A20)/365) | K21: =IF(M21="","",IF(B22="",SUM($J$13:$J21),SUM($J$13:$J21,$J22*(M21-A21)/(A22-A21)))) | L21: =IF(M21="","",IF(B22="",SUM($D$13:$D21,$R$12:$R21,$G$5:$G$10,$C$9,-$C$10),SUM($D$13:$D21,$R$12:$R21,$G$5:$G$10,$D22*(M21-A21)/(A22-A21),$C$9,-$C$10))) | M21: =IF(N21=N22,"",IF(A22="",A21,DATE(YEAR(A21),MONTH($J$12),DAY($J$12)))) | N21: =IF(A21="","",YEAR(A21)) | O21: =IF(B21="","",IF($M$4=1,ROUND(-PMT((E$6+0.001)/E$7,(E$5*E$7-B20),F20,-C$8,0)-C21,2),0)) | P21: =IF(B21="","",IF($N$4=1,ROUND(F20*0.001*DAYS360(A20,A21,1)/360/C21,6),0)) | R21: =IF($H$1="人民币电汇",0,IF(OR($H$1="原币划转",$H$1="美元结汇"),产品成本表!G34,-产品成本表!E34))+正常测算!R21 -> 0 | S21: =A21 | T21: =G21 | U21: =IF(J21="","",J21*IF($E$5<=0.5,产品成本表!$E$3,IF($E$5<=1,产品成本表!$E$4,IF($E$5<=3,产品成本表!$E$5,IF($E$5<=5,产品成本表!$E$6,产品成本表!$E$7)))))
A22: =IF(B22<=($E$5*$E$7),IF(DATE(YEAR(A21),MONTH(A21)+12/$E$7+1,DAY(1))-1<DATE(YEAR(A21),MONTH(A21)+12/$E$7,DAY($A$12)),DATE(YEAR(A21),MONTH(A21)+12/$E$7+1,DAY(1))-1,DATE(YEAR(A21),MONTH(A21)+12/$E$7,DAY($A$12))),"") | B22: =IF($E$5*$E$7<10,"",10) | C22: =正常测算!C22 | D22: =正常测算!D22 | E22: =IF(B22="","",IF($K$2=1,ROUND(E21,2),ROUND(C22-D22,2))) | F22: =IF(B22="","",F21-E22) | G22: =IF(C22="","",IF(SUM(C23:C$134)=0,C22-C$7+C$8+G$10+H22+R22,C22+H22+R22)) | H22: =正常测算!H22 -> 0 | I22: =IF(A23="","",I21-E22-H22) | J22: =IF(I21="","",I21*(A22-A21)/365) | K22: =IF(M22="","",IF(B23="",SUM($J$13:$J22),SUM($J$13:$J22,$J23*(M22-A22)/(A23-A22)))) | L22: =IF(M22="","",IF(B23="",SUM($D$13:$D22,$R$12:$R22,$G$5:$G$10,$C$9,-$C$10),SUM($D$13:$D22,$R$12:$R22,$G$5:$G$10,$D23*(M22-A22)/(A23-A22),$C$9,-$C$10))) | M22: =IF(N22=N23,"",IF(A23="",A22,DATE(YEAR(A22),MONTH($J$12),DAY($J$12)))) | N22: =IF(A22="","",YEAR(A22)) | O22: =IF(B22="","",IF($M$4=1,ROUND(-PMT((E$6+0.001)/E$7,(E$5*E$7-B21),F21,-C$8,0)-C22,2),0)) | P22: =IF(B22="","",IF($N$4=1,ROUND(F21*0.001*DAYS360(A21,A22,1)/360/C22,6),0)) | R22: =IF($H$1="人民币电汇",0,IF(OR($H$1="原币划转",$H$1="美元结汇"),产品成本表!G35,-产品成本表!E35))+正常测算!R22 -> 0 | S22: =A22 | T22: =G22 | U22: =IF(J22="","",J22*IF($E$5<=0.5,产品成本表!$E$3,IF($E$5<=1,产品成本表!$E$4,IF($E$5<=3,产品成本表!$E$5,IF($E$5<=5,产品成本表!$E$6,产品成本表!$E$7)))))
A23: =IF(B23<=($E$5*$E$7),IF(DATE(YEAR(A22),MONTH(A22)+12/$E$7+1,DAY(1))-1<DATE(YEAR(A22),MONTH(A22)+12/$E$7,DAY($A$12)),DATE(YEAR(A22),MONTH(A22)+12/$E$7+1,DAY(1))-1,DATE(YEAR(A22),MONTH(A22)+12/$E$7,DAY($A$12))),"") | B23: =IF($E$5*$E$7<11,"",11) | C23: =正常测算!C23 | D23: =正常测算!D23 | E23: =IF(B23="","",IF($K$2=1,ROUND(E22,2),ROUND(C23-D23,2))) | F23: =IF(B23="","",F22-E23) | G23: =IF(C23="","",IF(SUM(C24:C$134)=0,C23-C$7+C$8+G$10+H23+R23,C23+H23+R23)) | H23: =正常测算!H23 -> 0 | I23: =IF(A24="","",I22-E23-H23) | J23: =IF(I22="","",I22*(A23-A22)/365) | K23: =IF(M23="","",IF(B24="",SUM($J$13:$J23),SUM($J$13:$J23,$J24*(M23-A23)/(A24-A23)))) | L23: =IF(M23="","",IF(B24="",SUM($D$13:$D23,$R$12:$R23,$G$5:$G$10,$C$9,-$C$10),SUM($D$13:$D23,$R$12:$R23,$G$5:$G$10,$D24*(M23-A23)/(A24-A23),$C$9,-$C$10))) | M23: =IF(N23=N24,"",IF(A24="",A23,DATE(YEAR(A23),MONTH($J$12),DAY($J$12)))) | N23: =IF(A23="","",YEAR(A23)) | O23: =IF(B23="","",IF($M$4=1,ROUND(-PMT((E$6+0.001)/E$7,(E$5*E$7-B22),F22,-C$8,0)-C23,2),0)) | P23: =IF(B23="","",IF($N$4=1,ROUND(F22*0.001*DAYS360(A22,A23,1)/360/C23,6),0)) | R23: =IF($H$1="人民币电汇",0,IF(OR($H$1="原币划转",$H$1="美元结汇"),产品成本表!G36,-产品成本表!E36))+正常测算!R23 -> 0 | S23: =A23 | T23: =G23 | U23: =IF(J23="","",J23*IF($E$5<=0.5,产品成本表!$E$3,IF($E$5<=1,产品成本表!$E$4,IF($E$5<=3,产品成本表!$E$5,IF($E$5<=5,产品成本表!$E$6,产品成本表!$E$7)))))
A24: =IF(B24<=($E$5*$E$7),IF(DATE(YEAR(A23),MONTH(A23)+12/$E$7+1,DAY(1))-1<DATE(YEAR(A23),MONTH(A23)+12/$E$7,DAY($A$12)),DATE(YEAR(A23),MONTH(A23)+12/$E$7+1,DAY(1))-1,DATE(YEAR(A23),MONTH(A23)+12/$E$7,DAY($A$12))),"") | B24: =IF($E$5*$E$7<12,"",12) | C24: =正常测算!C24 | D24: =正常测算!D24 | E24: =IF(B24="","",IF($K$2=1,ROUND(E23,2),ROUND(C24-D24,2))) | F24: =IF(B24="","",F23-E24) | G24: =IF(C24="","",IF(SUM(C25:C$134)=0,C24-C$7+C$8+G$10+H24+R24,C24+H24+R24)) | H24: =正常测算!H24 -> 0 | I24: =IF(A25="","",I23-E24-H24) | J24: =IF(I23="","",I23*(A24-A23)/365) | K24: =IF(M24="","",IF(B25="",SUM($J$13:$J24),SUM($J$13:$J24,$J25*(M24-A24)/(A25-A24)))) | L24: =IF(M24="","",IF(B25="",SUM($D$13:$D24,$R$12:$R24,$G$5:$G$10,$C$9,-$C$10),SUM($D$13:$D24,$R$12:$R24,$G$5:$G$10,$D25*(M24-A24)/(A25-A24),$C$9,-$C$10))) | M24: =IF(N24=N25,"",IF(A25="",A24,DATE(YEAR(A24),MONTH($J$12),DAY($J$12)))) | N24: =IF(A24="","",YEAR(A24)) | O24: =IF(B24="","",IF($M$4=1,ROUND(-PMT((E$6+0.001)/E$7,(E$5*E$7-B23),F23,-C$8,0)-C24,2),0)) | P24: =IF(B24="","",IF($N$4=1,ROUND(F23*0.001*DAYS360(A23,A24,1)/360/C24,6),0)) | R24: =IF($H$1="人民币电汇",0,IF(OR($H$1="原币划转",$H$1="美元结汇"),产品成本表!G37,-产品成本表!E37))+正常测算!R24 -> 0 | S24: =A24 | T24: =G24 | U24: =IF(J24="","",J24*IF($E$5<=0.5,产品成本表!$E$3,IF($E$5<=1,产品成本表!$E$4,IF($E$5<=3,产品成本表!$E$5,IF($E$5<=5,产品成本表!$E$6,产品成本表!$E$7)))))
A25: =IF(B25<=($E$5*$E$7),IF(DATE(YEAR(A24),MONTH(A24)+12/$E$7+1,DAY(1))-1<DATE(YEAR(A24),MONTH(A24)+12/$E$7,DAY($A$12)),DATE(YEAR(A24),MONTH(A24)+12/$E$7+1,DAY(1))-1,DATE(YEAR(A24),MONTH(A24)+12/$E$7,DAY($A$12))),"") | B25: =IF($E$5*$E$7<13,"",13) | C25: =正常测算!C25 | D25: =正常测算!D25 | E25: =IF(B25="","",IF($K$2=1,ROUND(E24,2),ROUND(C25-D25,2))) | F25: =IF(B25="","",F24-E25) | G25: =IF(C25="","",IF(SUM(C26:C$134)=0,C25-C$7+C$8+G$10+H25+R25,C25+H25+R25)) | H25: =正常测算!H25 -> 0 | I25: =IF(A26="","",I24-E25-H25) | J25: =IF(I24="","",I24*(A25-A24)/365) | K25: =IF(M25="","",IF(B26="",SUM($J$13:$J25),SUM($J$13:$J25,$J26*(M25-A25)/(A26-A25)))) | L25: =IF(M25="","",IF(B26="",SUM($D$13:$D25,$R$12:$R25,$G$5:$G$10,$C$9,-$C$10),SUM($D$13:$D25,$R$12:$R25,$G$5:$G$10,$D26*(M25-A25)/(A26-A25),$C$9,-$C$10))) | M25: =IF(N25=N26,"",IF(A26="",A25,DATE(YEAR(A25),MONTH($J$12),DAY($J$12)))) | N25: =IF(A25="","",YEAR(A25)) | O25: =IF(B25="","",IF($M$4=1,ROUND(-PMT((E$6+0.001)/E$7,(E$5*E$7-B24),F24,-C$8,0)-C25,2),0)) | P25: =IF(B25="","",IF($N$4=1,ROUND(F24*0.001*DAYS360(A24,A25,1)/360/C25,6),0)) | R25: =IF($H$1="人民币电汇",0,IF(OR($H$1="原币划转",$H$1="美元结汇"),产品成本表!G38,-产品成本表!E38))+正常测算!R25 -> 0 | S25: =A25 | T25: =G25 | U25: =IF(J25="","",J25*IF($E$5<=0.5,产品成本表!$E$3,IF($E$5<=1,产品成本表!$E$4,IF($E$5<=3,产品成本表!$E$5,IF($E$5<=5,产品成本表!$E$6,产品成本表!$E$7)))))
A26: =IF(B26<=($E$5*$E$7),IF(DATE(YEAR(A25),MONTH(A25)+12/$E$7+1,DAY(1))-1<DATE(YEAR(A25),MONTH(A25)+12/$E$7,DAY($A$12)),DATE(YEAR(A25),MONTH(A25)+12/$E$7+1,DAY(1))-1,DATE(YEAR(A25),MONTH(A25)+12/$E$7,DAY($A$12))),"") | B26: =IF($E$5*$E$7<14,"",14) | C26: =正常测算!C26 | D26: =正常测算!D26 | E26: =IF(B26="","",IF($K$2=1,ROUND(E25,2),ROUND(C26-D26,2))) | F26: =IF(B26="","",F25-E26) | G26: =IF(C26="","",IF(SUM(C27:C$134)=0,C26-C$7+C$8+G$10+H26+R26,C26+H26+R26)) | H26: =正常测算!H26 -> 0 | I26: =IF(A27="","",I25-E26-H26) | J26: =IF(I25="","",I25*(A26-A25)/365) | K26: =IF(M26="","",IF(B27="",SUM($J$13:$J26),SUM($J$13:$J26,$J27*(M26-A26)/(A27-A26)))) | L26: =IF(M26="","",IF(B27="",SUM($D$13:$D26,$R$12:$R26,$G$5:$G$10,$C$9,-$C$10),SUM($D$13:$D26,$R$12:$R26,$G$5:$G$10,$D27*(M26-A26)/(A27-A26),$C$9,-$C$10))) | M26: =IF(N26=N27,"",IF(A27="",A26,DATE(YEAR(A26),MONTH($J$12),DAY($J$12)))) | N26: =IF(A26="","",YEAR(A26)) | O26: =IF(B26="","",IF($M$4=1,ROUND(-PMT((E$6+0.001)/E$7,(E$5*E$7-B25),F25,-C$8,0)-C26,2),0)) | P26: =IF(B26="","",IF($N$4=1,ROUND(F25*0.001*DAYS360(A25,A26,1)/360/C26,6),0)) | R26: =IF($H$1="人民币电汇",0,IF(OR($H$1="原币划转",$H$1="美元结汇"),产品成本表!G39,-产品成本表!E39))+正常测算!R26 -> 0 | S26: =A26 | T26: =G26 | U26: =IF(J26="","",J26*IF($E$5<=0.5,产品成本表!$E$3,IF($E$5<=1,产品成本表!$E$4,IF($E$5<=3,产品成本表!$E$5,IF($E$5<=5,产品成本表!$E$6,产品成本表!$E$7)))))
A27: =IF(B27<=($E$5*$E$7),IF(DATE(YEAR(A26),MONTH(A26)+12/$E$7+1,DAY(1))-1<DATE(YEAR(A26),MONTH(A26)+12/$E$7,DAY($A$12)),DATE(YEAR(A26),MONTH(A26)+12/$E$7+1,DAY(1))-1,DATE(YEAR(A26),MONTH(A26)+12/$E$7,DAY($A$12))),"") | B27: =IF($E$5*$E$7<15,"",15) | C27: =正常测算!C27 | D27: =正常测算!D27 | E27: =IF(B27="","",IF($K$2=1,ROUND(E26,2),ROUND(C27-D27,2))) | F27: =IF(B27="","",F26-E27) | G27: =IF(C27="","",IF(SUM(C28:C$134)=0,C27-C$7+C$8+G$10+H27+R27,C27+H27+R27)) | H27: =正常测算!H27 -> 0 | I27: =IF(A28="","",I26-E27-H27) | J27: =IF(I26="","",I26*(A27-A26)/365) | K27: =IF(M27="","",IF(B28="",SUM($J$13:$J27),SUM($J$13:$J27,$J28*(M27-A27)/(A28-A27)))) | L27: =IF(M27="","",IF(B28="",SUM($D$13:$D27,$R$12:$R27,$G$5:$G$10,$C$9,-$C$10),SUM($D$13:$D27,$R$12:$R27,$G$5:$G$10,$D28*(M27-A27)/(A28-A27),$C$9,-$C$10))) | M27: =IF(N27=N28,"",IF(A28="",A27,DATE(YEAR(A27),MONTH($J$12),DAY($J$12)))) | N27: =IF(A27="","",YEAR(A27)) | O27: =IF(B27="","",IF($M$4=1,ROUND(-PMT((E$6+0.001)/E$7,(E$5*E$7-B26),F26,-C$8,0)-C27,2),0)) | P27: =IF(B27="","",IF($N$4=1,ROUND(F26*0.001*DAYS360(A26,A27,1)/360/C27,6),0)) | R27: =IF($H$1="人民币电汇",0,IF(OR($H$1="原币划转",$H$1="美元结汇"),产品成本表!G40,-产品成本表!E40))+正常测算!R27 -> 0 | S27: =A27 | T27: =G27 | U27: =IF(J27="","",J27*IF($E$5<=0.5,产品成本表!$E$3,IF($E$5<=1,产品成本表!$E$4,IF($E$5<=3,产品成本表!$E$5,IF($E$5<=5,产品成本表!$E$6,产品成本表!$E$7)))))
A28: =IF(B28<=($E$5*$E$7),IF(DATE(YEAR(A27),MONTH(A27)+12/$E$7+1,DAY(1))-1<DATE(YEAR(A27),MONTH(A27)+12/$E$7,DAY($A$12)),DATE(YEAR(A27),MONTH(A27)+12/$E$7+1,DAY(1))-1,DATE(YEAR(A27),MONTH(A27)+12/$E$7,DAY($A$12))),"") | B28: =IF($E$5*$E$7<16,"",16) | C28: =正常测算!C28 | D28: =正常测算!D28 | E28: =IF(B28="","",IF($K$2=1,ROUND(E27,2),ROUND(C28-D28,2))) | F28: =IF(B28="","",F27-E28) | G28: =IF(C28="","",IF(SUM(C29:C$134)=0,C28-C$7+C$8+G$10+H28+R28,C28+H28+R28)) | H28: =正常测算!H28 -> 0 | I28: =IF(A29="","",I27-E28-H28) | J28: =IF(I27="","",I27*(A28-A27)/365) | K28: =IF(M28="","",IF(B29="",SUM($J$13:$J28),SUM($J$13:$J28,$J29*(M28-A28)/(A29-A28)))) | L28: =IF(M28="","",IF(B29="",SUM($D$13:$D28,$R$12:$R28,$G$5:$G$10,$C$9,-$C$10),SUM($D$13:$D28,$R$12:$R28,$G$5:$G$10,$D29*(M28-A28)/(A29-A28),$C$9,-$C$10))) | M28: =IF(N28=N29,"",IF(A29="",A28,DATE(YEAR(A28),MONTH($J$12),DAY($J$12)))) | N28: =IF(A28="","",YEAR(A28)) | O28: =IF(B28="","",IF($M$4=1,ROUND(-PMT((E$6+0.001)/E$7,(E$5*E$7-B27),F27,-C$8,0)-C28,2),0)) | P28: =IF(B28="","",IF($N$4=1,ROUND(F27*0.001*DAYS360(A27,A28,1)/360/C28,6),0)) | R28: =IF($H$1="人民币电汇",0,IF(OR($H$1="原币划转",$H$1="美元结汇"),产品成本表!G41,-产品成本表!E41))+正常测算!R28 -> 0 | S28: =A28 | T28: =G28 | U28: =IF(J28="","",J28*IF($E$5<=0.5,产品成本表!$E$3,IF($E$5<=1,产品成本表!$E$4,IF($E$5<=3,产品成本表!$E$5,IF($E$5<=5,产品成本表!$E$6,产品成本表!$E$7)))))
A29: =IF(B29<=($E$5*$E$7),IF(DATE(YEAR(A28),MONTH(A28)+12/$E$7+1,DAY(1))-1<DATE(YEAR(A28),MONTH(A28)+12/$E$7,DAY($A$12)),DATE(YEAR(A28),MONTH(A28)+12/$E$7+1,DAY(1))-1,DATE(YEAR(A28),MONTH(A28)+12/$E$7,DAY($A$12))),"") | B29: =IF($E$5*$E$7<17,"",17) | C29: =正常测算!C29 | D29: =正常测算!D29 | E29: =IF(B29="","",IF($K$2=1,ROUND(E28,2),ROUND(C29-D29,2))) | F29: =IF(B29="","",F28-E29) | G29: =IF(C29="","",IF(SUM(C30:C$134)=0,C29-C$7+C$8+G$10+H29+R29,C29+H29+R29)) | H29: =正常测算!H29 -> 0 | I29: =IF(A30="","",I28-E29-H29) | J29: =IF(I28="","",I28*(A29-A28)/365) | K29: =IF(M29="","",IF(B30="",SUM($J$13:$J29),SUM($J$13:$J29,$J30*(M29-A29)/(A30-A29)))) | L29: =IF(M29="","",IF(B30="",SUM($D$13:$D29,$R$12:$R29,$G$5:$G$10,$C$9,-$C$10),SUM($D$13:$D29,$R$12:$R29,$G$5:$G$10,$D30*(M29-A29)/(A30-A29),$C$9,-$C$10))) | M29: =IF(N29=N30,"",IF(A30="",A29,DATE(YEAR(A29),MONTH($J$12),DAY($J$12)))) | N29: =IF(A29="","",YEAR(A29)) | O29: =IF(B29="","",IF($M$4=1,ROUND(-PMT((E$6+0.001)/E$7,(E$5*E$7-B28),F28,-C$8,0)-C29,2),0)) | P29: =IF(B29="","",IF($N$4=1,ROUND(F28*0.001*DAYS360(A28,A29,1)/360/C29,6),0)) | R29: =IF($H$1="人民币电汇",0,IF(OR($H$1="原币划转",$H$1="美元结汇"),产品成本表!G42,-产品成本表!E42))+正常测算!R29 -> 0 | S29: =A29 | T29: =G29 | U29: =IF(J29="","",J29*IF($E$5<=0.5,产品成本表!$E$3,IF($E$5<=1,产品成本表!$E$4,IF($E$5<=3,产品成本表!$E$5,IF($E$5<=5,产品成本表!$E$6,产品成本表!$E$7)))))
A30: =IF(B30<=($E$5*$E$7),IF(DATE(YEAR(A29),MONTH(A29)+12/$E$7+1,DAY(1))-1<DATE(YEAR(A29),MONTH(A29)+12/$E$7,DAY($A$12)),DATE(YEAR(A29),MONTH(A29)+12/$E$7+1,DAY(1))-1,DATE(YEAR(A29),MONTH(A29)+12/$E$7,DAY($A$12))),"") | B30: =IF($E$5*$E$7<18,"",18) | C30: =正常测算!C30 | D30: =正常测算!D30 | E30: =IF(B30="","",IF($K$2=1,ROUND(E29,2),ROUND(C30-D30,2))) | F30: =IF(B30="","",F29-E30) | G30: =IF(C30="","",IF(SUM(C31:C$134)=0,C30-C$7+C$8+G$10+H30+R30,C30+H30+R30)) | H30: =正常测算!H30 -> 0 | I30: =IF(A31="","",I29-E30-H30) | J30: =IF(I29="","",I29*(A30-A29)/365) | K30: =IF(M30="","",IF(B31="",SUM($J$13:$J30),SUM($J$13:$J30,$J31*(M30-A30)/(A31-A30)))) | L30: =IF(M30="","",IF(B31="",SUM($D$13:$D30,$R$12:$R30,$G$5:$G$10,$C$9,-$C$10),SUM($D$13:$D30,$R$12:$R30,$G$5:$G$10,$D31*(M30-A30)/(A31-A30),$C$9,-$C$10))) | M30: =IF(N30=N31,"",IF(A31="",A30,DATE(YEAR(A30),MONTH($J$12),DAY($J$12)))) | N30: =IF(A30="","",YEAR(A30)) | O30: =IF(B30="","",IF($M$4=1,ROUND(-PMT((E$6+0.001)/E$7,(E$5*E$7-B29),F29,-C$8,0)-C30,2),0)) | P30: =IF(B30="","",IF($N$4=1,ROUND(F29*0.001*DAYS360(A29,A30,1)/360/C30,6),0)) | R30: =IF($H$1="人民币电汇",0,IF(OR($H$1="原币划转",$H$1="美元结汇"),产品成本表!G43,-产品成本表!E43))+正常测算!R30 -> 0 | S30: =A30 | T30: =G30 | U30: =IF(J30="","",J30*IF($E$5<=0.5,产品成本表!$E$3,IF($E$5<=1,产品成本表!$E$4,IF($E$5<=3,产品成本表!$E$5,IF($E$5<=5,产品成本表!$E$6,产品成本表!$E$7)))))
A31: =IF(B31<=($E$5*$E$7),IF(DATE(YEAR(A30),MONTH(A30)+12/$E$7+1,DAY(1))-1<DATE(YEAR(A30),MONTH(A30)+12/$E$7,DAY($A$12)),DATE(YEAR(A30),MONTH(A30)+12/$E$7+1,DAY(1))-1,DATE(YEAR(A30),MONTH(A30)+12/$E$7,DAY($A$12))),"") | B31: =IF($E$5*$E$7<19,"",19) | C31: =正常测算!C31 | D31: =正常测算!D31 | E31: =IF(B31="","",IF($K$2=1,ROUND(E30,2),ROUND(C31-D31,2))) | F31: =IF(B31="","",F30-E31) | G31: =IF(C31="","",IF(SUM(C32:C$134)=0,C31-C$7+C$8+G$10+H31+R31,C31+H31+R31)) | H31: =正常测算!H31 -> 0 | I31: =IF(A32="","",I30-E31-H31) | J31: =IF(I30="","",I30*(A31-A30)/365) | K31: =IF(M31="","",IF(B32="",SUM($J$13:$J31),SUM($J$13:$J31,$J32*(M31-A31)/(A32-A31)))) | L31: =IF(M31="","",IF(B32="",SUM($D$13:$D31,$R$12:$R31,$G$5:$G$10,$C$9,-$C$10),SUM($D$13:$D31,$R$12:$R31,$G$5:$G$10,$D32*(M31-A31)/(A32-A31),$C$9,-$C$10))) | M31: =IF(N31=N32,"",IF(A32="",A31,DATE(YEAR(A31),MONTH($J$12),DAY($J$12)))) | N31: =IF(A31="","",YEAR(A31)) | O31: =IF(B31="","",IF($M$4=1,ROUND(-PMT((E$6+0.001)/E$7,(E$5*E$7-B30),F30,-C$8,0)-C31,2),0)) | P31: =IF(B31="","",IF($N$4=1,ROUND(F30*0.001*DAYS360(A30,A31,1)/360/C31,6),0)) | R31: =IF($H$1="人民币电汇",0,IF(OR($H$1="原币划转",$H$1="美元结汇"),产品成本表!G44,-产品成本表!E44))+正常测算!R31 -> 0 | S31: =A31 | T31: =G31 | U31: =IF(J31="","",J31*IF($E$5<=0.5,产品成本表!$E$3,IF($E$5<=1,产品成本表!$E$4,IF($E$5<=3,产品成本表!$E$5,IF($E$5<=5,产品成本表!$E$6,产品成本表!$E$7)))))
A32: =IF(B32<=($E$5*$E$7),IF(DATE(YEAR(A31),MONTH(A31)+12/$E$7+1,DAY(1))-1<DATE(YEAR(A31),MONTH(A31)+12/$E$7,DAY($A$12)),DATE(YEAR(A31),MONTH(A31)+12/$E$7+1,DAY(1))-1,DATE(YEAR(A31),MONTH(A31)+12/$E$7,DAY($A$12))),"") | B32: =IF($E$5*$E$7<20,"",20) | C32: =正常测算!C32 | D32: =正常测算!D32 | E32: =IF(B32="","",IF($K$2=1,ROUND(E31,2),ROUND(C32-D32,2))) | F32: =IF(B32="","",F31-E32) | G32: =IF(C32="","",IF(SUM(C33:C$134)=0,C32-C$7+C$8+G$10+H32+R32,C32+H32+R32)) | H32: =正常测算!H32 -> 0 | I32: =IF(A33="","",I31-E32-H32) | J32: =IF(I31="","",I31*(A32-A31)/365) | K32: =IF(M32="","",IF(B33="",SUM($J$13:$J32),SUM($J$13:$J32,$J33*(M32-A32)/(A33-A32)))) | L32: =IF(M32="","",IF(B33="",SUM($D$13:$D32,$R$12:$R32,$G$5:$G$10,$C$9,-$C$10),SUM($D$13:$D32,$R$12:$R32,$G$5:$G$10,$D33*(M32-A32)/(A33-A32),$C$9,-$C$10))) | M32: =IF(N32=N33,"",IF(A33="",A32,DATE(YEAR(A32),MONTH($J$12),DAY($J$12)))) | N32: =IF(A32="","",YEAR(A32)) | O32: =IF(B32="","",IF($M$4=1,ROUND(-PMT((E$6+0.001)/E$7,(E$5*E$7-B31),F31,-C$8,0)-C32,2),0)) | P32: =IF(B32="","",IF($N$4=1,ROUND(F31*0.001*DAYS360(A31,A32,1)/360/C32,6),0)) | R32: =IF($H$1="人民币电汇",0,IF(OR($H$1="原币划转",$H$1="美元结汇"),产品成本表!G45,-产品成本表!E45))+正常测算!R32 -> 0 | S32: =A32 | T32: =G32 | U32: =IF(J32="","",J32*IF($E$5<=0.5,产品成本表!$E$3,IF($E$5<=1,产品成本表!$E$4,IF($E$5<=3,产品成本表!$E$5,IF($E$5<=5,产品成本表!$E$6,产品成本表!$E$7)))))
A33: =IF(B33<=($E$5*$E$7),IF(DATE(YEAR(A32),MONTH(A32)+12/$E$7+1,DAY(1))-1<DATE(YEAR(A32),MONTH(A32)+12/$E$7,DAY($A$12)),DATE(YEAR(A32),MONTH(A32)+12/$E$7+1,DAY(1))-1,DATE(YEAR(A32),MONTH(A32)+12/$E$7,DAY($A$12))),"") | B33: =IF($E$5*$E$7<21,"",21) | C33: =正常测算!C33 | D33: =正常测算!D33 | E33: =IF(B33="","",IF($K$2=1,ROUND(E32,2),ROUND(C33-D33,2))) | F33: =IF(B33="","",F32-E33) | G33: =IF(C33="","",IF(SUM(C34:C$134)=0,C33-C$7+C$8+G$10+H33+R33,C33+H33+R33)) | H33: =正常测算!H33 -> 0 | I33: =IF(A34="","",I32-E33-H33) | J33: =IF(I32="","",I32*(A33-A32)/365) | K33: =IF(M33="","",IF(B34="",SUM($J$13:$J33),SUM($J$13:$J33,$J34*(M33-A33)/(A34-A33)))) | L33: =IF(M33="","",IF(B34="",SUM($D$13:$D33,$R$12:$R33,$G$5:$G$10,$C$9,-$C$10),SUM($D$13:$D33,$R$12:$R33,$G$5:$G$10,$D34*(M33-A33)/(A34-A33),$C$9,-$C$10))) | M33: =IF(N33=N34,"",IF(A34="",A33,DATE(YEAR(A33),MONTH($J$12),DAY($J$12)))) | N33: =IF(A33="","",YEAR(A33)) | O33: =IF(B33="","",IF($M$4=1,ROUND(-PMT((E$6+0.001)/E$7,(E$5*E$7-B32),F32,-C$8,0)-C33,2),0)) | P33: =IF(B33="","",IF($N$4=1,ROUND(F32*0.001*DAYS360(A32,A33,1)/360/C33,6),0)) | R33: =IF($H$1="人民币电汇",0,IF(OR($H$1="原币划转",$H$1="美元结汇"),产品成本表!G46,-产品成本表!E46))+正常测算!R33 -> 0 | S33: =A33 | T33: =G33 | U33: =IF(J33="","",J33*IF($E$5<=0.5,产品成本表!$E$3,IF($E$5<=1,产品成本表!$E$4,IF($E$5<=3,产品成本表!$E$5,IF($E$5<=5,产品成本表!$E$6,产品成本表!$E$7)))))
A34: =IF(B34<=($E$5*$E$7),IF(DATE(YEAR(A33),MONTH(A33)+12/$E$7+1,DAY(1))-1<DATE(YEAR(A33),MONTH(A33)+12/$E$7,DAY($A$12)),DATE(YEAR(A33),MONTH(A33)+12/$E$7+1,DAY(1))-1,DATE(YEAR(A33),MONTH(A33)+12/$E$7,DAY($A$12))),"") | B34: =IF($E$5*$E$7<22,"",22) | C34: =正常测算!C34 | D34: =正常测算!D34 | E34: =IF(B34="","",IF($K$2=1,ROUND(E33,2),ROUND(C34-D34,2))) | F34: =IF(B34="","",F33-E34) | G34: =IF(C34="","",IF(SUM(C35:C$134)=0,C34-C$7+C$8+G$10+H34+R34,C34+H34+R34)) | H34: =正常测算!H34 -> 0 | I34: =IF(A35="","",I33-E34-H34) | J34: =IF(I33="","",I33*(A34-A33)/365) | K34: =IF(M34="","",IF(B35="",SUM($J$13:$J34),SUM($J$13:$J34,$J35*(M34-A34)/(A35-A34)))) | L34: =IF(M34="","",IF(B35="",SUM($D$13:$D34,$R$12:$R34,$G$5:$G$10,$C$9,-$C$10),SUM($D$13:$D34,$R$12:$R34,$G$5:$G$10,$D35*(M34-A34)/(A35-A34),$C$9,-$C$10))) | M34: =IF(N34=N35,"",IF(A35="",A34,DATE(YEAR(A34),MONTH($J$12),DAY($J$12)))) | N34: =IF(A34="","",YEAR(A34)) | O34: =IF(B34="","",IF($M$4=1,ROUND(-PMT((E$6+0.001)/E$7,(E$5*E$7-B33),F33,-C$8,0)-C34,2),0)) | P34: =IF(B34="","",IF($N$4=1,ROUND(F33*0.001*DAYS360(A33,A34,1)/360/C34,6),0)) | R34: =IF($H$1="人民币电汇",0,IF(OR($H$1="原币划转",$H$1="美元结汇"),产品成本表!G47,-产品成本表!E47))+正常测算!R34 -> 0 | S34: =A34 | T34: =G34 | U34: =IF(J34="","",J34*IF($E$5<=0.5,产品成本表!$E$3,IF($E$5<=1,产品成本表!$E$4,IF($E$5<=3,产品成本表!$E$5,IF($E$5<=5,产品成本表!$E$6,产品成本表!$E$7)))))
A35: =IF(B35<=($E$5*$E$7),IF(DATE(YEAR(A34),MONTH(A34)+12/$E$7+1,DAY(1))-1<DATE(YEAR(A34),MONTH(A34)+12/$E$7,DAY($A$12)),DATE(YEAR(A34),MONTH(A34)+12/$E$7+1,DAY(1))-1,DATE(YEAR(A34),MONTH(A34)+12/$E$7,DAY($A$12))),"") | B35: =IF($E$5*$E$7<23,"",23) | C35: =正常测算!C35 | D35: =正常测算!D35 | E35: =IF(B35="","",IF($K$2=1,ROUND(E34,2),ROUND(C35-D35,2))) | F35: =IF(B35="","",F34-E35) | G35: =IF(C35="","",IF(SUM(C36:C$134)=0,C35-C$7+C$8+G$10+H35+R35,C35+H35+R35)) | H35: =正常测算!H35 -> 0 | I35: =IF(A36="","",I34-E35-H35) | J35: =IF(I34="","",I34*(A35-A34)/365) | K35: =IF(M35="","",IF(B36="",SUM($J$13:$J35),SUM($J$13:$J35,$J36*(M35-A35)/(A36-A35)))) | L35: =IF(M35="","",IF(B36="",SUM($D$13:$D35,$R$12:$R35,$G$5:$G$10,$C$9,-$C$10),SUM($D$13:$D35,$R$12:$R35,$G$5:$G$10,$D36*(M35-A35)/(A36-A35),$C$9,-$C$10))) | M35: =IF(N35=N36,"",IF(A36="",A35,DATE(YEAR(A35),MONTH($J$12),DAY($J$12)))) | N35: =IF(A35="","",YEAR(A35)) | O35: =IF(B35="","",IF($M$4=1,ROUND(-PMT((E$6+0.001)/E$7,(E$5*E$7-B34),F34,-C$8,0)-C35,2),0)) | P35: =IF(B35="","",IF($N$4=1,ROUND(F34*0.001*DAYS360(A34,A35,1)/360/C35,6),0)) | R35: =IF($H$1="人民币电汇",0,IF(OR($H$1="原币划转",$H$1="美元结汇"),产品成本表!G48,-产品成本表!E48))+正常测算!R35 -> 0 | S35: =A35 | T35: =G35 | U35: =IF(J35="","",J35*IF($E$5<=0.5,产品成本表!$E$3,IF($E$5<=1,产品成本表!$E$4,IF($E$5<=3,产品成本表!$E$5,IF($E$5<=5,产品成本表!$E$6,产品成本表!$E$7)))))
A36: =IF(B36<=($E$5*$E$7),IF(DATE(YEAR(A35),MONTH(A35)+12/$E$7+1,DAY(1))-1<DATE(YEAR(A35),MONTH(A35)+12/$E$7,DAY($A$12)),DATE(YEAR(A35),MONTH(A35)+12/$E$7+1,DAY(1))-1,DATE(YEAR(A35),MONTH(A35)+12/$E$7,DAY($A$12))),"") | B36: =IF($E$5*$E$7<24,"",24) | C36: =正常测算!C36 | D36: =正常测算!D36 | E36: =IF(B36="","",IF($K$2=1,ROUND(E35,2),ROUND(C36-D36,2))) | F36: =IF(B36="","",F35-E36) | G36: =IF(C36="","",IF(SUM(C37:C$134)=0,C36-C$7+C$8+G$10+H36+R36,C36+H36+R36)) | H36: =正常测算!H36 -> 0 | I36: =IF(A37="","",I35-E36-H36) | J36: =IF(I35="","",I35*(A36-A35)/365) | K36: =IF(M36="","",IF(B37="",SUM($J$13:$J36),SUM($J$13:$J36,$J37*(M36-A36)/(A37-A36)))) | L36: =IF(M36="","",IF(B37="",SUM($D$13:$D36,$R$12:$R36,$G$5:$G$10,$C$9,-$C$10),SUM($D$13:$D36,$R$12:$R36,$G$5:$G$10,$D37*(M36-A36)/(A37-A36),$C$9,-$C$10))) | M36: =IF(N36=N37,"",IF(A37="",A36,DATE(YEAR(A36),MONTH($J$12),DAY($J$12)))) | N36: =IF(A36="","",YEAR(A36)) | O36: =IF(B36="","",IF($M$4=1,ROUND(-PMT((E$6+0.001)/E$7,(E$5*E$7-B35),F35,-C$8,0)-C36,2),0)) | P36: =IF(B36="","",IF($N$4=1,ROUND(F35*0.001*DAYS360(A35,A36,1)/360/C36,6),0)) | R36: =IF($H$1="人民币电汇",0,IF(OR($H$1="原币划转",$H$1="美元结汇"),产品成本表!G49,-产品成本表!E49))+正常测算!R36 -> 0 | S36: =A36 | T36: =G36 | U36: =IF(J36="","",J36*IF($E$5<=0.5,产品成本表!$E$3,IF($E$5<=1,产品成本表!$E$4,IF($E$5<=3,产品成本表!$E$5,IF($E$5<=5,产品成本表!$E$6,产品成本表!$E$7)))))
A37: =IF(B37<=($E$5*$E$7),IF(DATE(YEAR(A36),MONTH(A36)+12/$E$7+1,DAY(1))-1<DATE(YEAR(A36),MONTH(A36)+12/$E$7,DAY($A$12)),DATE(YEAR(A36),MONTH(A36)+12/$E$7+1,DAY(1))-1,DATE(YEAR(A36),MONTH(A36)+12/$E$7,DAY($A$12))),"") | B37: =IF($E$5*$E$7<25,"",25) | C37: =正常测算!C37 | D37: =正常测算!D37 | E37: =IF(B37="","",IF($K$2=1,ROUND(E36,2),ROUND(C37-D37,2))) | F37: =IF(B37="","",F36-E37) | G37: =IF(C37="","",IF(SUM(C38:C$134)=0,C37-C$7+C$8+G$10+H37+R37,C37+H37+R37)) | H37: =正常测算!H37 -> 0 | I37: =IF(A38="","",I36-E37-H37) | J37: =IF(I36="","",I36*(A37-A36)/365) | K37: =IF(M37="","",IF(B38="",SUM($J$13:$J37),SUM($J$13:$J37,$J38*(M37-A37)/(A38-A37)))) | L37: =IF(M37="","",IF(B38="",SUM($D$13:$D37,$R$12:$R37,$G$5:$G$10,$C$9,-$C$10),SUM($D$13:$D37,$R$12:$R37,$G$5:$G$10,$D38*(M37-A37)/(A38-A37),$C$9,-$C$10))) | M37: =IF(N37=N38,"",IF(A38="",A37,DATE(YEAR(A37),MONTH($J$12),DAY($J$12)))) | N37: =IF(A37="","",YEAR(A37)) | O37: =IF(B37="","",IF($M$4=1,ROUND(-PMT((E$6+0.001)/E$7,(E$5*E$7-B36),F36,-C$8,0)-C37,2),0)) | P37: =IF(B37="","",IF($N$4=1,ROUND(F36*0.001*DAYS360(A36,A37,1)/360/C37,6),0)) | R37: =IF($H$1="人民币电汇",0,IF(OR($H$1="原币划转",$H$1="美元结汇"),产品成本表!G50,-产品成本表!E50))+正常测算!R37 -> 0 | S37: =A37 | T37: =G37 | U37: =IF(J37="","",J37*IF($E$5<=0.5,产品成本表!$E$3,IF($E$5<=1,产品成本表!$E$4,IF($E$5<=3,产品成本表!$E$5,IF($E$5<=5,产品成本表!$E$6,产品成本表!$E$7)))))
A38: =IF(B38<=($E$5*$E$7),IF(DATE(YEAR(A37),MONTH(A37)+12/$E$7+1,DAY(1))-1<DATE(YEAR(A37),MONTH(A37)+12/$E$7,DAY($A$12)),DATE(YEAR(A37),MONTH(A37)+12/$E$7+1,DAY(1))-1,DATE(YEAR(A37),MONTH(A37)+12/$E$7,DAY($A$12))),"") | B38: =IF($E$5*$E$7<26,"",26) | C38: =正常测算!C38 | D38: =正常测算!D38 | E38: =IF(B38="","",IF($K$2=1,ROUND(E37,2),ROUND(C38-D38,2))) | F38: =IF(B38="","",F37-E38) | G38: =IF(C38="","",IF(SUM(C39:C$134)=0,C38-C$7+C$8+G$10+H38+R38,C38+H38+R38)) | H38: =正常测算!H38 -> 0 | I38: =IF(A39="","",I37-E38-H38) | J38: =IF(I37="","",I37*(A38-A37)/365) | K38: =IF(M38="","",IF(B39="",SUM($J$13:$J38),SUM($J$13:$J38,$J39*(M38-A38)/(A39-A38)))) | L38: =IF(M38="","",IF(B39="",SUM($D$13:$D38,$R$12:$R38,$G$5:$G$10,$C$9,-$C$10),SUM($D$13:$D38,$R$12:$R38,$G$5:$G$10,$D39*(M38-A38)/(A39-A38),$C$9,-$C$10))) | M38: =IF(N38=N39,"",IF(A39="",A38,DATE(YEAR(A38),MONTH($J$12),DAY($J$12)))) | N38: =IF(A38="","",YEAR(A38)) | O38: =IF(B38="","",IF($M$4=1,ROUND(-PMT((E$6+0.001)/E$7,(E$5*E$7-B37),F37,-C$8,0)-C38,2),0)) | P38: =IF(B38="","",IF($N$4=1,ROUND(F37*0.001*DAYS360(A37,A38,1)/360/C38,6),0)) | R38: =IF($H$1="人民币电汇",0,IF(OR($H$1="原币划转",$H$1="美元结汇"),产品成本表!G51,-产品成本表!E51))+正常测算!R38 -> 0 | S38: =A38 | T38: =G38 | U38: =IF(J38="","",J38*IF($E$5<=0.5,产品成本表!$E$3,IF($E$5<=1,产品成本表!$E$4,IF($E$5<=3,产品成本表!$E$5,IF($E$5<=5,产品成本表!$E$6,产品成本表!$E$7)))))
A39: =IF(B39<=($E$5*$E$7),IF(DATE(YEAR(A38),MONTH(A38)+12/$E$7+1,DAY(1))-1<DATE(YEAR(A38),MONTH(A38)+12/$E$7,DAY($A$12)),DATE(YEAR(A38),MONTH(A38)+12/$E$7+1,DAY(1))-1,DATE(YEAR(A38),MONTH(A38)+12/$E$7,DAY($A$12))),"") | B39: =IF($E$5*$E$7<27,"",27) | C39: =正常测算!C39 | D39: =正常测算!D39 | E39: =IF(B39="","",IF($K$2=1,ROUND(E38,2),ROUND(C39-D39,2))) | F39: =IF(B39="","",F38-E39) | G39: =IF(C39="","",IF(SUM(C40:C$134)=0,C39-C$7+C$8+G$10+H39+R39,C39+H39+R39)) | H39: =正常测算!H39 -> 0 | I39: =IF(A40="","",I38-E39-H39) | J39: =IF(I38="","",I38*(A39-A38)/365) | K39: =IF(M39="","",IF(B40="",SUM($J$13:$J39),SUM($J$13:$J39,$J40*(M39-A39)/(A40-A39)))) | L39: =IF(M39="","",IF(B40="",SUM($D$13:$D39,$R$12:$R39,$G$5:$G$10,$C$9,-$C$10),SUM($D$13:$D39,$R$12:$R39,$G$5:$G$10,$D40*(M39-A39)/(A40-A39),$C$9,-$C$10))) | M39: =IF(N39=N40,"",IF(A40="",A39,DATE(YEAR(A39),MONTH($J$12),DAY($J$12)))) | N39: =IF(A39="","",YEAR(A39)) | O39: =IF(B39="","",IF($M$4=1,ROUND(-PMT((E$6+0.001)/E$7,(E$5*E$7-B38),F38,-C$8,0)-C39,2),0)) | P39: =IF(B39="","",IF($N$4=1,ROUND(F38*0.001*DAYS360(A38,A39,1)/360/C39,6),0)) | R39: =IF($H$1="人民币电汇",0,IF(OR($H$1="原币划转",$H$1="美元结汇"),产品成本表!G52,-产品成本表!E52))+正常测算!R39 -> 0 | S39: =A39 | T39: =G39 | U39: =IF(J39="","",J39*IF($E$5<=0.5,产品成本表!$E$3,IF($E$5<=1,产品成本表!$E$4,IF($E$5<=3,产品成本表!$E$5,IF($E$5<=5,产品成本表!$E$6,产品成本表!$E$7)))))
A40: =IF(B40<=($E$5*$E$7),IF(DATE(YEAR(A39),MONTH(A39)+12/$E$7+1,DAY(1))-1<DATE(YEAR(A39),MONTH(A39)+12/$E$7,DAY($A$12)),DATE(YEAR(A39),MONTH(A39)+12/$E$7+1,DAY(1))-1,DATE(YEAR(A39),MONTH(A39)+12/$E$7,DAY($A$12))),"") | B40: =IF($E$5*$E$7<28,"",28) | C40: =正常测算!C40 | D40: =正常测算!D40 | E40: =IF(B40="","",IF($K$2=1,ROUND(E39,2),ROUND(C40-D40,2))) | F40: =IF(B40="","",F39-E40) | G40: =IF(C40="","",IF(SUM(C41:C$134)=0,C40-C$7+C$8+G$10+H40+R40,C40+H40+R40)) | H40: =正常测算!H40 -> 0 | I40: =IF(A41="","",I39-E40-H40) | J40: =IF(I39="","",I39*(A40-A39)/365) | K40: =IF(M40="","",IF(B41="",SUM($J$13:$J40),SUM($J$13:$J40,$J41*(M40-A40)/(A41-A40)))) | L40: =IF(M40="","",IF(B41="",SUM($D$13:$D40,$R$12:$R40,$G$5:$G$10,$C$9,-$C$10),SUM($D$13:$D40,$R$12:$R40,$G$5:$G$10,$D41*(M40-A40)/(A41-A40),$C$9,-$C$10))) | M40: =IF(N40=N41,"",IF(A41="",A40,DATE(YEAR(A40),MONTH($J$12),DAY($J$12)))) | N40: =IF(A40="","",YEAR(A40)) | O40: =IF(B40="","",IF($M$4=1,ROUND(-PMT((E$6+0.001)/E$7,(E$5*E$7-B39),F39,-C$8,0)-C40,2),0)) | P40: =IF(B40="","",IF($N$4=1,ROUND(F39*0.001*DAYS360(A39,A40,1)/360/C40,6),0)) | R40: =IF($H$1="人民币电汇",0,IF(OR($H$1="原币划转",$H$1="美元结汇"),产品成本表!G53,-产品成本表!E53))+正常测算!R40 -> 0 | S40: =A40 | T40: =G40 | U40: =IF(J40="","",J40*IF($E$5<=0.5,产品成本表!$E$3,IF($E$5<=1,产品成本表!$E$4,IF($E$5<=3,产品成本表!$E$5,IF($E$5<=5,产品成本表!$E$6,产品成本表!$E$7)))))
A41: =IF(B41<=($E$5*$E$7),IF(DATE(YEAR(A40),MONTH(A40)+12/$E$7+1,DAY(1))-1<DATE(YEAR(A40),MONTH(A40)+12/$E$7,DAY($A$12)),DATE(YEAR(A40),MONTH(A40)+12/$E$7+1,DAY(1))-1,DATE(YEAR(A40),MONTH(A40)+12/$E$7,DAY($A$12))),"") | B41: =IF($E$5*$E$7<29,"",29) | C41: =正常测算!C41 | D41: =正常测算!D41 | E41: =IF(B41="","",IF($K$2=1,ROUND(E40,2),ROUND(C41-D41,2))) | F41: =IF(B41="","",F40-E41) | G41: =IF(C41="","",IF(SUM(C42:C$134)=0,C41-C$7+C$8+G$10+H41+R41,C41+H41+R41)) | H41: =正常测算!H41 -> 0 | I41: =IF(A42="","",I40-E41-H41) | J41: =IF(I40="","",I40*(A41-A40)/365) | K41: =IF(M41="","",IF(B42="",SUM($J$13:$J41),SUM($J$13:$J41,$J42*(M41-A41)/(A42-A41)))) | L41: =IF(M41="","",IF(B42="",SUM($D$13:$D41,$R$12:$R41,$G$5:$G$10,$C$9,-$C$10),SUM($D$13:$D41,$R$12:$R41,$G$5:$G$10,$D42*(M41-A41)/(A42-A41),$C$9,-$C$10))) | M41: =IF(N41=N42,"",IF(A42="",A41,DATE(YEAR(A41),MONTH($J$12),DAY($J$12)))) | N41: =IF(A41="","",YEAR(A41)) | O41: =IF(B41="","",IF($M$4=1,ROUND(-PMT((E$6+0.001)/E$7,(E$5*E$7-B40),F40,-C$8,0)-C41,2),0)) | P41: =IF(B41="","",IF($N$4=1,ROUND(F40*0.001*DAYS360(A40,A41,1)/360/C41,6),0)) | R41: =IF($H$1="人民币电汇",0,IF(OR($H$1="原币划转",$H$1="美元结汇"),产品成本表!G54,-产品成本表!E54))+正常测算!R41 -> 0 | S41: =A41 | T41: =G41 | U41: =IF(J41="","",J41*IF($E$5<=0.5,产品成本表!$E$3,IF($E$5<=1,产品成本表!$E$4,IF($E$5<=3,产品成本表!$E$5,IF($E$5<=5,产品成本表!$E$6,产品成本表!$E$7)))))
A42: =IF(B42<=($E$5*$E$7),IF(DATE(YEAR(A41),MONTH(A41)+12/$E$7+1,DAY(1))-1<DATE(YEAR(A41),MONTH(A41)+12/$E$7,DAY($A$12)),DATE(YEAR(A41),MONTH(A41)+12/$E$7+1,DAY(1))-1,DATE(YEAR(A41),MONTH(A41)+12/$E$7,DAY($A$12))),"") | B42: =IF($E$5*$E$7<30,"",30) | C42: =正常测算!C42 | D42: =正常测算!D42 | E42: =IF(B42="","",IF($K$2=1,ROUND(E41,2),ROUND(C42-D42,2))) | F42: =IF(B42="","",F41-E42) | G42: =IF(C42="","",IF(SUM(C43:C$134)=0,C42-C$7+C$8+G$10+H42+R42,C42+H42+R42)) | H42: =正常测算!H42 -> 0 | I42: =IF(A43="","",I41-E42-H42) | J42: =IF(I41="","",I41*(A42-A41)/365) | K42: =IF(M42="","",IF(B43="",SUM($J$13:$J42),SUM($J$13:$J42,$J43*(M42-A42)/(A43-A42)))) | L42: =IF(M42="","",IF(B43="",SUM($D$13:$D42,$R$12:$R42,$G$5:$G$10,$C$9,-$C$10),SUM($D$13:$D42,$R$12:$R42,$G$5:$G$10,$D43*(M42-A42)/(A43-A42),$C$9,-$C$10))) | M42: =IF(N42=N43,"",IF(A43="",A42,DATE(YEAR(A42),MONTH($J$12),DAY($J$12)))) | N42: =IF(A42="","",YEAR(A42)) | O42: =IF(B42="","",IF($M$4=1,ROUND(-PMT((E$6+0.001)/E$7,(E$5*E$7-B41),F41,-C$8,0)-C42,2),0)) | P42: =IF(B42="","",IF($N$4=1,ROUND(F41*0.001*DAYS360(A41,A42,1)/360/C42,6),0)) | R42: =IF($H$1="人民币电汇",0,IF(OR($H$1="原币划转",$H$1="美元结汇"),产品成本表!G55,-产品成本表!E55))+正常测算!R42 -> 0 | S42: =A42 | T42: =G42 | U42: =IF(J42="","",J42*IF($E$5<=0.5,产品成本表!$E$3,IF($E$5<=1,产品成本表!$E$4,IF($E$5<=3,产品成本表!$E$5,IF($E$5<=5,产品成本表!$E$6,产品成本表!$E$7)))))
A43: =IF(B43<=($E$5*$E$7),IF(DATE(YEAR(A42),MONTH(A42)+12/$E$7+1,DAY(1))-1<DATE(YEAR(A42),MONTH(A42)+12/$E$7,DAY($A$12)),DATE(YEAR(A42),MONTH(A42)+12/$E$7+1,DAY(1))-1,DATE(YEAR(A42),MONTH(A42)+12/$E$7,DAY($A$12))),"") | B43: =IF($E$5*$E$7<31,"",31) | C43: =正常测算!C43 | D43: =正常测算!D43 | E43: =IF(B43="","",IF($K$2=1,ROUND(E42,2),ROUND(C43-D43,2))) | F43: =IF(B43="","",F42-E43) | G43: =IF(C43="","",IF(SUM(C44:C$134)=0,C43-C$7+C$8+G$10+H43+R43,C43+H43+R43)) | H43: =正常测算!H43 -> 0 | I43: =IF(A44="","",I42-E43-H43) | J43: =IF(I42="","",I42*(A43-A42)/365) | K43: =IF(M43="","",IF(B44="",SUM($J$13:$J43),SUM($J$13:$J43,$J44*(M43-A43)/(A44-A43)))) | L43: =IF(M43="","",IF(B44="",SUM($D$13:$D43,$R$12:$R43,$G$5:$G$10,$C$9,-$C$10),SUM($D$13:$D43,$R$12:$R43,$G$5:$G$10,$D44*(M43-A43)/(A44-A43),$C$9,-$C$10))) | M43: =IF(N43=N44,"",IF(A44="",A43,DATE(YEAR(A43),MONTH($J$12),DAY($J$12)))) | N43: =IF(A43="","",YEAR(A43)) | O43: =IF(B43="","",IF($M$4=1,ROUND(-PMT((E$6+0.001)/E$7,(E$5*E$7-B42),F42,-C$8,0)-C43,2),0)) | P43: =IF(B43="","",IF($N$4=1,ROUND(F42*0.001*DAYS360(A42,A43,1)/360/C43,6),0)) | R43: =IF($H$1="人民币电汇",0,IF(OR($H$1="原币划转",$H$1="美元结汇"),产品成本表!G56,-产品成本表!E56))+正常测算!R43 -> 0 | S43: =A43 | T43: =G43 | U43: =IF(J43="","",J43*IF($E$5<=0.5,产品成本表!$E$3,IF($E$5<=1,产品成本表!$E$4,IF($E$5<=3,产品成本表!$E$5,IF($E$5<=5,产品成本表!$E$6,产品成本表!$E$7)))))
A44: =IF(B44<=($E$5*$E$7),IF(DATE(YEAR(A43),MONTH(A43)+12/$E$7+1,DAY(1))-1<DATE(YEAR(A43),MONTH(A43)+12/$E$7,DAY($A$12)),DATE(YEAR(A43),MONTH(A43)+12/$E$7+1,DAY(1))-1,DATE(YEAR(A43),MONTH(A43)+12/$E$7,DAY($A$12))),"") | B44: =IF($E$5*$E$7<32,"",32) | C44: =正常测算!C44 | D44: =正常测算!D44 | E44: =IF(B44="","",IF($K$2=1,ROUND(E43,2),ROUND(C44-D44,2))) | F44: =IF(B44="","",F43-E44) | G44: =IF(C44="","",IF(SUM(C45:C$134)=0,C44-C$7+C$8+G$10+H44+R44,C44+H44+R44)) | H44: =正常测算!H44 -> 0 | I44: =IF(A45="","",I43-E44-H44) | J44: =IF(I43="","",I43*(A44-A43)/365) | K44: =IF(M44="","",IF(B45="",SUM($J$13:$J44),SUM($J$13:$J44,$J45*(M44-A44)/(A45-A44)))) | L44: =IF(M44="","",IF(B45="",SUM($D$13:$D44,$R$12:$R44,$G$5:$G$10,$C$9,-$C$10),SUM($D$13:$D44,$R$12:$R44,$G$5:$G$10,$D45*(M44-A44)/(A45-A44),$C$9,-$C$10))) | M44: =IF(N44=N45,"",IF(A45="",A44,DATE(YEAR(A44),MONTH($J$12),DAY($J$12)))) | N44: =IF(A44="","",YEAR(A44)) | O44: =IF(B44="","",IF($M$4=1,ROUND(-PMT((E$6+0.001)/E$7,(E$5*E$7-B43),F43,-C$8,0)-C44,2),0)) | P44: =IF(B44="","",IF($N$4=1,ROUND(F43*0.001*DAYS360(A43,A44,1)/360/C44,6),0)) | R44: =IF($H$1="人民币电汇",0,IF(OR($H$1="原币划转",$H$1="美元结汇"),产品成本表!G57,-产品成本表!E57))+正常测算!R44 -> 0 | S44: =A44 | T44: =G44 | U44: =IF(J44="","",J44*IF($E$5<=0.5,产品成本表!$E$3,IF($E$5<=1,产品成本表!$E$4,IF($E$5<=3,产品成本表!$E$5,IF($E$5<=5,产品成本表!$E$6,产品成本表!$E$7)))))
A45: =IF(B45<=($E$5*$E$7),IF(DATE(YEAR(A44),MONTH(A44)+12/$E$7+1,DAY(1))-1<DATE(YEAR(A44),MONTH(A44)+12/$E$7,DAY($A$12)),DATE(YEAR(A44),MONTH(A44)+12/$E$7+1,DAY(1))-1,DATE(YEAR(A44),MONTH(A44)+12/$E$7,DAY($A$12))),"") | B45: =IF($E$5*$E$7<33,"",33) | C45: =正常测算!C45 | D45: =正常测算!D45 | E45: =IF(B45="","",IF($K$2=1,ROUND(E44,2),ROUND(C45-D45,2))) | F45: =IF(B45="","",F44-E45) | G45: =IF(C45="","",IF(SUM(C46:C$134)=0,C45-C$7+C$8+G$10+H45+R45,C45+H45+R45)) | H45: =正常测算!H45 -> 0 | I45: =IF(A46="","",I44-E45-H45) | J45: =IF(I44="","",I44*(A45-A44)/365) | K45: =IF(M45="","",IF(B46="",SUM($J$13:$J45),SUM($J$13:$J45,$J46*(M45-A45)/(A46-A45)))) | L45: =IF(M45="","",IF(B46="",SUM($D$13:$D45,$R$12:$R45,$G$5:$G$10,$C$9,-$C$10),SUM($D$13:$D45,$R$12:$R45,$G$5:$G$10,$D46*(M45-A45)/(A46-A45),$C$9,-$C$10))) | M45: =IF(N45=N46,"",IF(A46="",A45,DATE(YEAR(A45),MONTH($J$12),DAY($J$12)))) | N45: =IF(A45="","",YEAR(A45)) | O45: =IF(B45="","",IF($M$4=1,ROUND(-PMT((E$6+0.001)/E$7,(E$5*E$7-B44),F44,-C$8,0)-C45,2),0)) | P45: =IF(B45="","",IF($N$4=1,ROUND(F44*0.001*DAYS360(A44,A45,1)/360/C45,6),0)) | R45: =IF($H$1="人民币电汇",0,IF(OR($H$1="原币划转",$H$1="美元结汇"),产品成本表!G58,-产品成本表!E58))+正常测算!R45 -> 0 | S45: =A45 | T45: =G45 | U45: =IF(J45="","",J45*IF($E$5<=0.5,产品成本表!$E$3,IF($E$5<=1,产品成本表!$E$4,IF($E$5<=3,产品成本表!$E$5,IF($E$5<=5,产品成本表!$E$6,产品成本表!$E$7)))))
A46: =IF(B46<=($E$5*$E$7),IF(DATE(YEAR(A45),MONTH(A45)+12/$E$7+1,DAY(1))-1<DATE(YEAR(A45),MONTH(A45)+12/$E$7,DAY($A$12)),DATE(YEAR(A45),MONTH(A45)+12/$E$7+1,DAY(1))-1,DATE(YEAR(A45),MONTH(A45)+12/$E$7,DAY($A$12))),"") | B46: =IF($E$5*$E$7<34,"",34) | C46: =正常测算!C46 | D46: =正常测算!D46 | E46: =IF(B46="","",IF($K$2=1,ROUND(E45,2),ROUND(C46-D46,2))) | F46: =IF(B46="","",F45-E46) | G46: =IF(C46="","",IF(SUM(C47:C$134)=0,C46-C$7+C$8+G$10+H46+R46,C46+H46+R46)) | H46: =正常测算!H46 -> 0 | I46: =IF(A47="","",I45-E46-H46) | J46: =IF(I45="","",I45*(A46-A45)/365) | K46: =IF(M46="","",IF(B47="",SUM($J$13:$J46),SUM($J$13:$J46,$J47*(M46-A46)/(A47-A46)))) | L46: =IF(M46="","",IF(B47="",SUM($D$13:$D46,$R$12:$R46,$G$5:$G$10,$C$9,-$C$10),SUM($D$13:$D46,$R$12:$R46,$G$5:$G$10,$D47*(M46-A46)/(A47-A46),$C$9,-$C$10))) | M46: =IF(N46=N47,"",IF(A47="",A46,DATE(YEAR(A46),MONTH($J$12),DAY($J$12)))) | N46: =IF(A46="","",YEAR(A46)) | O46: =IF(B46="","",IF($M$4=1,ROUND(-PMT((E$6+0.001)/E$7,(E$5*E$7-B45),F45,-C$8,0)-C46,2),0)) | P46: =IF(B46="","",IF($N$4=1,ROUND(F45*0.001*DAYS360(A45,A46,1)/360/C46,6),0)) | R46: =IF($H$1="人民币电汇",0,IF(OR($H$1="原币划转",$H$1="美元结汇"),产品成本表!G59,-产品成本表!E59))+正常测算!R46 -> 0 | S46: =A46 | T46: =G46 | U46: =IF(J46="","",J46*IF($E$5<=0.5,产品成本表!$E$3,IF($E$5<=1,产品成本表!$E$4,IF($E$5<=3,产品成本表!$E$5,IF($E$5<=5,产品成本表!$E$6,产品成本表!$E$7)))))
A47: =IF(B47<=($E$5*$E$7),IF(DATE(YEAR(A46),MONTH(A46)+12/$E$7+1,DAY(1))-1<DATE(YEAR(A46),MONTH(A46)+12/$E$7,DAY($A$12)),DATE(YEAR(A46),MONTH(A46)+12/$E$7+1,DAY(1))-1,DATE(YEAR(A46),MONTH(A46)+12/$E$7,DAY($A$12))),"") | B47: =IF($E$5*$E$7<35,"",35) | C47: =正常测算!C47 | D47: =正常测算!D47 | E47: =IF(B47="","",IF($K$2=1,ROUND(E46,2),ROUND(C47-D47,2))) | F47: =IF(B47="","",F46-E47) | G47: =IF(C47="","",IF(SUM(C48:C$134)=0,C47-C$7+C$8+G$10+H47+R47,C47+H47+R47)) | H47: =正常测算!H47 -> 0 | I47: =IF(A48="","",I46-E47-H47) | J47: =IF(I46="","",I46*(A47-A46)/365) | K47: =IF(M47="","",IF(B48="",SUM($J$13:$J47),SUM($J$13:$J47,$J48*(M47-A47)/(A48-A47)))) | L47: =IF(M47="","",IF(B48="",SUM($D$13:$D47,$R$12:$R47,$G$5:$G$10,$C$9,-$C$10),SUM($D$13:$D47,$R$12:$R47,$G$5:$G$10,$D48*(M47-A47)/(A48-A47),$C$9,-$C$10))) | M47: =IF(N47=N48,"",IF(A48="",A47,DATE(YEAR(A47),MONTH($J$12),DAY($J$12)))) | N47: =IF(A47="","",YEAR(A47)) | O47: =IF(B47="","",IF($M$4=1,ROUND(-PMT((E$6+0.001)/E$7,(E$5*E$7-B46),F46,-C$8,0)-C47,2),0)) | P47: =IF(B47="","",IF($N$4=1,ROUND(F46*0.001*DAYS360(A46,A47,1)/360/C47,6),0)) | R47: =IF($H$1="人民币电汇",0,IF(OR($H$1="原币划转",$H$1="美元结汇"),产品成本表!G60,-产品成本表!E60))+正常测算!R47 -> 0 | S47: =A47 | T47: =G47 | U47: =IF(J47="","",J47*IF($E$5<=0.5,产品成本表!$E$3,IF($E$5<=1,产品成本表!$E$4,IF($E$5<=3,产品成本表!$E$5,IF($E$5<=5,产品成本表!$E$6,产品成本表!$E$7)))))
A48: =IF(B48<=($E$5*$E$7),IF(DATE(YEAR(A47),MONTH(A47)+12/$E$7+1,DAY(1))-1<DATE(YEAR(A47),MONTH(A47)+12/$E$7,DAY($A$12)),DATE(YEAR(A47),MONTH(A47)+12/$E$7+1,DAY(1))-1,DATE(YEAR(A47),MONTH(A47)+12/$E$7,DAY($A$12))),"") | B48: =IF($E$5*$E$7<36,"",36) | C48: =正常测算!C48 | D48: =正常测算!D48 | E48: =IF(B48="","",IF($K$2=1,ROUND(E47,2),ROUND(C48-D48,2))) | F48: =IF(B48="","",F47-E48) | G48: =IF(C48="","",IF(SUM(C49:C$134)=0,C48-C$7+C$8+G$10+H48+R48,C48+H48+R48)) | H48: =正常测算!H48 -> 0 | I48: =IF(A49="","",I47-E48-H48) | J48: =IF(I47="","",I47*(A48-A47)/365) | K48: =IF(M48="","",IF(B49="",SUM($J$13:$J48),SUM($J$13:$J48,$J49*(M48-A48)/(A49-A48)))) | L48: =IF(M48="","",IF(B49="",SUM($D$13:$D48,$R$12:$R48,$G$5:$G$10,$C$9,-$C$10),SUM($D$13:$D48,$R$12:$R48,$G$5:$G$10,$D49*(M48-A48)/(A49-A48),$C$9,-$C$10))) | M48: =IF(N48=N49,"",IF(A49="",A48,DATE(YEAR(A48),MONTH($J$12),DAY($J$12)))) | N48: =IF(A48="","",YEAR(A48)) | O48: =IF(B48="","",IF($M$4=1,ROUND(-PMT((E$6+0.001)/E$7,(E$5*E$7-B47),F47,-C$8,0)-C48,2),0)) | P48: =IF(B48="","",IF($N$4=1,ROUND(F47*0.001*DAYS360(A47,A48,1)/360/C48,6),0)) | R48: =IF($H$1="人民币电汇",0,IF(OR($H$1="原币划转",$H$1="美元结汇"),产品成本表!G61,-产品成本表!E61))+正常测算!R48 -> 0 | S48: =A48 | T48: =G48 | U48: =IF(J48="","",J48*IF($E$5<=0.5,产品成本表!$E$3,IF($E$5<=1,产品成本表!$E$4,IF($E$5<=3,产品成本表!$E$5,IF($E$5<=5,产品成本表!$E$6,产品成本表!$E$7)))))
A49: =IF(B49<=($E$5*$E$7),IF(DATE(YEAR(A48),MONTH(A48)+12/$E$7+1,DAY(1))-1<DATE(YEAR(A48),MONTH(A48)+12/$E$7,DAY($A$12)),DATE(YEAR(A48),MONTH(A48)+12/$E$7+1,DAY(1))-1,DATE(YEAR(A48),MONTH(A48)+12/$E$7,DAY($A$12))),"") | B49: =IF($E$5*$E$7<37,"",37) | C49: =正常测算!C49 | D49: =正常测算!D49 | E49: =IF(B49="","",IF($K$2=1,ROUND(E48,2),ROUND(C49-D49,2))) | F49: =IF(B49="","",F48-E49) | G49: =IF(C49="","",IF(SUM(C50:C$134)=0,C49-C$7+C$8+G$10+H49+R49,C49+H49+R49)) | H49: =正常测算!H49 -> 0 | I49: =IF(A50="","",I48-E49-H49) | J49: =IF(I48="","",I48*(A49-A48)/365) | K49: =IF(M49="","",IF(B50="",SUM($J$13:$J49),SUM($J$13:$J49,$J50*(M49-A49)/(A50-A49)))) | L49: =IF(M49="","",IF(B50="",SUM($D$13:$D49,$R$12:$R49,$G$5:$G$10,$C$9,-$C$10),SUM($D$13:$D49,$R$12:$R49,$G$5:$G$10,$D50*(M49-A49)/(A50-A49),$C$9,-$C$10))) | M49: =IF(N49=N50,"",IF(A50="",A49,DATE(YEAR(A49),MONTH($J$12),DAY($J$12)))) | N49: =IF(A49="","",YEAR(A49)) | O49: =IF(B49="","",IF($M$4=1,ROUND(-PMT((E$6+0.001)/E$7,(E$5*E$7-B48),F48,-C$8,0)-C49,2),0)) | P49: =IF(B49="","",IF($N$4=1,ROUND(F48*0.001*DAYS360(A48,A49,1)/360/C49,6),0)) | R49: =IF($H$1="人民币电汇",0,IF(OR($H$1="原币划转",$H$1="美元结汇"),产品成本表!G62,-产品成本表!E62))+正常测算!R49 -> 0 | S49: =A49 | T49: =G49 | U49: =IF(J49="","",J49*IF($E$5<=0.5,产品成本表!$E$3,IF($E$5<=1,产品成本表!$E$4,IF($E$5<=3,产品成本表!$E$5,IF($E$5<=5,产品成本表!$E$6,产品成本表!$E$7)))))
A50: =IF(B50<=($E$5*$E$7),IF(DATE(YEAR(A49),MONTH(A49)+12/$E$7+1,DAY(1))-1<DATE(YEAR(A49),MONTH(A49)+12/$E$7,DAY($A$12)),DATE(YEAR(A49),MONTH(A49)+12/$E$7+1,DAY(1))-1,DATE(YEAR(A49),MONTH(A49)+12/$E$7,DAY($A$12))),"") | B50: =IF($E$5*$E$7<38,"",38) | C50: =正常测算!C50 | D50: =正常测算!D50 | E50: =IF(B50="","",IF($K$2=1,ROUND(E49,2),ROUND(C50-D50,2))) | F50: =IF(B50="","",F49-E50) | G50: =IF(C50="","",IF(SUM(C51:C$134)=0,C50-C$7+C$8+G$10+H50+R50,C50+H50+R50)) | H50: =正常测算!H50 -> 0 | I50: =IF(A51="","",I49-E50-H50) | J50: =IF(I49="","",I49*(A50-A49)/365) | K50: =IF(M50="","",IF(B51="",SUM($J$13:$J50),SUM($J$13:$J50,$J51*(M50-A50)/(A51-A50)))) | L50: =IF(M50="","",IF(B51="",SUM($D$13:$D50,$R$12:$R50,$G$5:$G$10,$C$9,-$C$10),SUM($D$13:$D50,$R$12:$R50,$G$5:$G$10,$D51*(M50-A50)/(A51-A50),$C$9,-$C$10))) | M50: =IF(N50=N51,"",IF(A51="",A50,DATE(YEAR(A50),MONTH($J$12),DAY($J$12)))) | N50: =IF(A50="","",YEAR(A50)) | O50: =IF(B50="","",IF($M$4=1,ROUND(-PMT((E$6+0.001)/E$7,(E$5*E$7-B49),F49,-C$8,0)-C50,2),0)) | P50: =IF(B50="","",IF($N$4=1,ROUND(F49*0.001*DAYS360(A49,A50,1)/360/C50,6),0)) | R50: =IF($H$1="人民币电汇",0,IF(OR($H$1="原币划转",$H$1="美元结汇"),产品成本表!G63,-产品成本表!E63))+正常测算!R50 -> 0 | S50: =A50 | T50: =G50 | U50: =IF(J50="","",J50*IF($E$5<=0.5,产品成本表!$E$3,IF($E$5<=1,产品成本表!$E$4,IF($E$5<=3,产品成本表!$E$5,IF($E$5<=5,产品成本表!$E$6,产品成本表!$E$7)))))
A51: =IF(B51<=($E$5*$E$7),IF(DATE(YEAR(A50),MONTH(A50)+12/$E$7+1,DAY(1))-1<DATE(YEAR(A50),MONTH(A50)+12/$E$7,DAY($A$12)),DATE(YEAR(A50),MONTH(A50)+12/$E$7+1,DAY(1))-1,DATE(YEAR(A50),MONTH(A50)+12/$E$7,DAY($A$12))),"") | B51: =IF($E$5*$E$7<39,"",39) | C51: =正常测算!C51 | D51: =正常测算!D51 | E51: =IF(B51="","",IF($K$2=1,ROUND(E50,2),ROUND(C51-D51,2))) | F51: =IF(B51="","",F50-E51) | G51: =IF(C51="","",IF(SUM(C52:C$134)=0,C51-C$7+C$8+G$10+H51+R51,C51+H51+R51)) | H51: =正常测算!H51 -> 0 | I51: =IF(A52="","",I50-E51-H51) | J51: =IF(I50="","",I50*(A51-A50)/365) | K51: =IF(M51="","",IF(B52="",SUM($J$13:$J51),SUM($J$13:$J51,$J52*(M51-A51)/(A52-A51)))) | L51: =IF(M51="","",IF(B52="",SUM($D$13:$D51,$R$12:$R51,$G$5:$G$10,$C$9,-$C$10),SUM($D$13:$D51,$R$12:$R51,$G$5:$G$10,$D52*(M51-A51)/(A52-A51),$C$9,-$C$10))) | M51: =IF(N51=N52,"",IF(A52="",A51,DATE(YEAR(A51),MONTH($J$12),DAY($J$12)))) | N51: =IF(A51="","",YEAR(A51)) | O51: =IF(B51="","",IF($M$4=1,ROUND(-PMT((E$6+0.001)/E$7,(E$5*E$7-B50),F50,-C$8,0)-C51,2),0)) | P51: =IF(B51="","",IF($N$4=1,ROUND(F50*0.001*DAYS360(A50,A51,1)/360/C51,6),0)) | R51: =IF($H$1="人民币电汇",0,IF(OR($H$1="原币划转",$H$1="美元结汇"),产品成本表!G64,-产品成本表!E64))+正常测算!R51 -> 0 | S51: =A51 | T51: =G51 | U51: =IF(J51="","",J51*IF($E$5<=0.5,产品成本表!$E$3,IF($E$5<=1,产品成本表!$E$4,IF($E$5<=3,产品成本表!$E$5,IF($E$5<=5,产品成本表!$E$6,产品成本表!$E$7)))))
A52: =IF(B52<=($E$5*$E$7),IF(DATE(YEAR(A51),MONTH(A51)+12/$E$7+1,DAY(1))-1<DATE(YEAR(A51),MONTH(A51)+12/$E$7,DAY($A$12)),DATE(YEAR(A51),MONTH(A51)+12/$E$7+1,DAY(1))-1,DATE(YEAR(A51),MONTH(A51)+12/$E$7,DAY($A$12))),"") | B52: =IF($E$5*$E$7<40,"",40) | C52: =正常测算!C52 | D52: =正常测算!D52 | E52: =IF(B52="","",IF($K$2=1,ROUND(E51,2),ROUND(C52-D52,2))) | F52: =IF(B52="","",F51-E52) | G52: =IF(C52="","",IF(SUM(C53:C$134)=0,C52-C$7+C$8+G$10+H52+R52,C52+H52+R52)) | H52: =正常测算!H52 -> 0 | I52: =IF(A53="","",I51-E52-H52) | J52: =IF(I51="","",I51*(A52-A51)/365) | K52: =IF(M52="","",IF(B53="",SUM($J$13:$J52),SUM($J$13:$J52,$J53*(M52-A52)/(A53-A52)))) | L52: =IF(M52="","",IF(B53="",SUM($D$13:$D52,$R$12:$R52,$G$5:$G$10,$C$9,-$C$10),SUM($D$13:$D52,$R$12:$R52,$G$5:$G$10,$D53*(M52-A52)/(A53-A52),$C$9,-$C$10))) | M52: =IF(N52=N53,"",IF(A53="",A52,DATE(YEAR(A52),MONTH($J$12),DAY($J$12)))) | N52: =IF(A52="","",YEAR(A52)) | O52: =IF(B52="","",IF($M$4=1,ROUND(-PMT((E$6+0.001)/E$7,(E$5*E$7-B51),F51,-C$8,0)-C52,2),0)) | P52: =IF(B52="","",IF($N$4=1,ROUND(F51*0.001*DAYS360(A51,A52,1)/360/C52,6),0)) | R52: =IF($H$1="人民币电汇",0,IF(OR($H$1="原币划转",$H$1="美元结汇"),产品成本表!G65,-产品成本表!E65))+正常测算!R52 -> 0 | S52: =A52 | T52: =G52 | U52: =IF(J52="","",J52*IF($E$5<=0.5,产品成本表!$E$3,IF($E$5<=1,产品成本表!$E$4,IF($E$5<=3,产品成本表!$E$5,IF($E$5<=5,产品成本表!$E$6,产品成本表!$E$7)))))
A53: =IF(B53<=($E$5*$E$7),IF(DATE(YEAR(A52),MONTH(A52)+12/$E$7+1,DAY(1))-1<DATE(YEAR(A52),MONTH(A52)+12/$E$7,DAY($A$12)),DATE(YEAR(A52),MONTH(A52)+12/$E$7+1,DAY(1))-1,DATE(YEAR(A52),MONTH(A52)+12/$E$7,DAY($A$12))),"") | B53: =IF($E$5*$E$7<41,"",41) | C53: =正常测算!C53 | D53: =正常测算!D53 | E53: =IF(B53="","",IF($K$2=1,ROUND(E52,2),ROUND(C53-D53,2))) | F53: =IF(B53="","",F52-E53) | G53: =IF(C53="","",IF(SUM(C54:C$134)=0,C53-C$7+C$8+G$10+H53+R53,C53+H53+R53)) | H53: =正常测算!H53 -> 0 | I53: =IF(A54="","",I52-E53-H53) | J53: =IF(I52="","",I52*(A53-A52)/365) | K53: =IF(M53="","",IF(B54="",SUM($J$13:$J53),SUM($J$13:$J53,$J54*(M53-A53)/(A54-A53)))) | L53: =IF(M53="","",IF(B54="",SUM($D$13:$D53,$R$12:$R53,$G$5:$G$10,$C$9,-$C$10),SUM($D$13:$D53,$R$12:$R53,$G$5:$G$10,$D54*(M53-A53)/(A54-A53),$C$9,-$C$10))) | M53: =IF(N53=N54,"",IF(A54="",A53,DATE(YEAR(A53),MONTH($J$12),DAY($J$12)))) | N53: =IF(A53="","",YEAR(A53)) | O53: =IF(B53="","",IF($M$4=1,ROUND(-PMT((E$6+0.001)/E$7,(E$5*E$7-B52),F52,-C$8,0)-C53,2),0)) | P53: =IF(B53="","",IF($N$4=1,ROUND(F52*0.001*DAYS360(A52,A53,1)/360/C53,6),0)) | R53: =IF($H$1="人民币电汇",0,IF(OR($H$1="原币划转",$H$1="美元结汇"),产品成本表!G66,-产品成本表!E66))+正常测算!R53 -> 0 | S53: =A53 | T53: =G53 | U53: =IF(J53="","",J53*IF($E$5<=0.5,产品成本表!$E$3,IF($E$5<=1,产品成本表!$E$4,IF($E$5<=3,产品成本表!$E$5,IF($E$5<=5,产品成本表!$E$6,产品成本表!$E$7)))))
A54: =IF(B54<=($E$5*$E$7),IF(DATE(YEAR(A53),MONTH(A53)+12/$E$7+1,DAY(1))-1<DATE(YEAR(A53),MONTH(A53)+12/$E$7,DAY($A$12)),DATE(YEAR(A53),MONTH(A53)+12/$E$7+1,DAY(1))-1,DATE(YEAR(A53),MONTH(A53)+12/$E$7,DAY($A$12))),"") | B54: =IF($E$5*$E$7<42,"",42) | C54: =正常测算!C54 | D54: =正常测算!D54 | E54: =IF(B54="","",IF($K$2=1,ROUND(E53,2),ROUND(C54-D54,2))) | F54: =IF(B54="","",F53-E54) | G54: =IF(C54="","",IF(SUM(C55:C$134)=0,C54-C$7+C$8+G$10+H54+R54,C54+H54+R54)) | H54: =正常测算!H54 -> 0 | I54: =IF(A55="","",I53-E54-H54) | J54: =IF(I53="","",I53*(A54-A53)/365) | K54: =IF(M54="","",IF(B55="",SUM($J$13:$J54),SUM($J$13:$J54,$J55*(M54-A54)/(A55-A54)))) | L54: =IF(M54="","",IF(B55="",SUM($D$13:$D54,$R$12:$R54,$G$5:$G$10,$C$9,-$C$10),SUM($D$13:$D54,$R$12:$R54,$G$5:$G$10,$D55*(M54-A54)/(A55-A54),$C$9,-$C$10))) | M54: =IF(N54=N55,"",IF(A55="",A54,DATE(YEAR(A54),MONTH($J$12),DAY($J$12)))) | N54: =IF(A54="","",YEAR(A54)) | O54: =IF(B54="","",IF($M$4=1,ROUND(-PMT((E$6+0.001)/E$7,(E$5*E$7-B53),F53,-C$8,0)-C54,2),0)) | P54: =IF(B54="","",IF($N$4=1,ROUND(F53*0.001*DAYS360(A53,A54,1)/360/C54,6),0)) | R54: =IF($H$1="人民币电汇",0,IF(OR($H$1="原币划转",$H$1="美元结汇"),产品成本表!G67,-产品成本表!E67))+正常测算!R54 -> 0 | S54: =A54 | T54: =G54 | U54: =IF(J54="","",J54*IF($E$5<=0.5,产品成本表!$E$3,IF($E$5<=1,产品成本表!$E$4,IF($E$5<=3,产品成本表!$E$5,IF($E$5<=5,产品成本表!$E$6,产品成本表!$E$7)))))
A55: =IF(B55<=($E$5*$E$7),IF(DATE(YEAR(A54),MONTH(A54)+12/$E$7+1,DAY(1))-1<DATE(YEAR(A54),MONTH(A54)+12/$E$7,DAY($A$12)),DATE(YEAR(A54),MONTH(A54)+12/$E$7+1,DAY(1))-1,DATE(YEAR(A54),MONTH(A54)+12/$E$7,DAY($A$12))),"") | B55: =IF($E$5*$E$7<43,"",43) | C55: =正常测算!C55 | D55: =正常测算!D55 | E55: =IF(B55="","",IF($K$2=1,ROUND(E54,2),ROUND(C55-D55,2))) | F55: =IF(B55="","",F54-E55) | G55: =IF(C55="","",IF(SUM(C56:C$134)=0,C55-C$7+C$8+G$10+H55+R55,C55+H55+R55)) | H55: =正常测算!H55 -> 0 | I55: =IF(A56="","",I54-E55-H55) | J55: =IF(I54="","",I54*(A55-A54)/365) | K55: =IF(M55="","",IF(B56="",SUM($J$13:$J55),SUM($J$13:$J55,$J56*(M55-A55)/(A56-A55)))) | L55: =IF(M55="","",IF(B56="",SUM($D$13:$D55,$R$12:$R55,$G$5:$G$10,$C$9,-$C$10),SUM($D$13:$D55,$R$12:$R55,$G$5:$G$10,$D56*(M55-A55)/(A56-A55),$C$9,-$C$10))) | M55: =IF(N55=N56,"",IF(A56="",A55,DATE(YEAR(A55),MONTH($J$12),DAY($J$12)))) | N55: =IF(A55="","",YEAR(A55)) | O55: =IF(B55="","",IF($M$4=1,ROUND(-PMT((E$6+0.001)/E$7,(E$5*E$7-B54),F54,-C$8,0)-C55,2),0)) | P55: =IF(B55="","",IF($N$4=1,ROUND(F54*0.001*DAYS360(A54,A55,1)/360/C55,6),0)) | R55: =IF($H$1="人民币电汇",0,IF(OR($H$1="原币划转",$H$1="美元结汇"),产品成本表!G68,-产品成本表!E68))+正常测算!R55 -> 0 | S55: =A55 | T55: =G55 | U55: =IF(J55="","",J55*IF($E$5<=0.5,产品成本表!$E$3,IF($E$5<=1,产品成本表!$E$4,IF($E$5<=3,产品成本表!$E$5,IF($E$5<=5,产品成本表!$E$6,产品成本表!$E$7)))))
A56: =IF(B56<=($E$5*$E$7),IF(DATE(YEAR(A55),MONTH(A55)+12/$E$7+1,DAY(1))-1<DATE(YEAR(A55),MONTH(A55)+12/$E$7,DAY($A$12)),DATE(YEAR(A55),MONTH(A55)+12/$E$7+1,DAY(1))-1,DATE(YEAR(A55),MONTH(A55)+12/$E$7,DAY($A$12))),"") | B56: =IF($E$5*$E$7<44,"",44) | C56: =正常测算!C56 | D56: =正常测算!D56 | E56: =IF(B56="","",IF($K$2=1,ROUND(E55,2),ROUND(C56-D56,2))) | F56: =IF(B56="","",F55-E56) | G56: =IF(C56="","",IF(SUM(C57:C$134)=0,C56-C$7+C$8+G$10+H56+R56,C56+H56+R56)) | H56: =正常测算!H56 -> 0 | I56: =IF(A57="","",I55-E56-H56) | J56: =IF(I55="","",I55*(A56-A55)/365) | K56: =IF(M56="","",IF(B57="",SUM($J$13:$J56),SUM($J$13:$J56,$J57*(M56-A56)/(A57-A56)))) | L56: =IF(M56="","",IF(B57="",SUM($D$13:$D56,$R$12:$R56,$G$5:$G$10,$C$9,-$C$10),SUM($D$13:$D56,$R$12:$R56,$G$5:$G$10,$D57*(M56-A56)/(A57-A56),$C$9,-$C$10))) | M56: =IF(N56=N57,"",IF(A57="",A56,DATE(YEAR(A56),MONTH($J$12),DAY($J$12)))) | N56: =IF(A56="","",YEAR(A56)) | O56: =IF(B56="","",IF($M$4=1,ROUND(-PMT((E$6+0.001)/E$7,(E$5*E$7-B55),F55,-C$8,0)-C56,2),0)) | P56: =IF(B56="","",IF($N$4=1,ROUND(F55*0.001*DAYS360(A55,A56,1)/360/C56,6),0)) | R56: =IF($H$1="人民币电汇",0,IF(OR($H$1="原币划转",$H$1="美元结汇"),产品成本表!G69,-产品成本表!E69))+正常测算!R56 -> 0 | S56: =A56 | T56: =G56 | U56: =IF(J56="","",J56*IF($E$5<=0.5,产品成本表!$E$3,IF($E$5<=1,产品成本表!$E$4,IF($E$5<=3,产品成本表!$E$5,IF($E$5<=5,产品成本表!$E$6,产品成本表!$E$7)))))
A57: =IF(B57<=($E$5*$E$7),IF(DATE(YEAR(A56),MONTH(A56)+12/$E$7+1,DAY(1))-1<DATE(YEAR(A56),MONTH(A56)+12/$E$7,DAY($A$12)),DATE(YEAR(A56),MONTH(A56)+12/$E$7+1,DAY(1))-1,DATE(YEAR(A56),MONTH(A56)+12/$E$7,DAY($A$12))),"") | B57: =IF($E$5*$E$7<45,"",45) | C57: =正常测算!C57 | D57: =正常测算!D57 | E57: =IF(B57="","",IF($K$2=1,ROUND(E56,2),ROUND(C57-D57,2))) | F57: =IF(B57="","",F56-E57) | G57: =IF(C57="","",IF(SUM(C58:C$134)=0,C57-C$7+C$8+G$10+H57+R57,C57+H57+R57)) | H57: =正常测算!H57 -> 0 | I57: =IF(A58="","",I56-E57-H57) | J57: =IF(I56="","",I56*(A57-A56)/365) | K57: =IF(M57="","",IF(B58="",SUM($J$13:$J57),SUM($J$13:$J57,$J58*(M57-A57)/(A58-A57)))) | L57: =IF(M57="","",IF(B58="",SUM($D$13:$D57,$R$12:$R57,$G$5:$G$10,$C$9,-$C$10),SUM($D$13:$D57,$R$12:$R57,$G$5:$G$10,$D58*(M57-A57)/(A58-A57),$C$9,-$C$10))) | M57: =IF(N57=N58,"",IF(A58="",A57,DATE(YEAR(A57),MONTH($J$12),DAY($J$12)))) | N57: =IF(A57="","",YEAR(A57)) | O57: =IF(B57="","",IF($M$4=1,ROUND(-PMT((E$6+0.001)/E$7,(E$5*E$7-B56),F56,-C$8,0)-C57,2),0)) | P57: =IF(B57="","",IF($N$4=1,ROUND(F56*0.001*DAYS360(A56,A57,1)/360/C57,6),0)) | R57: =IF($H$1="人民币电汇",0,IF(OR($H$1="原币划转",$H$1="美元结汇"),产品成本表!G70,-产品成本表!E70))+正常测算!R57 -> 0 | S57: =A57 | T57: =G57 | U57: =IF(J57="","",J57*IF($E$5<=0.5,产品成本表!$E$3,IF($E$5<=1,产品成本表!$E$4,IF($E$5<=3,产品成本表!$E$5,IF($E$5<=5,产品成本表!$E$6,产品成本表!$E$7)))))
A58: =IF(B58<=($E$5*$E$7),IF(DATE(YEAR(A57),MONTH(A57)+12/$E$7+1,DAY(1))-1<DATE(YEAR(A57),MONTH(A57)+12/$E$7,DAY($A$12)),DATE(YEAR(A57),MONTH(A57)+12/$E$7+1,DAY(1))-1,DATE(YEAR(A57),MONTH(A57)+12/$E$7,DAY($A$12))),"") | B58: =IF($E$5*$E$7<46,"",46) | C58: =正常测算!C58 | D58: =正常测算!D58 | E58: =IF(B58="","",IF($K$2=1,ROUND(E57,2),ROUND(C58-D58,2))) | F58: =IF(B58="","",F57-E58) | G58: =IF(C58="","",IF(SUM(C59:C$134)=0,C58-C$7+C$8+G$10+H58+R58,C58+H58+R58)) | H58: =正常测算!H58 -> 0 | I58: =IF(A59="","",I57-E58-H58) | J58: =IF(I57="","",I57*(A58-A57)/365) | K58: =IF(M58="","",IF(B59="",SUM($J$13:$J58),SUM($J$13:$J58,$J59*(M58-A58)/(A59-A58)))) | L58: =IF(M58="","",IF(B59="",SUM($D$13:$D58,$R$12:$R58,$G$5:$G$10,$C$9,-$C$10),SUM($D$13:$D58,$R$12:$R58,$G$5:$G$10,$D59*(M58-A58)/(A59-A58),$C$9,-$C$10))) | M58: =IF(N58=N59,"",IF(A59="",A58,DATE(YEAR(A58),MONTH($J$12),DAY($J$12)))) | N58: =IF(A58="","",YEAR(A58)) | O58: =IF(B58="","",IF($M$4=1,ROUND(-PMT((E$6+0.001)/E$7,(E$5*E$7-B57),F57,-C$8,0)-C58,2),0)) | P58: =IF(B58="","",IF($N$4=1,ROUND(F57*0.001*DAYS360(A57,A58,1)/360/C58,6),0)) | R58: =IF($H$1="人民币电汇",0,IF(OR($H$1="原币划转",$H$1="美元结汇"),产品成本表!G71,-产品成本表!E71))+正常测算!R58 -> 0 | S58: =A58 | T58: =G58 | U58: =IF(J58="","",J58*IF($E$5<=0.5,产品成本表!$E$3,IF($E$5<=1,产品成本表!$E$4,IF($E$5<=3,产品成本表!$E$5,IF($E$5<=5,产品成本表!$E$6,产品成本表!$E$7)))))
A59: =IF(B59<=($E$5*$E$7),IF(DATE(YEAR(A58),MONTH(A58)+12/$E$7+1,DAY(1))-1<DATE(YEAR(A58),MONTH(A58)+12/$E$7,DAY($A$12)),DATE(YEAR(A58),MONTH(A58)+12/$E$7+1,DAY(1))-1,DATE(YEAR(A58),MONTH(A58)+12/$E$7,DAY($A$12))),"") | B59: =IF($E$5*$E$7<47,"",47) | C59: =正常测算!C59 | D59: =正常测算!D59 | E59: =IF(B59="","",IF($K$2=1,ROUND(E58,2),ROUND(C59-D59,2))) | F59: =IF(B59="","",F58-E59) | G59: =IF(C59="","",IF(SUM(C60:C$134)=0,C59-C$7+C$8+G$10+H59+R59,C59+H59+R59)) | H59: =正常测算!H59 -> 0 | I59: =IF(A60="","",I58-E59-H59) | J59: =IF(I58="","",I58*(A59-A58)/365) | K59: =IF(M59="","",IF(B60="",SUM($J$13:$J59),SUM($J$13:$J59,$J60*(M59-A59)/(A60-A59)))) | L59: =IF(M59="","",IF(B60="",SUM($D$13:$D59,$R$12:$R59,$G$5:$G$10,$C$9,-$C$10),SUM($D$13:$D59,$R$12:$R59,$G$5:$G$10,$D60*(M59-A59)/(A60-A59),$C$9,-$C$10))) | M59: =IF(N59=N60,"",IF(A60="",A59,DATE(YEAR(A59),MONTH($J$12),DAY($J$12)))) | N59: =IF(A59="","",YEAR(A59)) | O59: =IF(B59="","",IF($M$4=1,ROUND(-PMT((E$6+0.001)/E$7,(E$5*E$7-B58),F58,-C$8,0)-C59,2),0)) | P59: =IF(B59="","",IF($N$4=1,ROUND(F58*0.001*DAYS360(A58,A59,1)/360/C59,6),0)) | R59: =IF($H$1="人民币电汇",0,IF(OR($H$1="原币划转",$H$1="美元结汇"),产品成本表!G72,-产品成本表!E72))+正常测算!R59 -> 0 | S59: =A59 | T59: =G59 | U59: =IF(J59="","",J59*IF($E$5<=0.5,产品成本表!$E$3,IF($E$5<=1,产品成本表!$E$4,IF($E$5<=3,产品成本表!$E$5,IF($E$5<=5,产品成本表!$E$6,产品成本表!$E$7)))))
A60: =IF(B60<=($E$5*$E$7),IF(DATE(YEAR(A59),MONTH(A59)+12/$E$7+1,DAY(1))-1<DATE(YEAR(A59),MONTH(A59)+12/$E$7,DAY($A$12)),DATE(YEAR(A59),MONTH(A59)+12/$E$7+1,DAY(1))-1,DATE(YEAR(A59),MONTH(A59)+12/$E$7,DAY($A$12))),"") | B60: =IF($E$5*$E$7<48,"",48) | C60: =正常测算!C60 | D60: =正常测算!D60 | E60: =IF(B60="","",IF($K$2=1,ROUND(E59,2),ROUND(C60-D60,2))) | F60: =IF(B60="","",F59-E60) | G60: =IF(C60="","",IF(SUM(C61:C$134)=0,C60-C$7+C$8+G$10+H60+R60,C60+H60+R60)) | H60: =正常测算!H60 -> 0 | I60: =IF(A61="","",I59-E60-H60) | J60: =IF(I59="","",I59*(A60-A59)/365) | K60: =IF(M60="","",IF(B61="",SUM($J$13:$J60),SUM($J$13:$J60,$J61*(M60-A60)/(A61-A60)))) | L60: =IF(M60="","",IF(B61="",SUM($D$13:$D60,$R$12:$R60,$G$5:$G$10,$C$9,-$C$10),SUM($D$13:$D60,$R$12:$R60,$G$5:$G$10,$D61*(M60-A60)/(A61-A60),$C$9,-$C$10))) | M60: =IF(N60=N61,"",IF(A61="",A60,DATE(YEAR(A60),MONTH($J$12),DAY($J$12)))) | N60: =IF(A60="","",YEAR(A60)) | O60: =IF(B60="","",IF($M$4=1,ROUND(-PMT((E$6+0.001)/E$7,(E$5*E$7-B59),F59,-C$8,0)-C60,2),0)) | P60: =IF(B60="","",IF($N$4=1,ROUND(F59*0.001*DAYS360(A59,A60,1)/360/C60,6),0)) | R60: =IF($H$1="人民币电汇",0,IF(OR($H$1="原币划转",$H$1="美元结汇"),产品成本表!G73,-产品成本表!E73))+正常测算!R60 -> 0 | S60: =A60 | T60: =G60 | U60: =IF(J60="","",J60*IF($E$5<=0.5,产品成本表!$E$3,IF($E$5<=1,产品成本表!$E$4,IF($E$5<=3,产品成本表!$E$5,IF($E$5<=5,产品成本表!$E$6,产品成本表!$E$7)))))
A61: =IF(B61<=($E$5*$E$7),IF(DATE(YEAR(A60),MONTH(A60)+12/$E$7+1,DAY(1))-1<DATE(YEAR(A60),MONTH(A60)+12/$E$7,DAY($A$12)),DATE(YEAR(A60),MONTH(A60)+12/$E$7+1,DAY(1))-1,DATE(YEAR(A60),MONTH(A60)+12/$E$7,DAY($A$12))),"") | B61: =IF($E$5*$E$7<49,"",49) | C61: =正常测算!C61 | D61: =正常测算!D61 | E61: =IF(B61="","",IF($K$2=1,ROUND(E60,2),ROUND(C61-D61,2))) | F61: =IF(B61="","",F60-E61) | G61: =IF(C61="","",IF(SUM(C62:C$134)=0,C61-C$7+C$8+G$10+H61+R61,C61+H61+R61)) | H61: =正常测算!H61 -> 0 | I61: =IF(A62="","",I60-E61-H61) | J61: =IF(I60="","",I60*(A61-A60)/365) | K61: =IF(M61="","",IF(B62="",SUM($J$13:$J61),SUM($J$13:$J61,$J62*(M61-A61)/(A62-A61)))) | L61: =IF(M61="","",IF(B62="",SUM($D$13:$D61,$R$12:$R61,$G$5:$G$10,$C$9,-$C$10),SUM($D$13:$D61,$R$12:$R61,$G$5:$G$10,$D62*(M61-A61)/(A62-A61),$C$9,-$C$10))) | M61: =IF(N61=N62,"",IF(A62="",A61,DATE(YEAR(A61),MONTH($J$12),DAY($J$12)))) | N61: =IF(A61="","",YEAR(A61)) | O61: =IF(B61="","",IF($M$4=1,ROUND(-PMT((E$6+0.001)/E$7,(E$5*E$7-B60),F60,-C$8,0)-C61,2),0)) | P61: =IF(B61="","",IF($N$4=1,ROUND(F60*0.001*DAYS360(A60,A61,1)/360/C61,6),0)) | R61: =IF($H$1="人民币电汇",0,IF(OR($H$1="原币划转",$H$1="美元结汇"),产品成本表!G74,-产品成本表!E74))+正常测算!R61 -> 0 | S61: =A61 | T61: =G61 | U61: =IF(J61="","",J61*IF($E$5<=0.5,产品成本表!$E$3,IF($E$5<=1,产品成本表!$E$4,IF($E$5<=3,产品成本表!$E$5,IF($E$5<=5,产品成本表!$E$6,产品成本表!$E$7)))))
A62: =IF(B62<=($E$5*$E$7),IF(DATE(YEAR(A61),MONTH(A61)+12/$E$7+1,DAY(1))-1<DATE(YEAR(A61),MONTH(A61)+12/$E$7,DAY($A$12)),DATE(YEAR(A61),MONTH(A61)+12/$E$7+1,DAY(1))-1,DATE(YEAR(A61),MONTH(A61)+12/$E$7,DAY($A$12))),"") | B62: =IF($E$5*$E$7<50,"",50) | C62: =正常测算!C62 | D62: =正常测算!D62 | E62: =IF(B62="","",IF($K$2=1,ROUND(E61,2),ROUND(C62-D62,2))) | F62: =IF(B62="","",F61-E62) | G62: =IF(C62="","",IF(SUM(C63:C$134)=0,C62-C$7+C$8+G$10+H62+R62,C62+H62+R62)) | H62: =正常测算!H62 -> 0 | I62: =IF(A63="","",I61-E62-H62) | J62: =IF(I61="","",I61*(A62-A61)/365) | K62: =IF(M62="","",IF(B63="",SUM($J$13:$J62),SUM($J$13:$J62,$J63*(M62-A62)/(A63-A62)))) | L62: =IF(M62="","",IF(B63="",SUM($D$13:$D62,$R$12:$R62,$G$5:$G$10,$C$9,-$C$10),SUM($D$13:$D62,$R$12:$R62,$G$5:$G$10,$D63*(M62-A62)/(A63-A62),$C$9,-$C$10))) | M62: =IF(N62=N63,"",IF(A63="",A62,DATE(YEAR(A62),MONTH($J$12),DAY($J$12)))) | N62: =IF(A62="","",YEAR(A62)) | O62: =IF(B62="","",IF($M$4=1,ROUND(-PMT((E$6+0.001)/E$7,(E$5*E$7-B61),F61,-C$8,0)-C62,2),0)) | P62: =IF(B62="","",IF($N$4=1,ROUND(F61*0.001*DAYS360(A61,A62,1)/360/C62,6),0)) | R62: =IF($H$1="人民币电汇",0,IF(OR($H$1="原币划转",$H$1="美元结汇"),产品成本表!G75,-产品成本表!E75))+正常测算!R62 -> 0 | S62: =A62 | T62: =G62 | U62: =IF(J62="","",J62*IF($E$5<=0.5,产品成本表!$E$3,IF($E$5<=1,产品成本表!$E$4,IF($E$5<=3,产品成本表!$E$5,IF($E$5<=5,产品成本表!$E$6,产品成本表!$E$7)))))
A63: =IF(B63<=($E$5*$E$7),IF(DATE(YEAR(A62),MONTH(A62)+12/$E$7+1,DAY(1))-1<DATE(YEAR(A62),MONTH(A62)+12/$E$7,DAY($A$12)),DATE(YEAR(A62),MONTH(A62)+12/$E$7+1,DAY(1))-1,DATE(YEAR(A62),MONTH(A62)+12/$E$7,DAY($A$12))),"") | B63: =IF($E$5*$E$7<51,"",51) | C63: =正常测算!C63 | D63: =正常测算!D63 | E63: =IF(B63="","",IF($K$2=1,ROUND(E62,2),ROUND(C63-D63,2))) | F63: =IF(B63="","",F62-E63) | G63: =IF(C63="","",IF(SUM(C64:C$134)=0,C63-C$7+C$8+G$10+H63+R63,C63+H63+R63)) | H63: =正常测算!H63 -> 0 | I63: =IF(A64="","",I62-E63-H63) | J63: =IF(I62="","",I62*(A63-A62)/365) | K63: =IF(M63="","",IF(B64="",SUM($J$13:$J63),SUM($J$13:$J63,$J64*(M63-A63)/(A64-A63)))) | L63: =IF(M63="","",IF(B64="",SUM($D$13:$D63,$R$12:$R63,$G$5:$G$10,$C$9,-$C$10),SUM($D$13:$D63,$R$12:$R63,$G$5:$G$10,$D64*(M63-A63)/(A64-A63),$C$9,-$C$10))) | M63: =IF(N63=N64,"",IF(A64="",A63,DATE(YEAR(A63),MONTH($J$12),DAY($J$12)))) | N63: =IF(A63="","",YEAR(A63)) | O63: =IF(B63="","",IF($M$4=1,ROUND(-PMT((E$6+0.001)/E$7,(E$5*E$7-B62),F62,-C$8,0)-C63,2),0)) | P63: =IF(B63="","",IF($N$4=1,ROUND(F62*0.001*DAYS360(A62,A63,1)/360/C63,6),0)) | R63: =IF($H$1="人民币电汇",0,IF(OR($H$1="原币划转",$H$1="美元结汇"),产品成本表!G76,-产品成本表!E76))+正常测算!R63 -> 0 | S63: =A63 | T63: =G63 | U63: =IF(J63="","",J63*IF($E$5<=0.5,产品成本表!$E$3,IF($E$5<=1,产品成本表!$E$4,IF($E$5<=3,产品成本表!$E$5,IF($E$5<=5,产品成本表!$E$6,产品成本表!$E$7)))))
A64: =IF(B64<=($E$5*$E$7),IF(DATE(YEAR(A63),MONTH(A63)+12/$E$7+1,DAY(1))-1<DATE(YEAR(A63),MONTH(A63)+12/$E$7,DAY($A$12)),DATE(YEAR(A63),MONTH(A63)+12/$E$7+1,DAY(1))-1,DATE(YEAR(A63),MONTH(A63)+12/$E$7,DAY($A$12))),"") | B64: =IF($E$5*$E$7<52,"",52) | C64: =正常测算!C64 | D64: =正常测算!D64 | E64: =IF(B64="","",IF($K$2=1,ROUND(E63,2),ROUND(C64-D64,2))) | F64: =IF(B64="","",F63-E64) | G64: =IF(C64="","",IF(SUM(C65:C$134)=0,C64-C$7+C$8+G$10+H64+R64,C64+H64+R64)) | H64: =正常测算!H64 -> 0 | I64: =IF(A65="","",I63-E64-H64) | J64: =IF(I63="","",I63*(A64-A63)/365) | K64: =IF(M64="","",IF(B65="",SUM($J$13:$J64),SUM($J$13:$J64,$J65*(M64-A64)/(A65-A64)))) | L64: =IF(M64="","",IF(B65="",SUM($D$13:$D64,$R$12:$R64,$G$5:$G$10,$C$9,-$C$10),SUM($D$13:$D64,$R$12:$R64,$G$5:$G$10,$D65*(M64-A64)/(A65-A64),$C$9,-$C$10))) | M64: =IF(N64=N65,"",IF(A65="",A64,DATE(YEAR(A64),MONTH($J$12),DAY($J$12)))) | N64: =IF(A64="","",YEAR(A64)) | O64: =IF(B64="","",IF($M$4=1,ROUND(-PMT((E$6+0.001)/E$7,(E$5*E$7-B63),F63,-C$8,0)-C64,2),0)) | P64: =IF(B64="","",IF($N$4=1,ROUND(F63*0.001*DAYS360(A63,A64,1)/360/C64,6),0)) | R64: =IF($H$1="人民币电汇",0,IF(OR($H$1="原币划转",$H$1="美元结汇"),产品成本表!G77,-产品成本表!E77))+正常测算!R64 -> 0 | S64: =A64 | T64: =G64 | U64: =IF(J64="","",J64*IF($E$5<=0.5,产品成本表!$E$3,IF($E$5<=1,产品成本表!$E$4,IF($E$5<=3,产品成本表!$E$5,IF($E$5<=5,产品成本表!$E$6,产品成本表!$E$7)))))
A65: =IF(B65<=($E$5*$E$7),IF(DATE(YEAR(A64),MONTH(A64)+12/$E$7+1,DAY(1))-1<DATE(YEAR(A64),MONTH(A64)+12/$E$7,DAY($A$12)),DATE(YEAR(A64),MONTH(A64)+12/$E$7+1,DAY(1))-1,DATE(YEAR(A64),MONTH(A64)+12/$E$7,DAY($A$12))),"") | B65: =IF($E$5*$E$7<53,"",53) | C65: =正常测算!C65 | D65: =正常测算!D65 | E65: =IF(B65="","",IF($K$2=1,ROUND(E64,2),ROUND(C65-D65,2))) | F65: =IF(B65="","",F64-E65) | G65: =IF(C65="","",IF(SUM(C66:C$134)=0,C65-C$7+C$8+G$10+H65+R65,C65+H65+R65)) | H65: =正常测算!H65 -> 0 | I65: =IF(A66="","",I64-E65-H65) | J65: =IF(I64="","",I64*(A65-A64)/365) | K65: =IF(M65="","",IF(B66="",SUM($J$13:$J65),SUM($J$13:$J65,$J66*(M65-A65)/(A66-A65)))) | L65: =IF(M65="","",IF(B66="",SUM($D$13:$D65,$R$12:$R65,$G$5:$G$10,$C$9,-$C$10),SUM($D$13:$D65,$R$12:$R65,$G$5:$G$10,$D66*(M65-A65)/(A66-A65),$C$9,-$C$10))) | M65: =IF(N65=N66,"",IF(A66="",A65,DATE(YEAR(A65),MONTH($J$12),DAY($J$12)))) | N65: =IF(A65="","",YEAR(A65)) | O65: =IF(B65="","",IF($M$4=1,ROUND(-PMT((E$6+0.001)/E$7,(E$5*E$7-B64),F64,-C$8,0)-C65,2),0)) | P65: =IF(B65="","",IF($N$4=1,ROUND(F64*0.001*DAYS360(A64,A65,1)/360/C65,6),0)) | R65: =IF($H$1="人民币电汇",0,IF(OR($H$1="原币划转",$H$1="美元结汇"),产品成本表!G78,-产品成本表!E78))+正常测算!R65 -> 0 | S65: =A65 | T65: =G65 | U65: =IF(J65="","",J65*IF($E$5<=0.5,产品成本表!$E$3,IF($E$5<=1,产品成本表!$E$4,IF($E$5<=3,产品成本表!$E$5,IF($E$5<=5,产品成本表!$E$6,产品成本表!$E$7)))))
A66: =IF(B66<=($E$5*$E$7),IF(DATE(YEAR(A65),MONTH(A65)+12/$E$7+1,DAY(1))-1<DATE(YEAR(A65),MONTH(A65)+12/$E$7,DAY($A$12)),DATE(YEAR(A65),MONTH(A65)+12/$E$7+1,DAY(1))-1,DATE(YEAR(A65),MONTH(A65)+12/$E$7,DAY($A$12))),"") | B66: =IF($E$5*$E$7<54,"",54) | C66: =正常测算!C66 | D66: =正常测算!D66 | E66: =IF(B66="","",IF($K$2=1,ROUND(E65,2),ROUND(C66-D66,2))) | F66: =IF(B66="","",F65-E66) | G66: =IF(C66="","",IF(SUM(C67:C$134)=0,C66-C$7+C$8+G$10+H66+R66,C66+H66+R66)) | H66: =正常测算!H66 -> 0 | I66: =IF(A67="","",I65-E66-H66) | J66: =IF(I65="","",I65*(A66-A65)/365) | K66: =IF(M66="","",IF(B67="",SUM($J$13:$J66),SUM($J$13:$J66,$J67*(M66-A66)/(A67-A66)))) | L66: =IF(M66="","",IF(B67="",SUM($D$13:$D66,$R$12:$R66,$G$5:$G$10,$C$9,-$C$10),SUM($D$13:$D66,$R$12:$R66,$G$5:$G$10,$D67*(M66-A66)/(A67-A66),$C$9,-$C$10))) | M66: =IF(N66=N67,"",IF(A67="",A66,DATE(YEAR(A66),MONTH($J$12),DAY($J$12)))) | N66: =IF(A66="","",YEAR(A66)) | O66: =IF(B66="","",IF($M$4=1,ROUND(-PMT((E$6+0.001)/E$7,(E$5*E$7-B65),F65,-C$8,0)-C66,2),0)) | P66: =IF(B66="","",IF($N$4=1,ROUND(F65*0.001*DAYS360(A65,A66,1)/360/C66,6),0)) | R66: =IF($H$1="人民币电汇",0,IF(OR($H$1="原币划转",$H$1="美元结汇"),产品成本表!G79,-产品成本表!E79))+正常测算!R66 -> 0 | S66: =A66 | T66: =G66 | U66: =IF(J66="","",J66*IF($E$5<=0.5,产品成本表!$E$3,IF($E$5<=1,产品成本表!$E$4,IF($E$5<=3,产品成本表!$E$5,IF($E$5<=5,产品成本表!$E$6,产品成本表!$E$7)))))
A67: =IF(B67<=($E$5*$E$7),IF(DATE(YEAR(A66),MONTH(A66)+12/$E$7+1,DAY(1))-1<DATE(YEAR(A66),MONTH(A66)+12/$E$7,DAY($A$12)),DATE(YEAR(A66),MONTH(A66)+12/$E$7+1,DAY(1))-1,DATE(YEAR(A66),MONTH(A66)+12/$E$7,DAY($A$12))),"") | B67: =IF($E$5*$E$7<55,"",55) | C67: =正常测算!C67 | D67: =正常测算!D67 | E67: =IF(B67="","",IF($K$2=1,ROUND(E66,2),ROUND(C67-D67,2))) | F67: =IF(B67="","",F66-E67) | G67: =IF(C67="","",IF(SUM(C68:C$134)=0,C67-C$7+C$8+G$10+H67+R67,C67+H67+R67)) | H67: =正常测算!H67 -> 0 | I67: =IF(A68="","",I66-E67-H67) | J67: =IF(I66="","",I66*(A67-A66)/365) | K67: =IF(M67="","",IF(B68="",SUM($J$13:$J67),SUM($J$13:$J67,$J68*(M67-A67)/(A68-A67)))) | L67: =IF(M67="","",IF(B68="",SUM($D$13:$D67,$R$12:$R67,$G$5:$G$10,$C$9,-$C$10),SUM($D$13:$D67,$R$12:$R67,$G$5:$G$10,$D68*(M67-A67)/(A68-A67),$C$9,-$C$10))) | M67: =IF(N67=N68,"",IF(A68="",A67,DATE(YEAR(A67),MONTH($J$12),DAY($J$12)))) | N67: =IF(A67="","",YEAR(A67)) | O67: =IF(B67="","",IF($M$4=1,ROUND(-PMT((E$6+0.001)/E$7,(E$5*E$7-B66),F66,-C$8,0)-C67,2),0)) | P67: =IF(B67="","",IF($N$4=1,ROUND(F66*0.001*DAYS360(A66,A67,1)/360/C67,6),0)) | R67: =IF($H$1="人民币电汇",0,IF(OR($H$1="原币划转",$H$1="美元结汇"),产品成本表!G80,-产品成本表!E80))+正常测算!R67 -> 0 | S67: =A67 | T67: =G67 | U67: =IF(J67="","",J67*IF($E$5<=0.5,产品成本表!$E$3,IF($E$5<=1,产品成本表!$E$4,IF($E$5<=3,产品成本表!$E$5,IF($E$5<=5,产品成本表!$E$6,产品成本表!$E$7)))))
A68: =IF(B68<=($E$5*$E$7),IF(DATE(YEAR(A67),MONTH(A67)+12/$E$7+1,DAY(1))-1<DATE(YEAR(A67),MONTH(A67)+12/$E$7,DAY($A$12)),DATE(YEAR(A67),MONTH(A67)+12/$E$7+1,DAY(1))-1,DATE(YEAR(A67),MONTH(A67)+12/$E$7,DAY($A$12))),"") | B68: =IF($E$5*$E$7<56,"",56) | C68: =正常测算!C68 | D68: =正常测算!D68 | E68: =IF(B68="","",IF($K$2=1,ROUND(E67,2),ROUND(C68-D68,2))) | F68: =IF(B68="","",F67-E68) | G68: =IF(C68="","",IF(SUM(C69:C$134)=0,C68-C$7+C$8+G$10+H68+R68,C68+H68+R68)) | H68: =正常测算!H68 -> 0 | I68: =IF(A69="","",I67-E68-H68) | J68: =IF(I67="","",I67*(A68-A67)/365) | K68: =IF(M68="","",IF(B69="",SUM($J$13:$J68),SUM($J$13:$J68,$J69*(M68-A68)/(A69-A68)))) | L68: =IF(M68="","",IF(B69="",SUM($D$13:$D68,$R$12:$R68,$G$5:$G$10,$C$9,-$C$10),SUM($D$13:$D68,$R$12:$R68,$G$5:$G$10,$D69*(M68-A68)/(A69-A68),$C$9,-$C$10))) | M68: =IF(N68=N69,"",IF(A69="",A68,DATE(YEAR(A68),MONTH($J$12),DAY($J$12)))) | N68: =IF(A68="","",YEAR(A68)) | O68: =IF(B68="","",IF($M$4=1,ROUND(-PMT((E$6+0.001)/E$7,(E$5*E$7-B67),F67,-C$8,0)-C68,2),0)) | P68: =IF(B68="","",IF($N$4=1,ROUND(F67*0.001*DAYS360(A67,A68,1)/360/C68,6),0)) | R68: =IF($H$1="人民币电汇",0,IF(OR($H$1="原币划转",$H$1="美元结汇"),产品成本表!G81,-产品成本表!E81))+正常测算!R68 -> 0 | S68: =A68 | T68: =G68 | U68: =IF(J68="","",J68*IF($E$5<=0.5,产品成本表!$E$3,IF($E$5<=1,产品成本表!$E$4,IF($E$5<=3,产品成本表!$E$5,IF($E$5<=5,产品成本表!$E$6,产品成本表!$E$7)))))
A69: =IF(B69<=($E$5*$E$7),IF(DATE(YEAR(A68),MONTH(A68)+12/$E$7+1,DAY(1))-1<DATE(YEAR(A68),MONTH(A68)+12/$E$7,DAY($A$12)),DATE(YEAR(A68),MONTH(A68)+12/$E$7+1,DAY(1))-1,DATE(YEAR(A68),MONTH(A68)+12/$E$7,DAY($A$12))),"") | B69: =IF($E$5*$E$7<57,"",57) | C69: =正常测算!C69 | D69: =正常测算!D69 | E69: =IF(B69="","",IF($K$2=1,ROUND(E68,2),ROUND(C69-D69,2))) | F69: =IF(B69="","",F68-E69) | G69: =IF(C69="","",IF(SUM(C70:C$134)=0,C69-C$7+C$8+G$10+H69+R69,C69+H69+R69)) | H69: =正常测算!H69 -> 0 | I69: =IF(A70="","",I68-E69-H69) | J69: =IF(I68="","",I68*(A69-A68)/365) | K69: =IF(M69="","",IF(B70="",SUM($J$13:$J69),SUM($J$13:$J69,$J70*(M69-A69)/(A70-A69)))) | L69: =IF(M69="","",IF(B70="",SUM($D$13:$D69,$R$12:$R69,$G$5:$G$10,$C$9,-$C$10),SUM($D$13:$D69,$R$12:$R69,$G$5:$G$10,$D70*(M69-A69)/(A70-A69),$C$9,-$C$10))) | M69: =IF(N69=N70,"",IF(A70="",A69,DATE(YEAR(A69),MONTH($J$12),DAY($J$12)))) | N69: =IF(A69="","",YEAR(A69)) | O69: =IF(B69="","",IF($M$4=1,ROUND(-PMT((E$6+0.001)/E$7,(E$5*E$7-B68),F68,-C$8,0)-C69,2),0)) | P69: =IF(B69="","",IF($N$4=1,ROUND(F68*0.001*DAYS360(A68,A69,1)/360/C69,6),0)) | R69: =IF($H$1="人民币电汇",0,IF(OR($H$1="原币划转",$H$1="美元结汇"),产品成本表!G82,-产品成本表!E82))+正常测算!R69 -> 0 | S69: =A69 | T69: =G69 | U69: =IF(J69="","",J69*IF($E$5<=0.5,产品成本表!$E$3,IF($E$5<=1,产品成本表!$E$4,IF($E$5<=3,产品成本表!$E$5,IF($E$5<=5,产品成本表!$E$6,产品成本表!$E$7)))))
A70: =IF(B70<=($E$5*$E$7),IF(DATE(YEAR(A69),MONTH(A69)+12/$E$7+1,DAY(1))-1<DATE(YEAR(A69),MONTH(A69)+12/$E$7,DAY($A$12)),DATE(YEAR(A69),MONTH(A69)+12/$E$7+1,DAY(1))-1,DATE(YEAR(A69),MONTH(A69)+12/$E$7,DAY($A$12))),"") | B70: =IF($E$5*$E$7<58,"",58) | C70: =正常测算!C70 | D70: =正常测算!D70 | E70: =IF(B70="","",IF($K$2=1,ROUND(E69,2),ROUND(C70-D70,2))) | F70: =IF(B70="","",F69-E70) | G70: =IF(C70="","",IF(SUM(C71:C$134)=0,C70-C$7+C$8+G$10+H70+R70,C70+H70+R70)) | H70: =正常测算!H70 -> 0 | I70: =IF(A71="","",I69-E70-H70) | J70: =IF(I69="","",I69*(A70-A69)/365) | K70: =IF(M70="","",IF(B71="",SUM($J$13:$J70),SUM($J$13:$J70,$J71*(M70-A70)/(A71-A70)))) | L70: =IF(M70="","",IF(B71="",SUM($D$13:$D70,$R$12:$R70,$G$5:$G$10,$C$9,-$C$10),SUM($D$13:$D70,$R$12:$R70,$G$5:$G$10,$D71*(M70-A70)/(A71-A70),$C$9,-$C$10))) | M70: =IF(N70=N71,"",IF(A71="",A70,DATE(YEAR(A70),MONTH($J$12),DAY($J$12)))) | N70: =IF(A70="","",YEAR(A70)) | O70: =IF(B70="","",IF($M$4=1,ROUND(-PMT((E$6+0.001)/E$7,(E$5*E$7-B69),F69,-C$8,0)-C70,2),0)) | P70: =IF(B70="","",IF($N$4=1,ROUND(F69*0.001*DAYS360(A69,A70,1)/360/C70,6),0)) | R70: =IF($H$1="人民币电汇",0,IF(OR($H$1="原币划转",$H$1="美元结汇"),产品成本表!G83,-产品成本表!E83))+正常测算!R70 -> 0 | S70: =A70 | T70: =G70 | U70: =IF(J70="","",J70*IF($E$5<=0.5,产品成本表!$E$3,IF($E$5<=1,产品成本表!$E$4,IF($E$5<=3,产品成本表!$E$5,IF($E$5<=5,产品成本表!$E$6,产品成本表!$E$7)))))
A71: =IF(B71<=($E$5*$E$7),IF(DATE(YEAR(A70),MONTH(A70)+12/$E$7+1,DAY(1))-1<DATE(YEAR(A70),MONTH(A70)+12/$E$7,DAY($A$12)),DATE(YEAR(A70),MONTH(A70)+12/$E$7+1,DAY(1))-1,DATE(YEAR(A70),MONTH(A70)+12/$E$7,DAY($A$12))),"") | B71: =IF($E$5*$E$7<59,"",59) | C71: =正常测算!C71 | D71: =正常测算!D71 | E71: =IF(B71="","",IF($K$2=1,ROUND(E70,2),ROUND(C71-D71,2))) | F71: =IF(B71="","",F70-E71) | G71: =IF(C71="","",IF(SUM(C72:C$134)=0,C71-C$7+C$8+G$10+H71+R71,C71+H71+R71)) | H71: =正常测算!H71 -> 0 | I71: =IF(A72="","",I70-E71-H71) | J71: =IF(I70="","",I70*(A71-A70)/365) | K71: =IF(M71="","",IF(B72="",SUM($J$13:$J71),SUM($J$13:$J71,$J72*(M71-A71)/(A72-A71)))) | L71: =IF(M71="","",IF(B72="",SUM($D$13:$D71,$R$12:$R71,$G$5:$G$10,$C$9,-$C$10),SUM($D$13:$D71,$R$12:$R71,$G$5:$G$10,$D72*(M71-A71)/(A72-A71),$C$9,-$C$10))) | M71: =IF(N71=N72,"",IF(A72="",A71,DATE(YEAR(A71),MONTH($J$12),DAY($J$12)))) | N71: =IF(A71="","",YEAR(A71)) | O71: =IF(B71="","",IF($M$4=1,ROUND(-PMT((E$6+0.001)/E$7,(E$5*E$7-B70),F70,-C$8,0)-C71,2),0)) | P71: =IF(B71="","",IF($N$4=1,ROUND(F70*0.001*DAYS360(A70,A71,1)/360/C71,6),0)) | R71: =IF($H$1="人民币电汇",0,IF(OR($H$1="原币划转",$H$1="美元结汇"),产品成本表!G84,-产品成本表!E84))+正常测算!R71 -> 0 | S71: =A71 | T71: =G71 | U71: =IF(J71="","",J71*IF($E$5<=0.5,产品成本表!$E$3,IF($E$5<=1,产品成本表!$E$4,IF($E$5<=3,产品成本表!$E$5,IF($E$5<=5,产品成本表!$E$6,产品成本表!$E$7)))))
A72: =IF(B72<=($E$5*$E$7),IF(DATE(YEAR(A71),MONTH(A71)+12/$E$7+1,DAY(1))-1<DATE(YEAR(A71),MONTH(A71)+12/$E$7,DAY($A$12)),DATE(YEAR(A71),MONTH(A71)+12/$E$7+1,DAY(1))-1,DATE(YEAR(A71),MONTH(A71)+12/$E$7,DAY($A$12))),"") | B72: =IF($E$5*$E$7<60,"",60) | C72: =正常测算!C72 | D72: =正常测算!D72 | E72: =IF(B72="","",IF($K$2=1,ROUND(E71,2),ROUND(C72-D72,2))) | F72: =IF(B72="","",F71-E72) | G72: =IF(C72="","",IF(SUM(C73:C$134)=0,C72-C$7+C$8+G$10+H72+R72,C72+H72+R72)) | H72: =正常测算!H72 -> 0 | I72: =IF(A73="","",I71-E72-H72) | J72: =IF(I71="","",I71*(A72-A71)/365) | K72: =IF(M72="","",IF(B73="",SUM($J$13:$J72),SUM($J$13:$J72,$J73*(M72-A72)/(A73-A72)))) | L72: =IF(M72="","",IF(B73="",SUM($D$13:$D72,$R$12:$R72,$G$5:$G$10,$C$9,-$C$10),SUM($D$13:$D72,$R$12:$R72,$G$5:$G$10,$D73*(M72-A72)/(A73-A72),$C$9,-$C$10))) | M72: =IF(N72=N73,"",IF(A73="",A72,DATE(YEAR(A72),MONTH($J$12),DAY($J$12)))) | N72: =IF(A72="","",YEAR(A72)) | O72: =IF(B72="","",IF($M$4=1,ROUND(-PMT((E$6+0.001)/E$7,(E$5*E$7-B71),F71,-C$8,0)-C72,2),0)) | P72: =IF(B72="","",IF($N$4=1,ROUND(F71*0.001*DAYS360(A71,A72,1)/360/C72,6),0)) | R72: =IF($H$1="人民币电汇",0,IF(OR($H$1="原币划转",$H$1="美元结汇"),产品成本表!G85,-产品成本表!E85))+正常测算!R72 -> 0 | S72: =A72 | T72: =G72 | U72: =IF(J72="","",J72*IF($E$5<=0.5,产品成本表!$E$3,IF($E$5<=1,产品成本表!$E$4,IF($E$5<=3,产品成本表!$E$5,IF($E$5<=5,产品成本表!$E$6,产品成本表!$E$7)))))
A73: =IF(B73<=($E$5*$E$7),IF(DATE(YEAR(A72),MONTH(A72)+12/$E$7+1,DAY(1))-1<DATE(YEAR(A72),MONTH(A72)+12/$E$7,DAY($A$12)),DATE(YEAR(A72),MONTH(A72)+12/$E$7+1,DAY(1))-1,DATE(YEAR(A72),MONTH(A72)+12/$E$7,DAY($A$12))),"") | B73: =IF($E$5*$E$7<61,"",61) | C73: =正常测算!C73 | D73: =正常测算!D73 | E73: =IF(B73="","",IF($K$2=1,ROUND(E72,2),ROUND(C73-D73,2))) | F73: =IF(B73="","",F72-E73) | G73: =IF(C73="","",IF(SUM(C74:C$134)=0,C73-C$7+C$8+G$10+H73+R73,C73+H73+R73)) | H73: =正常测算!H73 -> 0 | I73: =IF(A74="","",I72-E73-H73) | J73: =IF(I72="","",I72*(A73-A72)/365) | K73: =IF(M73="","",IF(B74="",SUM($J$13:$J73),SUM($J$13:$J73,$J74*(M73-A73)/(A74-A73)))) | L73: =IF(M73="","",IF(B74="",SUM($D$13:$D73,$R$12:$R73,$G$5:$G$10,$C$9,-$C$10),SUM($D$13:$D73,$R$12:$R73,$G$5:$G$10,$D74*(M73-A73)/(A74-A73),$C$9,-$C$10))) | M73: =IF(N73=N74,"",IF(A74="",A73,DATE(YEAR(A73),MONTH($J$12),DAY($J$12)))) | N73: =IF(A73="","",YEAR(A73)) | O73: =IF(B73="","",IF($M$4=1,ROUND(-PMT((E$6+0.001)/E$7,(E$5*E$7-B72),F72,-C$8,0)-C73,2),0)) | P73: =IF(B73="","",IF($N$4=1,ROUND(F72*0.001*DAYS360(A72,A73,1)/360/C73,6),0)) | R73: =IF($H$1="人民币电汇",0,IF(OR($H$1="原币划转",$H$1="美元结汇"),产品成本表!G86,-产品成本表!E86))+正常测算!R73 -> 0 | S73: =A73 | T73: =G73 | U73: =IF(J73="","",J73*IF($E$5<=0.5,产品成本表!$E$3,IF($E$5<=1,产品成本表!$E$4,IF($E$5<=3,产品成本表!$E$5,IF($E$5<=5,产品成本表!$E$6,产品成本表!$E$7)))))
A74: =IF(B74<=($E$5*$E$7),IF(DATE(YEAR(A73),MONTH(A73)+12/$E$7+1,DAY(1))-1<DATE(YEAR(A73),MONTH(A73)+12/$E$7,DAY($A$12)),DATE(YEAR(A73),MONTH(A73)+12/$E$7+1,DAY(1))-1,DATE(YEAR(A73),MONTH(A73)+12/$E$7,DAY($A$12))),"") | B74: =IF($E$5*$E$7<62,"",62) | C74: =正常测算!C74 | D74: =正常测算!D74 | E74: =IF(B74="","",IF($K$2=1,ROUND(E73,2),ROUND(C74-D74,2))) | F74: =IF(B74="","",F73-E74) | G74: =IF(C74="","",IF(SUM(C75:C$134)=0,C74-C$7+C$8+G$10+H74+R74,C74+H74+R74)) | H74: =正常测算!H74 -> 0 | I74: =IF(A75="","",I73-E74-H74) | J74: =IF(I73="","",I73*(A74-A73)/365) | K74: =IF(M74="","",IF(B75="",SUM($J$13:$J74),SUM($J$13:$J74,$J75*(M74-A74)/(A75-A74)))) | L74: =IF(M74="","",IF(B75="",SUM($D$13:$D74,$R$12:$R74,$G$5:$G$10,$C$9,-$C$10),SUM($D$13:$D74,$R$12:$R74,$G$5:$G$10,$D75*(M74-A74)/(A75-A74),$C$9,-$C$10))) | M74: =IF(N74=N75,"",IF(A75="",A74,DATE(YEAR(A74),MONTH($J$12),DAY($J$12)))) | N74: =IF(A74="","",YEAR(A74)) | O74: =IF(B74="","",IF($M$4=1,ROUND(-PMT((E$6+0.001)/E$7,(E$5*E$7-B73),F73,-C$8,0)-C74,2),0)) | P74: =IF(B74="","",IF($N$4=1,ROUND(F73*0.001*DAYS360(A73,A74,1)/360/C74,6),0)) | R74: =IF($H$1="人民币电汇",0,IF(OR($H$1="原币划转",$H$1="美元结汇"),产品成本表!G87,-产品成本表!E87))+正常测算!R74 -> 0 | S74: =A74 | T74: =G74 | U74: =IF(J74="","",J74*IF($E$5<=0.5,产品成本表!$E$3,IF($E$5<=1,产品成本表!$E$4,IF($E$5<=3,产品成本表!$E$5,IF($E$5<=5,产品成本表!$E$6,产品成本表!$E$7)))))
A75: =IF(B75<=($E$5*$E$7),IF(DATE(YEAR(A74),MONTH(A74)+12/$E$7+1,DAY(1))-1<DATE(YEAR(A74),MONTH(A74)+12/$E$7,DAY($A$12)),DATE(YEAR(A74),MONTH(A74)+12/$E$7+1,DAY(1))-1,DATE(YEAR(A74),MONTH(A74)+12/$E$7,DAY($A$12))),"") | B75: =IF($E$5*$E$7<63,"",63) | C75: =正常测算!C75 | D75: =正常测算!D75 | E75: =IF(B75="","",IF($K$2=1,ROUND(E74,2),ROUND(C75-D75,2))) | F75: =IF(B75="","",F74-E75) | G75: =IF(C75="","",IF(SUM(C76:C$134)=0,C75-C$7+C$8+G$10+H75+R75,C75+H75+R75)) | H75: =正常测算!H75 -> 0 | I75: =IF(A76="","",I74-E75-H75) | J75: =IF(I74="","",I74*(A75-A74)/365) | K75: =IF(M75="","",IF(B76="",SUM($J$13:$J75),SUM($J$13:$J75,$J76*(M75-A75)/(A76-A75)))) | L75: =IF(M75="","",IF(B76="",SUM($D$13:$D75,$R$12:$R75,$G$5:$G$10,$C$9,-$C$10),SUM($D$13:$D75,$R$12:$R75,$G$5:$G$10,$D76*(M75-A75)/(A76-A75),$C$9,-$C$10))) | M75: =IF(N75=N76,"",IF(A76="",A75,DATE(YEAR(A75),MONTH($J$12),DAY($J$12)))) | N75: =IF(A75="","",YEAR(A75)) | O75: =IF(B75="","",IF($M$4=1,ROUND(-PMT((E$6+0.001)/E$7,(E$5*E$7-B74),F74,-C$8,0)-C75,2),0)) | P75: =IF(B75="","",IF($N$4=1,ROUND(F74*0.001*DAYS360(A74,A75,1)/360/C75,6),0)) | R75: =IF($H$1="人民币电汇",0,IF(OR($H$1="原币划转",$H$1="美元结汇"),产品成本表!G88,-产品成本表!E88))+正常测算!R75 -> 0 | S75: =A75 | T75: =G75 | U75: =IF(J75="","",J75*IF($E$5<=0.5,产品成本表!$E$3,IF($E$5<=1,产品成本表!$E$4,IF($E$5<=3,产品成本表!$E$5,IF($E$5<=5,产品成本表!$E$6,产品成本表!$E$7)))))
A76: =IF(B76<=($E$5*$E$7),IF(DATE(YEAR(A75),MONTH(A75)+12/$E$7+1,DAY(1))-1<DATE(YEAR(A75),MONTH(A75)+12/$E$7,DAY($A$12)),DATE(YEAR(A75),MONTH(A75)+12/$E$7+1,DAY(1))-1,DATE(YEAR(A75),MONTH(A75)+12/$E$7,DAY($A$12))),"") | B76: =IF($E$5*$E$7<64,"",64) | C76: =正常测算!C76 | D76: =正常测算!D76 | E76: =IF(B76="","",IF($K$2=1,ROUND(E75,2),ROUND(C76-D76,2))) | F76: =IF(B76="","",F75-E76) | G76: =IF(C76="","",IF(SUM(C77:C$134)=0,C76-C$7+C$8+G$10+H76+R76,C76+H76+R76)) | H76: =正常测算!H76 -> 0 | I76: =IF(A77="","",I75-E76-H76) | J76: =IF(I75="","",I75*(A76-A75)/365) | K76: =IF(M76="","",IF(B77="",SUM($J$13:$J76),SUM($J$13:$J76,$J77*(M76-A76)/(A77-A76)))) | L76: =IF(M76="","",IF(B77="",SUM($D$13:$D76,$R$12:$R76,$G$5:$G$10,$C$9,-$C$10),SUM($D$13:$D76,$R$12:$R76,$G$5:$G$10,$D77*(M76-A76)/(A77-A76),$C$9,-$C$10))) | M76: =IF(N76=N77,"",IF(A77="",A76,DATE(YEAR(A76),MONTH($J$12),DAY($J$12)))) | N76: =IF(A76="","",YEAR(A76)) | O76: =IF(B76="","",IF($M$4=1,ROUND(-PMT((E$6+0.001)/E$7,(E$5*E$7-B75),F75,-C$8,0)-C76,2),0)) | P76: =IF(B76="","",IF($N$4=1,ROUND(F75*0.001*DAYS360(A75,A76,1)/360/C76,6),0)) | R76: =IF($H$1="人民币电汇",0,IF(OR($H$1="原币划转",$H$1="美元结汇"),产品成本表!G89,-产品成本表!E89))+正常测算!R76 -> 0 | S76: =A76 | T76: =G76 | U76: =IF(J76="","",J76*IF($E$5<=0.5,产品成本表!$E$3,IF($E$5<=1,产品成本表!$E$4,IF($E$5<=3,产品成本表!$E$5,IF($E$5<=5,产品成本表!$E$6,产品成本表!$E$7)))))
